Workbook

Sheet Calcul prix
A1: Calcul marge total
D2: Freight cost | E2: Freight cost
A3: Référence | B3: Weigt (kg) | C3: MSRP | D3: DPD | E3: LA POSTE
A4: 40405 | B4: 2.81 | C4: 69.99 | D4: =_xlfn.IFS(AND($B4>=0,$B4<='Tarif DPD'!$G$17),'Tarif DPD'!$H$17,AND($B4>='Tarif DPD'!$G$17,$B4<='Tarif DPD'!$G$18),'Tarif DPD'!$H$18,AND($B4>='Tarif DPD'!$G$18,$B4<='Tarif DPD'!$G$19),'Tarif DPD'!$H$19,AND($B4>='Tarif DPD'!$G$19,$B4<='Tarif DPD'!$G$20),'Tarif DPD'!$H$20,AND($B4>='Tarif DPD'!$G$20,$B4<='Tarif DPD'!$G$21),'Tarif DPD'!$H$21,AND($B4>='Tarif DPD'!$G$21,$B4<='Tarif DPD'!$G$22),'Tarif DPD'!$H$22,AND($B4>='Tarif DPD'!$G$22,$B4<='Tarif DPD'!$G$23),'Tarif DPD'!$H$23,AND($B4>='Tarif DPD'!$G$23,$B4<='Tarif DPD'!$G$24),'Tarif DPD'!$H$24,AND($B4>='Tarif DPD'!$G$24,$B4<='Tarif DPD'!$G$25),'Tarif DPD'!$H$25,AND($B4>='Tarif DPD'!$G$25,$B4<='Tarif DPD'!$G$26),'Tarif DPD'!$H$26,AND($B4>='Tarif DPD'!$G$26,$B4<='Tarif DPD'!$G$27),'Tarif DPD'!$H$27,AND($B4>='Tarif DPD'!$G$27,$B4<='Tarif DPD'!$G$28),'Tarif DPD'!$H$28,AND($B4>='Tarif DPD'!$G$28,$B4<='Tarif DPD'!$G$29),'Tarif DPD'!$H$29,AND($B4>='Tarif DPD'!$G$29,$B4<='Tarif DPD'!$G$30),'Tarif DPD'!$H$30,AND($B4>='Tarif DPD'!$G$30,$B4<='Tarif DPD'!$G$31),'Tarif DPD'!$H$31,AND($B4>='Tarif DPD'!$G$31,$B4<='Tarif DPD'!$G$32),'Tarif DPD'!$H$32,AND($B4>='Tarif DPD'!$G$32,$B4<='Tarif DPD'!$G$33),'Tarif DPD'!$H$33,AND($B4>='Tarif DPD'!$G$33,$B4<='Tarif DPD'!$G$34),'Tarif DPD'!$H$34,AND($B4>='Tarif DPD'!$G$34,$B4<='Tarif DPD'!$G$35),'Tarif DPD'!$H$35,AND($B4>='Tarif DPD'!$G$35,$B4<='Tarif DPD'!$G$36),'Tarif DPD'!$H$36,AND($B4>='Tarif DPD'!$G$36,$B4<='Tarif DPD'!$G$37),'Tarif DPD'!$H$37,AND($B4>='Tarif DPD'!$G$37,$B4<='Tarif DPD'!$G$38),'Tarif DPD'!$H$38,AND($B4>='Tarif DPD'!$G$38,$B4<='Tarif DPD'!$G$39),'Tarif DPD'!$H$39,AND($B4>='Tarif DPD'!$G$39,$B4<='Tarif DPD'!$G$40),'Tarif DPD'!$H$40,AND($B4>='Tarif DPD'!$G$40,$B4<='Tarif DPD'!$G$41),'Tarif DPD'!$H$41,AND($B4>='Tarif DPD'!$G$41,$B4<='Tarif DPD'!$G$42),'Tarif DPD'!$H$42,AND($B4>='Tarif DPD'!$G$42,$B4<='Tarif DPD'!$G$43),'Tarif DPD'!$H$43,AND($B4>='Tarif DPD'!$G$43,$B4<='Tarif DPD'!$G$44),'Tarif DPD'!$H$44,AND($B4>='Tarif DPD'!$G$44,$B4<='Tarif DPD'!$G$45),'Tarif DPD'!$H$45,AND($B4>='Tarif DPD'!$G$45,$B4<='Tarif DPD'!$G$46),'Tarif DPD'!$H$46,$B4>'Tarif DPD'!$G$46,"sur devis") -> #NAME? | E4: =_xlfn.IFS(AND($B4>=0,$B4<='Tarif Colissimo2'!$A$5),'Tarif Colissimo2'!$B$5,AND($B4>='Tarif Colissimo2'!$A$5,$B4<='Tarif Colissimo2'!$A$6),'Tarif Colissimo2'!$B$6,AND($B4>='Tarif Colissimo2'!$A$6,$B4<='Tarif Colissimo2'!$A$7),'Tarif Colissimo2'!$B$7,AND($B4>='Tarif Colissimo2'!$A$7,$B4<='Tarif Colissimo2'!$A$8),'Tarif Colissimo2'!$B$8,AND($B4>='Tarif Colissimo2'!$A$8,$B4<='Tarif Colissimo2'!$A$9),'Tarif Colissimo2'!$B$9,AND($B4>='Tarif Colissimo2'!$A$9,$B4<='Tarif Colissimo2'!$A$10),'Tarif Colissimo2'!$B$10,AND($B4>='Tarif Colissimo2'!$A$10,$B4<='Tarif Colissimo2'!$A$11),'Tarif Colissimo2'!$B$11,AND($B4>='Tarif Colissimo2'!$A$11,$B4<='Tarif Colissimo2'!$A$12),'Tarif Colissimo2'!$B$12,$B4>'Tarif Colissimo2'!A11,"Sur devis") -> #NAME?
A5: 45395 | B5: 0.2 | C5: 7.99 | D5: =_xlfn.IFS(AND($B5>=0,$B5<='Tarif DPD'!$G$17),'Tarif DPD'!$H$17,AND($B5>='Tarif DPD'!$G$17,$B5<='Tarif DPD'!$G$18),'Tarif DPD'!$H$18,AND($B5>='Tarif DPD'!$G$18,$B5<='Tarif DPD'!$G$19),'Tarif DPD'!$H$19,AND($B5>='Tarif DPD'!$G$19,$B5<='Tarif DPD'!$G$20),'Tarif DPD'!$H$20,AND($B5>='Tarif DPD'!$G$20,$B5<='Tarif DPD'!$G$21),'Tarif DPD'!$H$21,AND($B5>='Tarif DPD'!$G$21,$B5<='Tarif DPD'!$G$22),'Tarif DPD'!$H$22,AND($B5>='Tarif DPD'!$G$22,$B5<='Tarif DPD'!$G$23),'Tarif DPD'!$H$23,AND($B5>='Tarif DPD'!$G$23,$B5<='Tarif DPD'!$G$24),'Tarif DPD'!$H$24,AND($B5>='Tarif DPD'!$G$24,$B5<='Tarif DPD'!$G$25),'Tarif DPD'!$H$25,AND($B5>='Tarif DPD'!$G$25,$B5<='Tarif DPD'!$G$26),'Tarif DPD'!$H$26,AND($B5>='Tarif DPD'!$G$26,$B5<='Tarif DPD'!$G$27),'Tarif DPD'!$H$27,AND($B5>='Tarif DPD'!$G$27,$B5<='Tarif DPD'!$G$28),'Tarif DPD'!$H$28,AND($B5>='Tarif DPD'!$G$28,$B5<='Tarif DPD'!$G$29),'Tarif DPD'!$H$29,AND($B5>='Tarif DPD'!$G$29,$B5<='Tarif DPD'!$G$30),'Tarif DPD'!$H$30,AND($B5>='Tarif DPD'!$G$30,$B5<='Tarif DPD'!$G$31),'Tarif DPD'!$H$31,AND($B5>='Tarif DPD'!$G$31,$B5<='Tarif DPD'!$G$32),'Tarif DPD'!$H$32,AND($B5>='Tarif DPD'!$G$32,$B5<='Tarif DPD'!$G$33),'Tarif DPD'!$H$33,AND($B5>='Tarif DPD'!$G$33,$B5<='Tarif DPD'!$G$34),'Tarif DPD'!$H$34,AND($B5>='Tarif DPD'!$G$34,$B5<='Tarif DPD'!$G$35),'Tarif DPD'!$H$35,AND($B5>='Tarif DPD'!$G$35,$B5<='Tarif DPD'!$G$36),'Tarif DPD'!$H$36,AND($B5>='Tarif DPD'!$G$36,$B5<='Tarif DPD'!$G$37),'Tarif DPD'!$H$37,AND($B5>='Tarif DPD'!$G$37,$B5<='Tarif DPD'!$G$38),'Tarif DPD'!$H$38,AND($B5>='Tarif DPD'!$G$38,$B5<='Tarif DPD'!$G$39),'Tarif DPD'!$H$39,AND($B5>='Tarif DPD'!$G$39,$B5<='Tarif DPD'!$G$40),'Tarif DPD'!$H$40,AND($B5>='Tarif DPD'!$G$40,$B5<='Tarif DPD'!$G$41),'Tarif DPD'!$H$41,AND($B5>='Tarif DPD'!$G$41,$B5<='Tarif DPD'!$G$42),'Tarif DPD'!$H$42,AND($B5>='Tarif DPD'!$G$42,$B5<='Tarif DPD'!$G$43),'Tarif DPD'!$H$43,AND($B5>='Tarif DPD'!$G$43,$B5<='Tarif DPD'!$G$44),'Tarif DPD'!$H$44,AND($B5>='Tarif DPD'!$G$44,$B5<='Tarif DPD'!$G$45),'Tarif DPD'!$H$45,AND($B5>='Tarif DPD'!$G$45,$B5<='Tarif DPD'!$G$46),'Tarif DPD'!$H$46,$B5>'Tarif DPD'!$G$46,"sur devis") -> #NAME? | E5: =_xlfn.IFS(AND(B5>=0,B5<='Tarif Colissimo2'!$A$5),'Tarif Colissimo2'!$B$5,AND(B5>='Tarif Colissimo2'!$A$5,B5<='Tarif Colissimo2'!$A$6),'Tarif Colissimo2'!$B$6,AND(B5>='Tarif Colissimo2'!$A$6,B5<='Tarif Colissimo2'!$A$7),'Tarif Colissimo2'!$B$7,AND(B5>='Tarif Colissimo2'!$A$7,B5<='Tarif Colissimo2'!$A$8),'Tarif Colissimo2'!$B$8,AND(B5>='Tarif Colissimo2'!$A$8,B5<='Tarif Colissimo2'!$A$9),'Tarif Colissimo2'!$B$9,AND(B5>='Tarif Colissimo2'!$A$9,B5<='Tarif Colissimo2'!$A$10),'Tarif Colissimo2'!$B$10,AND(B5>='Tarif Colissimo2'!$A$10,B5<='Tarif Colissimo2'!$A$11),'Tarif Colissimo2'!$B$11,AND(B5>='Tarif Colissimo2'!$A$11,B5<='Tarif Colissimo2'!$A$12),'Tarif Colissimo2'!$B$12,B5>'Tarif Colissimo2'!A12,"Sur devis") -> #NAME?
A6: 45415 | B6: 0.73 | C6: 24.99 | D6: =_xlfn.IFS(AND($B6>=0,$B6<='Tarif DPD'!$G$17),'Tarif DPD'!$H$17,AND($B6>='Tarif DPD'!$G$17,$B6<='Tarif DPD'!$G$18),'Tarif DPD'!$H$18,AND($B6>='Tarif DPD'!$G$18,$B6<='Tarif DPD'!$G$19),'Tarif DPD'!$H$19,AND($B6>='Tarif DPD'!$G$19,$B6<='Tarif DPD'!$G$20),'Tarif DPD'!$H$20,AND($B6>='Tarif DPD'!$G$20,$B6<='Tarif DPD'!$G$21),'Tarif DPD'!$H$21,AND($B6>='Tarif DPD'!$G$21,$B6<='Tarif DPD'!$G$22),'Tarif DPD'!$H$22,AND($B6>='Tarif DPD'!$G$22,$B6<='Tarif DPD'!$G$23),'Tarif DPD'!$H$23,AND($B6>='Tarif DPD'!$G$23,$B6<='Tarif DPD'!$G$24),'Tarif DPD'!$H$24,AND($B6>='Tarif DPD'!$G$24,$B6<='Tarif DPD'!$G$25),'Tarif DPD'!$H$25,AND($B6>='Tarif DPD'!$G$25,$B6<='Tarif DPD'!$G$26),'Tarif DPD'!$H$26,AND($B6>='Tarif DPD'!$G$26,$B6<='Tarif DPD'!$G$27),'Tarif DPD'!$H$27,AND($B6>='Tarif DPD'!$G$27,$B6<='Tarif DPD'!$G$28),'Tarif DPD'!$H$28,AND($B6>='Tarif DPD'!$G$28,$B6<='Tarif DPD'!$G$29),'Tarif DPD'!$H$29,AND($B6>='Tarif DPD'!$G$29,$B6<='Tarif DPD'!$G$30),'Tarif DPD'!$H$30,AND($B6>='Tarif DPD'!$G$30,$B6<='Tarif DPD'!$G$31),'Tarif DPD'!$H$31,AND($B6>='Tarif DPD'!$G$31,$B6<='Tarif DPD'!$G$32),'Tarif DPD'!$H$32,AND($B6>='Tarif DPD'!$G$32,$B6<='Tarif DPD'!$G$33),'Tarif DPD'!$H$33,AND($B6>='Tarif DPD'!$G$33,$B6<='Tarif DPD'!$G$34),'Tarif DPD'!$H$34,AND($B6>='Tarif DPD'!$G$34,$B6<='Tarif DPD'!$G$35),'Tarif DPD'!$H$35,AND($B6>='Tarif DPD'!$G$35,$B6<='Tarif DPD'!$G$36),'Tarif DPD'!$H$36,AND($B6>='Tarif DPD'!$G$36,$B6<='Tarif DPD'!$G$37),'Tarif DPD'!$H$37,AND($B6>='Tarif DPD'!$G$37,$B6<='Tarif DPD'!$G$38),'Tarif DPD'!$H$38,AND($B6>='Tarif DPD'!$G$38,$B6<='Tarif DPD'!$G$39),'Tarif DPD'!$H$39,AND($B6>='Tarif DPD'!$G$39,$B6<='Tarif DPD'!$G$40),'Tarif DPD'!$H$40,AND($B6>='Tarif DPD'!$G$40,$B6<='Tarif DPD'!$G$41),'Tarif DPD'!$H$41,AND($B6>='Tarif DPD'!$G$41,$B6<='Tarif DPD'!$G$42),'Tarif DPD'!$H$42,AND($B6>='Tarif DPD'!$G$42,$B6<='Tarif DPD'!$G$43),'Tarif DPD'!$H$43,AND($B6>='Tarif DPD'!$G$43,$B6<='Tarif DPD'!$G$44),'Tarif DPD'!$H$44,AND($B6>='Tarif DPD'!$G$44,$B6<='Tarif DPD'!$G$45),'Tarif DPD'!$H$45,AND($B6>='Tarif DPD'!$G$45,$B6<='Tarif DPD'!$G$46),'Tarif DPD'!$H$46,$B6>'Tarif DPD'!$G$46,"sur devis") -> #NAME? | E6: =_xlfn.IFS(AND(B6>=0,B6<='Tarif Colissimo2'!$A$5),'Tarif Colissimo2'!$B$5,AND(B6>='Tarif Colissimo2'!$A$5,B6<='Tarif Colissimo2'!$A$6),'Tarif Colissimo2'!$B$6,AND(B6>='Tarif Colissimo2'!$A$6,B6<='Tarif Colissimo2'!$A$7),'Tarif Colissimo2'!$B$7,AND(B6>='Tarif Colissimo2'!$A$7,B6<='Tarif Colissimo2'!$A$8),'Tarif Colissimo2'!$B$8,AND(B6>='Tarif Colissimo2'!$A$8,B6<='Tarif Colissimo2'!$A$9),'Tarif Colissimo2'!$B$9,AND(B6>='Tarif Colissimo2'!$A$9,B6<='Tarif Colissimo2'!$A$10),'Tarif Colissimo2'!$B$10,AND(B6>='Tarif Colissimo2'!$A$10,B6<='Tarif Colissimo2'!$A$11),'Tarif Colissimo2'!$B$11,AND(B6>='Tarif Colissimo2'!$A$11,B6<='Tarif Colissimo2'!$A$12),'Tarif Colissimo2'!$B$12,B6>'Tarif Colissimo2'!A13,"Sur devis") -> #NAME?
A7: 48985 | B7: 0.91 | C7: 29.99 | D7: =_xlfn.IFS(AND($B7>=0,$B7<='Tarif DPD'!$G$17),'Tarif DPD'!$H$17,AND($B7>='Tarif DPD'!$G$17,$B7<='Tarif DPD'!$G$18),'Tarif DPD'!$H$18,AND($B7>='Tarif DPD'!$G$18,$B7<='Tarif DPD'!$G$19),'Tarif DPD'!$H$19,AND($B7>='Tarif DPD'!$G$19,$B7<='Tarif DPD'!$G$20),'Tarif DPD'!$H$20,AND($B7>='Tarif DPD'!$G$20,$B7<='Tarif DPD'!$G$21),'Tarif DPD'!$H$21,AND($B7>='Tarif DPD'!$G$21,$B7<='Tarif DPD'!$G$22),'Tarif DPD'!$H$22,AND($B7>='Tarif DPD'!$G$22,$B7<='Tarif DPD'!$G$23),'Tarif DPD'!$H$23,AND($B7>='Tarif DPD'!$G$23,$B7<='Tarif DPD'!$G$24),'Tarif DPD'!$H$24,AND($B7>='Tarif DPD'!$G$24,$B7<='Tarif DPD'!$G$25),'Tarif DPD'!$H$25,AND($B7>='Tarif DPD'!$G$25,$B7<='Tarif DPD'!$G$26),'Tarif DPD'!$H$26,AND($B7>='Tarif DPD'!$G$26,$B7<='Tarif DPD'!$G$27),'Tarif DPD'!$H$27,AND($B7>='Tarif DPD'!$G$27,$B7<='Tarif DPD'!$G$28),'Tarif DPD'!$H$28,AND($B7>='Tarif DPD'!$G$28,$B7<='Tarif DPD'!$G$29),'Tarif DPD'!$H$29,AND($B7>='Tarif DPD'!$G$29,$B7<='Tarif DPD'!$G$30),'Tarif DPD'!$H$30,AND($B7>='Tarif DPD'!$G$30,$B7<='Tarif DPD'!$G$31),'Tarif DPD'!$H$31,AND($B7>='Tarif DPD'!$G$31,$B7<='Tarif DPD'!$G$32),'Tarif DPD'!$H$32,AND($B7>='Tarif DPD'!$G$32,$B7<='Tarif DPD'!$G$33),'Tarif DPD'!$H$33,AND($B7>='Tarif DPD'!$G$33,$B7<='Tarif DPD'!$G$34),'Tarif DPD'!$H$34,AND($B7>='Tarif DPD'!$G$34,$B7<='Tarif DPD'!$G$35),'Tarif DPD'!$H$35,AND($B7>='Tarif DPD'!$G$35,$B7<='Tarif DPD'!$G$36),'Tarif DPD'!$H$36,AND($B7>='Tarif DPD'!$G$36,$B7<='Tarif DPD'!$G$37),'Tarif DPD'!$H$37,AND($B7>='Tarif DPD'!$G$37,$B7<='Tarif DPD'!$G$38),'Tarif DPD'!$H$38,AND($B7>='Tarif DPD'!$G$38,$B7<='Tarif DPD'!$G$39),'Tarif DPD'!$H$39,AND($B7>='Tarif DPD'!$G$39,$B7<='Tarif DPD'!$G$40),'Tarif DPD'!$H$40,AND($B7>='Tarif DPD'!$G$40,$B7<='Tarif DPD'!$G$41),'Tarif DPD'!$H$41,AND($B7>='Tarif DPD'!$G$41,$B7<='Tarif DPD'!$G$42),'Tarif DPD'!$H$42,AND($B7>='Tarif DPD'!$G$42,$B7<='Tarif DPD'!$G$43),'Tarif DPD'!$H$43,AND($B7>='Tarif DPD'!$G$43,$B7<='Tarif DPD'!$G$44),'Tarif DPD'!$H$44,AND($B7>='Tarif DPD'!$G$44,$B7<='Tarif DPD'!$G$45),'Tarif DPD'!$H$45,AND($B7>='Tarif DPD'!$G$45,$B7<='Tarif DPD'!$G$46),'Tarif DPD'!$H$46,$B7>'Tarif DPD'!$G$46,"sur devis") -> #NAME? | E7: =_xlfn.IFS(AND(B7>=0,B7<='Tarif Colissimo2'!$A$5),'Tarif Colissimo2'!$B$5,AND(B7>='Tarif Colissimo2'!$A$5,B7<='Tarif Colissimo2'!$A$6),'Tarif Colissimo2'!$B$6,AND(B7>='Tarif Colissimo2'!$A$6,B7<='Tarif Colissimo2'!$A$7),'Tarif Colissimo2'!$B$7,AND(B7>='Tarif Colissimo2'!$A$7,B7<='Tarif Colissimo2'!$A$8),'Tarif Colissimo2'!$B$8,AND(B7>='Tarif Colissimo2'!$A$8,B7<='Tarif Colissimo2'!$A$9),'Tarif Colissimo2'!$B$9,AND(B7>='Tarif Colissimo2'!$A$9,B7<='Tarif Colissimo2'!$A$10),'Tarif Colissimo2'!$B$10,AND(B7>='Tarif Colissimo2'!$A$10,B7<='Tarif Colissimo2'!$A$11),'Tarif Colissimo2'!$B$11,AND(B7>='Tarif Colissimo2'!$A$11,B7<='Tarif Colissimo2'!$A$12),'Tarif Colissimo2'!$B$12,B7>'Tarif Colissimo2'!A14,"Sur devis") -> #NAME?
A8: 50135 | B8: 1.96 | C8: 39.99 | D8: =_xlfn.IFS(AND($B8>=0,$B8<='Tarif DPD'!$G$17),'Tarif DPD'!$H$17,AND($B8>='Tarif DPD'!$G$17,$B8<='Tarif DPD'!$G$18),'Tarif DPD'!$H$18,AND($B8>='Tarif DPD'!$G$18,$B8<='Tarif DPD'!$G$19),'Tarif DPD'!$H$19,AND($B8>='Tarif DPD'!$G$19,$B8<='Tarif DPD'!$G$20),'Tarif DPD'!$H$20,AND($B8>='Tarif DPD'!$G$20,$B8<='Tarif DPD'!$G$21),'Tarif DPD'!$H$21,AND($B8>='Tarif DPD'!$G$21,$B8<='Tarif DPD'!$G$22),'Tarif DPD'!$H$22,AND($B8>='Tarif DPD'!$G$22,$B8<='Tarif DPD'!$G$23),'Tarif DPD'!$H$23,AND($B8>='Tarif DPD'!$G$23,$B8<='Tarif DPD'!$G$24),'Tarif DPD'!$H$24,AND($B8>='Tarif DPD'!$G$24,$B8<='Tarif DPD'!$G$25),'Tarif DPD'!$H$25,AND($B8>='Tarif DPD'!$G$25,$B8<='Tarif DPD'!$G$26),'Tarif DPD'!$H$26,AND($B8>='Tarif DPD'!$G$26,$B8<='Tarif DPD'!$G$27),'Tarif DPD'!$H$27,AND($B8>='Tarif DPD'!$G$27,$B8<='Tarif DPD'!$G$28),'Tarif DPD'!$H$28,AND($B8>='Tarif DPD'!$G$28,$B8<='Tarif DPD'!$G$29),'Tarif DPD'!$H$29,AND($B8>='Tarif DPD'!$G$29,$B8<='Tarif DPD'!$G$30),'Tarif DPD'!$H$30,AND($B8>='Tarif DPD'!$G$30,$B8<='Tarif DPD'!$G$31),'Tarif DPD'!$H$31,AND($B8>='Tarif DPD'!$G$31,$B8<='Tarif DPD'!$G$32),'Tarif DPD'!$H$32,AND($B8>='Tarif DPD'!$G$32,$B8<='Tarif DPD'!$G$33),'Tarif DPD'!$H$33,AND($B8>='Tarif DPD'!$G$33,$B8<='Tarif DPD'!$G$34),'Tarif DPD'!$H$34,AND($B8>='Tarif DPD'!$G$34,$B8<='Tarif DPD'!$G$35),'Tarif DPD'!$H$35,AND($B8>='Tarif DPD'!$G$35,$B8<='Tarif DPD'!$G$36),'Tarif DPD'!$H$36,AND($B8>='Tarif DPD'!$G$36,$B8<='Tarif DPD'!$G$37),'Tarif DPD'!$H$37,AND($B8>='Tarif DPD'!$G$37,$B8<='Tarif DPD'!$G$38),'Tarif DPD'!$H$38,AND($B8>='Tarif DPD'!$G$38,$B8<='Tarif DPD'!$G$39),'Tarif DPD'!$H$39,AND($B8>='Tarif DPD'!$G$39,$B8<='Tarif DPD'!$G$40),'Tarif DPD'!$H$40,AND($B8>='Tarif DPD'!$G$40,$B8<='Tarif DPD'!$G$41),'Tarif DPD'!$H$41,AND($B8>='Tarif DPD'!$G$41,$B8<='Tarif DPD'!$G$42),'Tarif DPD'!$H$42,AND($B8>='Tarif DPD'!$G$42,$B8<='Tarif DPD'!$G$43),'Tarif DPD'!$H$43,AND($B8>='Tarif DPD'!$G$43,$B8<='Tarif DPD'!$G$44),'Tarif DPD'!$H$44,AND($B8>='Tarif DPD'!$G$44,$B8<='Tarif DPD'!$G$45),'Tarif DPD'!$H$45,AND($B8>='Tarif DPD'!$G$45,$B8<='Tarif DPD'!$G$46),'Tarif DPD'!$H$46,$B8>'Tarif DPD'!$G$46,"sur devis") -> #NAME? | E8: =_xlfn.IFS(AND(B8>=0,B8<='Tarif Colissimo2'!$A$5),'Tarif Colissimo2'!$B$5,AND(B8>='Tarif Colissimo2'!$A$5,B8<='Tarif Colissimo2'!$A$6),'Tarif Colissimo2'!$B$6,AND(B8>='Tarif Colissimo2'!$A$6,B8<='Tarif Colissimo2'!$A$7),'Tarif Colissimo2'!$B$7,AND(B8>='Tarif Colissimo2'!$A$7,B8<='Tarif Colissimo2'!$A$8),'Tarif Colissimo2'!$B$8,AND(B8>='Tarif Colissimo2'!$A$8,B8<='Tarif Colissimo2'!$A$9),'Tarif Colissimo2'!$B$9,AND(B8>='Tarif Colissimo2'!$A$9,B8<='Tarif Colissimo2'!$A$10),'Tarif Colissimo2'!$B$10,AND(B8>='Tarif Colissimo2'!$A$10,B8<='Tarif Colissimo2'!$A$11),'Tarif Colissimo2'!$B$11,AND(B8>='Tarif Colissimo2'!$A$11,B8<='Tarif Colissimo2'!$A$12),'Tarif Colissimo2'!$B$12,B8>'Tarif Colissimo2'!A15,"Sur devis") -> #NAME?
A9: 50195 | B9: 1.53 | C9: 39.99 | D9: =_xlfn.IFS(AND($B9>=0,$B9<='Tarif DPD'!$G$17),'Tarif DPD'!$H$17,AND($B9>='Tarif DPD'!$G$17,$B9<='Tarif DPD'!$G$18),'Tarif DPD'!$H$18,AND($B9>='Tarif DPD'!$G$18,$B9<='Tarif DPD'!$G$19),'Tarif DPD'!$H$19,AND($B9>='Tarif DPD'!$G$19,$B9<='Tarif DPD'!$G$20),'Tarif DPD'!$H$20,AND($B9>='Tarif DPD'!$G$20,$B9<='Tarif DPD'!$G$21),'Tarif DPD'!$H$21,AND($B9>='Tarif DPD'!$G$21,$B9<='Tarif DPD'!$G$22),'Tarif DPD'!$H$22,AND($B9>='Tarif DPD'!$G$22,$B9<='Tarif DPD'!$G$23),'Tarif DPD'!$H$23,AND($B9>='Tarif DPD'!$G$23,$B9<='Tarif DPD'!$G$24),'Tarif DPD'!$H$24,AND($B9>='Tarif DPD'!$G$24,$B9<='Tarif DPD'!$G$25),'Tarif DPD'!$H$25,AND($B9>='Tarif DPD'!$G$25,$B9<='Tarif DPD'!$G$26),'Tarif DPD'!$H$26,AND($B9>='Tarif DPD'!$G$26,$B9<='Tarif DPD'!$G$27),'Tarif DPD'!$H$27,AND($B9>='Tarif DPD'!$G$27,$B9<='Tarif DPD'!$G$28),'Tarif DPD'!$H$28,AND($B9>='Tarif DPD'!$G$28,$B9<='Tarif DPD'!$G$29),'Tarif DPD'!$H$29,AND($B9>='Tarif DPD'!$G$29,$B9<='Tarif DPD'!$G$30),'Tarif DPD'!$H$30,AND($B9>='Tarif DPD'!$G$30,$B9<='Tarif DPD'!$G$31),'Tarif DPD'!$H$31,AND($B9>='Tarif DPD'!$G$31,$B9<='Tarif DPD'!$G$32),'Tarif DPD'!$H$32,AND($B9>='Tarif DPD'!$G$32,$B9<='Tarif DPD'!$G$33),'Tarif DPD'!$H$33,AND($B9>='Tarif DPD'!$G$33,$B9<='Tarif DPD'!$G$34),'Tarif DPD'!$H$34,AND($B9>='Tarif DPD'!$G$34,$B9<='Tarif DPD'!$G$35),'Tarif DPD'!$H$35,AND($B9>='Tarif DPD'!$G$35,$B9<='Tarif DPD'!$G$36),'Tarif DPD'!$H$36,AND($B9>='Tarif DPD'!$G$36,$B9<='Tarif DPD'!$G$37),'Tarif DPD'!$H$37,AND($B9>='Tarif DPD'!$G$37,$B9<='Tarif DPD'!$G$38),'Tarif DPD'!$H$38,AND($B9>='Tarif DPD'!$G$38,$B9<='Tarif DPD'!$G$39),'Tarif DPD'!$H$39,AND($B9>='Tarif DPD'!$G$39,$B9<='Tarif DPD'!$G$40),'Tarif DPD'!$H$40,AND($B9>='Tarif DPD'!$G$40,$B9<='Tarif DPD'!$G$41),'Tarif DPD'!$H$41,AND($B9>='Tarif DPD'!$G$41,$B9<='Tarif DPD'!$G$42),'Tarif DPD'!$H$42,AND($B9>='Tarif DPD'!$G$42,$B9<='Tarif DPD'!$G$43),'Tarif DPD'!$H$43,AND($B9>='Tarif DPD'!$G$43,$B9<='Tarif DPD'!$G$44),'Tarif DPD'!$H$44,AND($B9>='Tarif DPD'!$G$44,$B9<='Tarif DPD'!$G$45),'Tarif DPD'!$H$45,AND($B9>='Tarif DPD'!$G$45,$B9<='Tarif DPD'!$G$46),'Tarif DPD'!$H$46,$B9>'Tarif DPD'!$G$46,"sur devis") -> #NAME? | E9: =_xlfn.IFS(AND(B9>=0,B9<='Tarif Colissimo2'!$A$5),'Tarif Colissimo2'!$B$5,AND(B9>='Tarif Colissimo2'!$A$5,B9<='Tarif Colissimo2'!$A$6),'Tarif Colissimo2'!$B$6,AND(B9>='Tarif Colissimo2'!$A$6,B9<='Tarif Colissimo2'!$A$7),'Tarif Colissimo2'!$B$7,AND(B9>='Tarif Colissimo2'!$A$7,B9<='Tarif Colissimo2'!$A$8),'Tarif Colissimo2'!$B$8,AND(B9>='Tarif Colissimo2'!$A$8,B9<='Tarif Colissimo2'!$A$9),'Tarif Colissimo2'!$B$9,AND(B9>='Tarif Colissimo2'!$A$9,B9<='Tarif Colissimo2'!$A$10),'Tarif Colissimo2'!$B$10,AND(B9>='Tarif Colissimo2'!$A$10,B9<='Tarif Colissimo2'!$A$11),'Tarif Colissimo2'!$B$11,AND(B9>='Tarif Colissimo2'!$A$11,B9<='Tarif Colissimo2'!$A$12),'Tarif Colissimo2'!$B$12,B9>'Tarif Colissimo2'!A16,"Sur devis") -> #NAME?
A10: 50305 | B10: 1.51 | C10: 39.99 | D10: =_xlfn.IFS(AND($B10>=0,$B10<='Tarif DPD'!$G$17),'Tarif DPD'!$H$17,AND($B10>='Tarif DPD'!$G$17,$B10<='Tarif DPD'!$G$18),'Tarif DPD'!$H$18,AND($B10>='Tarif DPD'!$G$18,$B10<='Tarif DPD'!$G$19),'Tarif DPD'!$H$19,AND($B10>='Tarif DPD'!$G$19,$B10<='Tarif DPD'!$G$20),'Tarif DPD'!$H$20,AND($B10>='Tarif DPD'!$G$20,$B10<='Tarif DPD'!$G$21),'Tarif DPD'!$H$21,AND($B10>='Tarif DPD'!$G$21,$B10<='Tarif DPD'!$G$22),'Tarif DPD'!$H$22,AND($B10>='Tarif DPD'!$G$22,$B10<='Tarif DPD'!$G$23),'Tarif DPD'!$H$23,AND($B10>='Tarif DPD'!$G$23,$B10<='Tarif DPD'!$G$24),'Tarif DPD'!$H$24,AND($B10>='Tarif DPD'!$G$24,$B10<='Tarif DPD'!$G$25),'Tarif DPD'!$H$25,AND($B10>='Tarif DPD'!$G$25,$B10<='Tarif DPD'!$G$26),'Tarif DPD'!$H$26,AND($B10>='Tarif DPD'!$G$26,$B10<='Tarif DPD'!$G$27),'Tarif DPD'!$H$27,AND($B10>='Tarif DPD'!$G$27,$B10<='Tarif DPD'!$G$28),'Tarif DPD'!$H$28,AND($B10>='Tarif DPD'!$G$28,$B10<='Tarif DPD'!$G$29),'Tarif DPD'!$H$29,AND($B10>='Tarif DPD'!$G$29,$B10<='Tarif DPD'!$G$30),'Tarif DPD'!$H$30,AND($B10>='Tarif DPD'!$G$30,$B10<='Tarif DPD'!$G$31),'Tarif DPD'!$H$31,AND($B10>='Tarif DPD'!$G$31,$B10<='Tarif DPD'!$G$32),'Tarif DPD'!$H$32,AND($B10>='Tarif DPD'!$G$32,$B10<='Tarif DPD'!$G$33),'Tarif DPD'!$H$33,AND($B10>='Tarif DPD'!$G$33,$B10<='Tarif DPD'!$G$34),'Tarif DPD'!$H$34,AND($B10>='Tarif DPD'!$G$34,$B10<='Tarif DPD'!$G$35),'Tarif DPD'!$H$35,AND($B10>='Tarif DPD'!$G$35,$B10<='Tarif DPD'!$G$36),'Tarif DPD'!$H$36,AND($B10>='Tarif DPD'!$G$36,$B10<='Tarif DPD'!$G$37),'Tarif DPD'!$H$37,AND($B10>='Tarif DPD'!$G$37,$B10<='Tarif DPD'!$G$38),'Tarif DPD'!$H$38,AND($B10>='Tarif DPD'!$G$38,$B10<='Tarif DPD'!$G$39),'Tarif DPD'!$H$39,AND($B10>='Tarif DPD'!$G$39,$B10<='Tarif DPD'!$G$40),'Tarif DPD'!$H$40,AND($B10>='Tarif DPD'!$G$40,$B10<='Tarif DPD'!$G$41),'Tarif DPD'!$H$41,AND($B10>='Tarif DPD'!$G$41,$B10<='Tarif DPD'!$G$42),'Tarif DPD'!$H$42,AND($B10>='Tarif DPD'!$G$42,$B10<='Tarif DPD'!$G$43),'Tarif DPD'!$H$43,AND($B10>='Tarif DPD'!$G$43,$B10<='Tarif DPD'!$G$44),'Tarif DPD'!$H$44,AND($B10>='Tarif DPD'!$G$44,$B10<='Tarif DPD'!$G$45),'Tarif DPD'!$H$45,AND($B10>='Tarif DPD'!$G$45,$B10<='Tarif DPD'!$G$46),'Tarif DPD'!$H$46,$B10>'Tarif DPD'!$G$46,"sur devis") -> #NAME? | E10: =_xlfn.IFS(AND(B10>=0,B10<='Tarif Colissimo2'!$A$5),'Tarif Colissimo2'!$B$5,AND(B10>='Tarif Colissimo2'!$A$5,B10<='Tarif Colissimo2'!$A$6),'Tarif Colissimo2'!$B$6,AND(B10>='Tarif Colissimo2'!$A$6,B10<='Tarif Colissimo2'!$A$7),'Tarif Colissimo2'!$B$7,AND(B10>='Tarif Colissimo2'!$A$7,B10<='Tarif Colissimo2'!$A$8),'Tarif Colissimo2'!$B$8,AND(B10>='Tarif Colissimo2'!$A$8,B10<='Tarif Colissimo2'!$A$9),'Tarif Colissimo2'!$B$9,AND(B10>='Tarif Colissimo2'!$A$9,B10<='Tarif Colissimo2'!$A$10),'Tarif Colissimo2'!$B$10,AND(B10>='Tarif Colissimo2'!$A$10,B10<='Tarif Colissimo2'!$A$11),'Tarif Colissimo2'!$B$11,AND(B10>='Tarif Colissimo2'!$A$11,B10<='Tarif Colissimo2'!$A$12),'Tarif Colissimo2'!$B$12,B10>'Tarif Colissimo2'!A17,"Sur devis") -> #NAME?
A11: 50355 | B11: 0.65 | C11: 12.99 | D11: =_xlfn.IFS(AND($B11>=0,$B11<='Tarif DPD'!$G$17),'Tarif DPD'!$H$17,AND($B11>='Tarif DPD'!$G$17,$B11<='Tarif DPD'!$G$18),'Tarif DPD'!$H$18,AND($B11>='Tarif DPD'!$G$18,$B11<='Tarif DPD'!$G$19),'Tarif DPD'!$H$19,AND($B11>='Tarif DPD'!$G$19,$B11<='Tarif DPD'!$G$20),'Tarif DPD'!$H$20,AND($B11>='Tarif DPD'!$G$20,$B11<='Tarif DPD'!$G$21),'Tarif DPD'!$H$21,AND($B11>='Tarif DPD'!$G$21,$B11<='Tarif DPD'!$G$22),'Tarif DPD'!$H$22,AND($B11>='Tarif DPD'!$G$22,$B11<='Tarif DPD'!$G$23),'Tarif DPD'!$H$23,AND($B11>='Tarif DPD'!$G$23,$B11<='Tarif DPD'!$G$24),'Tarif DPD'!$H$24,AND($B11>='Tarif DPD'!$G$24,$B11<='Tarif DPD'!$G$25),'Tarif DPD'!$H$25,AND($B11>='Tarif DPD'!$G$25,$B11<='Tarif DPD'!$G$26),'Tarif DPD'!$H$26,AND($B11>='Tarif DPD'!$G$26,$B11<='Tarif DPD'!$G$27),'Tarif DPD'!$H$27,AND($B11>='Tarif DPD'!$G$27,$B11<='Tarif DPD'!$G$28),'Tarif DPD'!$H$28,AND($B11>='Tarif DPD'!$G$28,$B11<='Tarif DPD'!$G$29),'Tarif DPD'!$H$29,AND($B11>='Tarif DPD'!$G$29,$B11<='Tarif DPD'!$G$30),'Tarif DPD'!$H$30,AND($B11>='Tarif DPD'!$G$30,$B11<='Tarif DPD'!$G$31),'Tarif DPD'!$H$31,AND($B11>='Tarif DPD'!$G$31,$B11<='Tarif DPD'!$G$32),'Tarif DPD'!$H$32,AND($B11>='Tarif DPD'!$G$32,$B11<='Tarif DPD'!$G$33),'Tarif DPD'!$H$33,AND($B11>='Tarif DPD'!$G$33,$B11<='Tarif DPD'!$G$34),'Tarif DPD'!$H$34,AND($B11>='Tarif DPD'!$G$34,$B11<='Tarif DPD'!$G$35),'Tarif DPD'!$H$35,AND($B11>='Tarif DPD'!$G$35,$B11<='Tarif DPD'!$G$36),'Tarif DPD'!$H$36,AND($B11>='Tarif DPD'!$G$36,$B11<='Tarif DPD'!$G$37),'Tarif DPD'!$H$37,AND($B11>='Tarif DPD'!$G$37,$B11<='Tarif DPD'!$G$38),'Tarif DPD'!$H$38,AND($B11>='Tarif DPD'!$G$38,$B11<='Tarif DPD'!$G$39),'Tarif DPD'!$H$39,AND($B11>='Tarif DPD'!$G$39,$B11<='Tarif DPD'!$G$40),'Tarif DPD'!$H$40,AND($B11>='Tarif DPD'!$G$40,$B11<='Tarif DPD'!$G$41),'Tarif DPD'!$H$41,AND($B11>='Tarif DPD'!$G$41,$B11<='Tarif DPD'!$G$42),'Tarif DPD'!$H$42,AND($B11>='Tarif DPD'!$G$42,$B11<='Tarif DPD'!$G$43),'Tarif DPD'!$H$43,AND($B11>='Tarif DPD'!$G$43,$B11<='Tarif DPD'!$G$44),'Tarif DPD'!$H$44,AND($B11>='Tarif DPD'!$G$44,$B11<='Tarif DPD'!$G$45),'Tarif DPD'!$H$45,AND($B11>='Tarif DPD'!$G$45,$B11<='Tarif DPD'!$G$46),'Tarif DPD'!$H$46,$B11>'Tarif DPD'!$G$46,"sur devis") -> #NAME? | E11: =_xlfn.IFS(AND(B11>=0,B11<='Tarif Colissimo2'!$A$5),'Tarif Colissimo2'!$B$5,AND(B11>='Tarif Colissimo2'!$A$5,B11<='Tarif Colissimo2'!$A$6),'Tarif Colissimo2'!$B$6,AND(B11>='Tarif Colissimo2'!$A$6,B11<='Tarif Colissimo2'!$A$7),'Tarif Colissimo2'!$B$7,AND(B11>='Tarif Colissimo2'!$A$7,B11<='Tarif Colissimo2'!$A$8),'Tarif Colissimo2'!$B$8,AND(B11>='Tarif Colissimo2'!$A$8,B11<='Tarif Colissimo2'!$A$9),'Tarif Colissimo2'!$B$9,AND(B11>='Tarif Colissimo2'!$A$9,B11<='Tarif Colissimo2'!$A$10),'Tarif Colissimo2'!$B$10,AND(B11>='Tarif Colissimo2'!$A$10,B11<='Tarif Colissimo2'!$A$11),'Tarif Colissimo2'!$B$11,AND(B11>='Tarif Colissimo2'!$A$11,B11<='Tarif Colissimo2'!$A$12),'Tarif Colissimo2'!$B$12,B11>'Tarif Colissimo2'!A18,"Sur devis") -> #NAME?
A12: 50805 | B12: 0.43 | C12: 14.99 | D12: =_xlfn.IFS(AND($B12>=0,$B12<='Tarif DPD'!$G$17),'Tarif DPD'!$H$17,AND($B12>='Tarif DPD'!$G$17,$B12<='Tarif DPD'!$G$18),'Tarif DPD'!$H$18,AND($B12>='Tarif DPD'!$G$18,$B12<='Tarif DPD'!$G$19),'Tarif DPD'!$H$19,AND($B12>='Tarif DPD'!$G$19,$B12<='Tarif DPD'!$G$20),'Tarif DPD'!$H$20,AND($B12>='Tarif DPD'!$G$20,$B12<='Tarif DPD'!$G$21),'Tarif DPD'!$H$21,AND($B12>='Tarif DPD'!$G$21,$B12<='Tarif DPD'!$G$22),'Tarif DPD'!$H$22,AND($B12>='Tarif DPD'!$G$22,$B12<='Tarif DPD'!$G$23),'Tarif DPD'!$H$23,AND($B12>='Tarif DPD'!$G$23,$B12<='Tarif DPD'!$G$24),'Tarif DPD'!$H$24,AND($B12>='Tarif DPD'!$G$24,$B12<='Tarif DPD'!$G$25),'Tarif DPD'!$H$25,AND($B12>='Tarif DPD'!$G$25,$B12<='Tarif DPD'!$G$26),'Tarif DPD'!$H$26,AND($B12>='Tarif DPD'!$G$26,$B12<='Tarif DPD'!$G$27),'Tarif DPD'!$H$27,AND($B12>='Tarif DPD'!$G$27,$B12<='Tarif DPD'!$G$28),'Tarif DPD'!$H$28,AND($B12>='Tarif DPD'!$G$28,$B12<='Tarif DPD'!$G$29),'Tarif DPD'!$H$29,AND($B12>='Tarif DPD'!$G$29,$B12<='Tarif DPD'!$G$30),'Tarif DPD'!$H$30,AND($B12>='Tarif DPD'!$G$30,$B12<='Tarif DPD'!$G$31),'Tarif DPD'!$H$31,AND($B12>='Tarif DPD'!$G$31,$B12<='Tarif DPD'!$G$32),'Tarif DPD'!$H$32,AND($B12>='Tarif DPD'!$G$32,$B12<='Tarif DPD'!$G$33),'Tarif DPD'!$H$33,AND($B12>='Tarif DPD'!$G$33,$B12<='Tarif DPD'!$G$34),'Tarif DPD'!$H$34,AND($B12>='Tarif DPD'!$G$34,$B12<='Tarif DPD'!$G$35),'Tarif DPD'!$H$35,AND($B12>='Tarif DPD'!$G$35,$B12<='Tarif DPD'!$G$36),'Tarif DPD'!$H$36,AND($B12>='Tarif DPD'!$G$36,$B12<='Tarif DPD'!$G$37),'Tarif DPD'!$H$37,AND($B12>='Tarif DPD'!$G$37,$B12<='Tarif DPD'!$G$38),'Tarif DPD'!$H$38,AND($B12>='Tarif DPD'!$G$38,$B12<='Tarif DPD'!$G$39),'Tarif DPD'!$H$39,AND($B12>='Tarif DPD'!$G$39,$B12<='Tarif DPD'!$G$40),'Tarif DPD'!$H$40,AND($B12>='Tarif DPD'!$G$40,$B12<='Tarif DPD'!$G$41),'Tarif DPD'!$H$41,AND($B12>='Tarif DPD'!$G$41,$B12<='Tarif DPD'!$G$42),'Tarif DPD'!$H$42,AND($B12>='Tarif DPD'!$G$42,$B12<='Tarif DPD'!$G$43),'Tarif DPD'!$H$43,AND($B12>='Tarif DPD'!$G$43,$B12<='Tarif DPD'!$G$44),'Tarif DPD'!$H$44,AND($B12>='Tarif DPD'!$G$44,$B12<='Tarif DPD'!$G$45),'Tarif DPD'!$H$45,AND($B12>='Tarif DPD'!$G$45,$B12<='Tarif DPD'!$G$46),'Tarif DPD'!$H$46,$B12>'Tarif DPD'!$G$46,"sur devis") -> #NAME? | E12: =_xlfn.IFS(AND(B12>=0,B12<='Tarif Colissimo2'!$A$5),'Tarif Colissimo2'!$B$5,AND(B12>='Tarif Colissimo2'!$A$5,B12<='Tarif Colissimo2'!$A$6),'Tarif Colissimo2'!$B$6,AND(B12>='Tarif Colissimo2'!$A$6,B12<='Tarif Colissimo2'!$A$7),'Tarif Colissimo2'!$B$7,AND(B12>='Tarif Colissimo2'!$A$7,B12<='Tarif Colissimo2'!$A$8),'Tarif Colissimo2'!$B$8,AND(B12>='Tarif Colissimo2'!$A$8,B12<='Tarif Colissimo2'!$A$9),'Tarif Colissimo2'!$B$9,AND(B12>='Tarif Colissimo2'!$A$9,B12<='Tarif Colissimo2'!$A$10),'Tarif Colissimo2'!$B$10,AND(B12>='Tarif Colissimo2'!$A$10,B12<='Tarif Colissimo2'!$A$11),'Tarif Colissimo2'!$B$11,AND(B12>='Tarif Colissimo2'!$A$11,B12<='Tarif Colissimo2'!$A$12),'Tarif Colissimo2'!$B$12,B12>'Tarif Colissimo2'!A19,"Sur devis") -> #NAME?
A13: 50905 | B13: 0.82 | C13: 24.99 | D13: =_xlfn.IFS(AND($B13>=0,$B13<='Tarif DPD'!$G$17),'Tarif DPD'!$H$17,AND($B13>='Tarif DPD'!$G$17,$B13<='Tarif DPD'!$G$18),'Tarif DPD'!$H$18,AND($B13>='Tarif DPD'!$G$18,$B13<='Tarif DPD'!$G$19),'Tarif DPD'!$H$19,AND($B13>='Tarif DPD'!$G$19,$B13<='Tarif DPD'!$G$20),'Tarif DPD'!$H$20,AND($B13>='Tarif DPD'!$G$20,$B13<='Tarif DPD'!$G$21),'Tarif DPD'!$H$21,AND($B13>='Tarif DPD'!$G$21,$B13<='Tarif DPD'!$G$22),'Tarif DPD'!$H$22,AND($B13>='Tarif DPD'!$G$22,$B13<='Tarif DPD'!$G$23),'Tarif DPD'!$H$23,AND($B13>='Tarif DPD'!$G$23,$B13<='Tarif DPD'!$G$24),'Tarif DPD'!$H$24,AND($B13>='Tarif DPD'!$G$24,$B13<='Tarif DPD'!$G$25),'Tarif DPD'!$H$25,AND($B13>='Tarif DPD'!$G$25,$B13<='Tarif DPD'!$G$26),'Tarif DPD'!$H$26,AND($B13>='Tarif DPD'!$G$26,$B13<='Tarif DPD'!$G$27),'Tarif DPD'!$H$27,AND($B13>='Tarif DPD'!$G$27,$B13<='Tarif DPD'!$G$28),'Tarif DPD'!$H$28,AND($B13>='Tarif DPD'!$G$28,$B13<='Tarif DPD'!$G$29),'Tarif DPD'!$H$29,AND($B13>='Tarif DPD'!$G$29,$B13<='Tarif DPD'!$G$30),'Tarif DPD'!$H$30,AND($B13>='Tarif DPD'!$G$30,$B13<='Tarif DPD'!$G$31),'Tarif DPD'!$H$31,AND($B13>='Tarif DPD'!$G$31,$B13<='Tarif DPD'!$G$32),'Tarif DPD'!$H$32,AND($B13>='Tarif DPD'!$G$32,$B13<='Tarif DPD'!$G$33),'Tarif DPD'!$H$33,AND($B13>='Tarif DPD'!$G$33,$B13<='Tarif DPD'!$G$34),'Tarif DPD'!$H$34,AND($B13>='Tarif DPD'!$G$34,$B13<='Tarif DPD'!$G$35),'Tarif DPD'!$H$35,AND($B13>='Tarif DPD'!$G$35,$B13<='Tarif DPD'!$G$36),'Tarif DPD'!$H$36,AND($B13>='Tarif DPD'!$G$36,$B13<='Tarif DPD'!$G$37),'Tarif DPD'!$H$37,AND($B13>='Tarif DPD'!$G$37,$B13<='Tarif DPD'!$G$38),'Tarif DPD'!$H$38,AND($B13>='Tarif DPD'!$G$38,$B13<='Tarif DPD'!$G$39),'Tarif DPD'!$H$39,AND($B13>='Tarif DPD'!$G$39,$B13<='Tarif DPD'!$G$40),'Tarif DPD'!$H$40,AND($B13>='Tarif DPD'!$G$40,$B13<='Tarif DPD'!$G$41),'Tarif DPD'!$H$41,AND($B13>='Tarif DPD'!$G$41,$B13<='Tarif DPD'!$G$42),'Tarif DPD'!$H$42,AND($B13>='Tarif DPD'!$G$42,$B13<='Tarif DPD'!$G$43),'Tarif DPD'!$H$43,AND($B13>='Tarif DPD'!$G$43,$B13<='Tarif DPD'!$G$44),'Tarif DPD'!$H$44,AND($B13>='Tarif DPD'!$G$44,$B13<='Tarif DPD'!$G$45),'Tarif DPD'!$H$45,AND($B13>='Tarif DPD'!$G$45,$B13<='Tarif DPD'!$G$46),'Tarif DPD'!$H$46,$B13>'Tarif DPD'!$G$46,"sur devis") -> #NAME? | E13: =_xlfn.IFS(AND(B13>=0,B13<='Tarif Colissimo2'!$A$5),'Tarif Colissimo2'!$B$5,AND(B13>='Tarif Colissimo2'!$A$5,B13<='Tarif Colissimo2'!$A$6),'Tarif Colissimo2'!$B$6,AND(B13>='Tarif Colissimo2'!$A$6,B13<='Tarif Colissimo2'!$A$7),'Tarif Colissimo2'!$B$7,AND(B13>='Tarif Colissimo2'!$A$7,B13<='Tarif Colissimo2'!$A$8),'Tarif Colissimo2'!$B$8,AND(B13>='Tarif Colissimo2'!$A$8,B13<='Tarif Colissimo2'!$A$9),'Tarif Colissimo2'!$B$9,AND(B13>='Tarif Colissimo2'!$A$9,B13<='Tarif Colissimo2'!$A$10),'Tarif Colissimo2'!$B$10,AND(B13>='Tarif Colissimo2'!$A$10,B13<='Tarif Colissimo2'!$A$11),'Tarif Colissimo2'!$B$11,AND(B13>='Tarif Colissimo2'!$A$11,B13<='Tarif Colissimo2'!$A$12),'Tarif Colissimo2'!$B$12,B13>'Tarif Colissimo2'!A20,"Sur devis") -> #NAME?
A14: 50995 | B14: 0.76 | C14: 29.99 | D14: =_xlfn.IFS(AND($B14>=0,$B14<='Tarif DPD'!$G$17),'Tarif DPD'!$H$17,AND($B14>='Tarif DPD'!$G$17,$B14<='Tarif DPD'!$G$18),'Tarif DPD'!$H$18,AND($B14>='Tarif DPD'!$G$18,$B14<='Tarif DPD'!$G$19),'Tarif DPD'!$H$19,AND($B14>='Tarif DPD'!$G$19,$B14<='Tarif DPD'!$G$20),'Tarif DPD'!$H$20,AND($B14>='Tarif DPD'!$G$20,$B14<='Tarif DPD'!$G$21),'Tarif DPD'!$H$21,AND($B14>='Tarif DPD'!$G$21,$B14<='Tarif DPD'!$G$22),'Tarif DPD'!$H$22,AND($B14>='Tarif DPD'!$G$22,$B14<='Tarif DPD'!$G$23),'Tarif DPD'!$H$23,AND($B14>='Tarif DPD'!$G$23,$B14<='Tarif DPD'!$G$24),'Tarif DPD'!$H$24,AND($B14>='Tarif DPD'!$G$24,$B14<='Tarif DPD'!$G$25),'Tarif DPD'!$H$25,AND($B14>='Tarif DPD'!$G$25,$B14<='Tarif DPD'!$G$26),'Tarif DPD'!$H$26,AND($B14>='Tarif DPD'!$G$26,$B14<='Tarif DPD'!$G$27),'Tarif DPD'!$H$27,AND($B14>='Tarif DPD'!$G$27,$B14<='Tarif DPD'!$G$28),'Tarif DPD'!$H$28,AND($B14>='Tarif DPD'!$G$28,$B14<='Tarif DPD'!$G$29),'Tarif DPD'!$H$29,AND($B14>='Tarif DPD'!$G$29,$B14<='Tarif DPD'!$G$30),'Tarif DPD'!$H$30,AND($B14>='Tarif DPD'!$G$30,$B14<='Tarif DPD'!$G$31),'Tarif DPD'!$H$31,AND($B14>='Tarif DPD'!$G$31,$B14<='Tarif DPD'!$G$32),'Tarif DPD'!$H$32,AND($B14>='Tarif DPD'!$G$32,$B14<='Tarif DPD'!$G$33),'Tarif DPD'!$H$33,AND($B14>='Tarif DPD'!$G$33,$B14<='Tarif DPD'!$G$34),'Tarif DPD'!$H$34,AND($B14>='Tarif DPD'!$G$34,$B14<='Tarif DPD'!$G$35),'Tarif DPD'!$H$35,AND($B14>='Tarif DPD'!$G$35,$B14<='Tarif DPD'!$G$36),'Tarif DPD'!$H$36,AND($B14>='Tarif DPD'!$G$36,$B14<='Tarif DPD'!$G$37),'Tarif DPD'!$H$37,AND($B14>='Tarif DPD'!$G$37,$B14<='Tarif DPD'!$G$38),'Tarif DPD'!$H$38,AND($B14>='Tarif DPD'!$G$38,$B14<='Tarif DPD'!$G$39),'Tarif DPD'!$H$39,AND($B14>='Tarif DPD'!$G$39,$B14<='Tarif DPD'!$G$40),'Tarif DPD'!$H$40,AND($B14>='Tarif DPD'!$G$40,$B14<='Tarif DPD'!$G$41),'Tarif DPD'!$H$41,AND($B14>='Tarif DPD'!$G$41,$B14<='Tarif DPD'!$G$42),'Tarif DPD'!$H$42,AND($B14>='Tarif DPD'!$G$42,$B14<='Tarif DPD'!$G$43),'Tarif DPD'!$H$43,AND($B14>='Tarif DPD'!$G$43,$B14<='Tarif DPD'!$G$44),'Tarif DPD'!$H$44,AND($B14>='Tarif DPD'!$G$44,$B14<='Tarif DPD'!$G$45),'Tarif DPD'!$H$45,AND($B14>='Tarif DPD'!$G$45,$B14<='Tarif DPD'!$G$46),'Tarif DPD'!$H$46,$B14>'Tarif DPD'!$G$46,"sur devis") -> #NAME? | E14: =_xlfn.IFS(AND(B14>=0,B14<='Tarif Colissimo2'!$A$5),'Tarif Colissimo2'!$B$5,AND(B14>='Tarif Colissimo2'!$A$5,B14<='Tarif Colissimo2'!$A$6),'Tarif Colissimo2'!$B$6,AND(B14>='Tarif Colissimo2'!$A$6,B14<='Tarif Colissimo2'!$A$7),'Tarif Colissimo2'!$B$7,AND(B14>='Tarif Colissimo2'!$A$7,B14<='Tarif Colissimo2'!$A$8),'Tarif Colissimo2'!$B$8,AND(B14>='Tarif Colissimo2'!$A$8,B14<='Tarif Colissimo2'!$A$9),'Tarif Colissimo2'!$B$9,AND(B14>='Tarif Colissimo2'!$A$9,B14<='Tarif Colissimo2'!$A$10),'Tarif Colissimo2'!$B$10,AND(B14>='Tarif Colissimo2'!$A$10,B14<='Tarif Colissimo2'!$A$11),'Tarif Colissimo2'!$B$11,AND(B14>='Tarif Colissimo2'!$A$11,B14<='Tarif Colissimo2'!$A$12),'Tarif Colissimo2'!$B$12,B14>'Tarif Colissimo2'!A21,"Sur devis") -> #NAME?
A15: 51565 | B15: 1.59 | C15: 39.99 | D15: =_xlfn.IFS(AND($B15>=0,$B15<='Tarif DPD'!$G$17),'Tarif DPD'!$H$17,AND($B15>='Tarif DPD'!$G$17,$B15<='Tarif DPD'!$G$18),'Tarif DPD'!$H$18,AND($B15>='Tarif DPD'!$G$18,$B15<='Tarif DPD'!$G$19),'Tarif DPD'!$H$19,AND($B15>='Tarif DPD'!$G$19,$B15<='Tarif DPD'!$G$20),'Tarif DPD'!$H$20,AND($B15>='Tarif DPD'!$G$20,$B15<='Tarif DPD'!$G$21),'Tarif DPD'!$H$21,AND($B15>='Tarif DPD'!$G$21,$B15<='Tarif DPD'!$G$22),'Tarif DPD'!$H$22,AND($B15>='Tarif DPD'!$G$22,$B15<='Tarif DPD'!$G$23),'Tarif DPD'!$H$23,AND($B15>='Tarif DPD'!$G$23,$B15<='Tarif DPD'!$G$24),'Tarif DPD'!$H$24,AND($B15>='Tarif DPD'!$G$24,$B15<='Tarif DPD'!$G$25),'Tarif DPD'!$H$25,AND($B15>='Tarif DPD'!$G$25,$B15<='Tarif DPD'!$G$26),'Tarif DPD'!$H$26,AND($B15>='Tarif DPD'!$G$26,$B15<='Tarif DPD'!$G$27),'Tarif DPD'!$H$27,AND($B15>='Tarif DPD'!$G$27,$B15<='Tarif DPD'!$G$28),'Tarif DPD'!$H$28,AND($B15>='Tarif DPD'!$G$28,$B15<='Tarif DPD'!$G$29),'Tarif DPD'!$H$29,AND($B15>='Tarif DPD'!$G$29,$B15<='Tarif DPD'!$G$30),'Tarif DPD'!$H$30,AND($B15>='Tarif DPD'!$G$30,$B15<='Tarif DPD'!$G$31),'Tarif DPD'!$H$31,AND($B15>='Tarif DPD'!$G$31,$B15<='Tarif DPD'!$G$32),'Tarif DPD'!$H$32,AND($B15>='Tarif DPD'!$G$32,$B15<='Tarif DPD'!$G$33),'Tarif DPD'!$H$33,AND($B15>='Tarif DPD'!$G$33,$B15<='Tarif DPD'!$G$34),'Tarif DPD'!$H$34,AND($B15>='Tarif DPD'!$G$34,$B15<='Tarif DPD'!$G$35),'Tarif DPD'!$H$35,AND($B15>='Tarif DPD'!$G$35,$B15<='Tarif DPD'!$G$36),'Tarif DPD'!$H$36,AND($B15>='Tarif DPD'!$G$36,$B15<='Tarif DPD'!$G$37),'Tarif DPD'!$H$37,AND($B15>='Tarif DPD'!$G$37,$B15<='Tarif DPD'!$G$38),'Tarif DPD'!$H$38,AND($B15>='Tarif DPD'!$G$38,$B15<='Tarif DPD'!$G$39),'Tarif DPD'!$H$39,AND($B15>='Tarif DPD'!$G$39,$B15<='Tarif DPD'!$G$40),'Tarif DPD'!$H$40,AND($B15>='Tarif DPD'!$G$40,$B15<='Tarif DPD'!$G$41),'Tarif DPD'!$H$41,AND($B15>='Tarif DPD'!$G$41,$B15<='Tarif DPD'!$G$42),'Tarif DPD'!$H$42,AND($B15>='Tarif DPD'!$G$42,$B15<='Tarif DPD'!$G$43),'Tarif DPD'!$H$43,AND($B15>='Tarif DPD'!$G$43,$B15<='Tarif DPD'!$G$44),'Tarif DPD'!$H$44,AND($B15>='Tarif DPD'!$G$44,$B15<='Tarif DPD'!$G$45),'Tarif DPD'!$H$45,AND($B15>='Tarif DPD'!$G$45,$B15<='Tarif DPD'!$G$46),'Tarif DPD'!$H$46,$B15>'Tarif DPD'!$G$46,"sur devis") -> #NAME? | E15: =_xlfn.IFS(AND(B15>=0,B15<='Tarif Colissimo2'!$A$5),'Tarif Colissimo2'!$B$5,AND(B15>='Tarif Colissimo2'!$A$5,B15<='Tarif Colissimo2'!$A$6),'Tarif Colissimo2'!$B$6,AND(B15>='Tarif Colissimo2'!$A$6,B15<='Tarif Colissimo2'!$A$7),'Tarif Colissimo2'!$B$7,AND(B15>='Tarif Colissimo2'!$A$7,B15<='Tarif Colissimo2'!$A$8),'Tarif Colissimo2'!$B$8,AND(B15>='Tarif Colissimo2'!$A$8,B15<='Tarif Colissimo2'!$A$9),'Tarif Colissimo2'!$B$9,AND(B15>='Tarif Colissimo2'!$A$9,B15<='Tarif Colissimo2'!$A$10),'Tarif Colissimo2'!$B$10,AND(B15>='Tarif Colissimo2'!$A$10,B15<='Tarif Colissimo2'!$A$11),'Tarif Colissimo2'!$B$11,AND(B15>='Tarif Colissimo2'!$A$11,B15<='Tarif Colissimo2'!$A$12),'Tarif Colissimo2'!$B$12,B15>'Tarif Colissimo2'!A22,"Sur devis") -> #NAME?
A16: 52645 | B16: 1.12 | C16: 29.99 | D16: =_xlfn.IFS(AND($B16>=0,$B16<='Tarif DPD'!$G$17),'Tarif DPD'!$H$17,AND($B16>='Tarif DPD'!$G$17,$B16<='Tarif DPD'!$G$18),'Tarif DPD'!$H$18,AND($B16>='Tarif DPD'!$G$18,$B16<='Tarif DPD'!$G$19),'Tarif DPD'!$H$19,AND($B16>='Tarif DPD'!$G$19,$B16<='Tarif DPD'!$G$20),'Tarif DPD'!$H$20,AND($B16>='Tarif DPD'!$G$20,$B16<='Tarif DPD'!$G$21),'Tarif DPD'!$H$21,AND($B16>='Tarif DPD'!$G$21,$B16<='Tarif DPD'!$G$22),'Tarif DPD'!$H$22,AND($B16>='Tarif DPD'!$G$22,$B16<='Tarif DPD'!$G$23),'Tarif DPD'!$H$23,AND($B16>='Tarif DPD'!$G$23,$B16<='Tarif DPD'!$G$24),'Tarif DPD'!$H$24,AND($B16>='Tarif DPD'!$G$24,$B16<='Tarif DPD'!$G$25),'Tarif DPD'!$H$25,AND($B16>='Tarif DPD'!$G$25,$B16<='Tarif DPD'!$G$26),'Tarif DPD'!$H$26,AND($B16>='Tarif DPD'!$G$26,$B16<='Tarif DPD'!$G$27),'Tarif DPD'!$H$27,AND($B16>='Tarif DPD'!$G$27,$B16<='Tarif DPD'!$G$28),'Tarif DPD'!$H$28,AND($B16>='Tarif DPD'!$G$28,$B16<='Tarif DPD'!$G$29),'Tarif DPD'!$H$29,AND($B16>='Tarif DPD'!$G$29,$B16<='Tarif DPD'!$G$30),'Tarif DPD'!$H$30,AND($B16>='Tarif DPD'!$G$30,$B16<='Tarif DPD'!$G$31),'Tarif DPD'!$H$31,AND($B16>='Tarif DPD'!$G$31,$B16<='Tarif DPD'!$G$32),'Tarif DPD'!$H$32,AND($B16>='Tarif DPD'!$G$32,$B16<='Tarif DPD'!$G$33),'Tarif DPD'!$H$33,AND($B16>='Tarif DPD'!$G$33,$B16<='Tarif DPD'!$G$34),'Tarif DPD'!$H$34,AND($B16>='Tarif DPD'!$G$34,$B16<='Tarif DPD'!$G$35),'Tarif DPD'!$H$35,AND($B16>='Tarif DPD'!$G$35,$B16<='Tarif DPD'!$G$36),'Tarif DPD'!$H$36,AND($B16>='Tarif DPD'!$G$36,$B16<='Tarif DPD'!$G$37),'Tarif DPD'!$H$37,AND($B16>='Tarif DPD'!$G$37,$B16<='Tarif DPD'!$G$38),'Tarif DPD'!$H$38,AND($B16>='Tarif DPD'!$G$38,$B16<='Tarif DPD'!$G$39),'Tarif DPD'!$H$39,AND($B16>='Tarif DPD'!$G$39,$B16<='Tarif DPD'!$G$40),'Tarif DPD'!$H$40,AND($B16>='Tarif DPD'!$G$40,$B16<='Tarif DPD'!$G$41),'Tarif DPD'!$H$41,AND($B16>='Tarif DPD'!$G$41,$B16<='Tarif DPD'!$G$42),'Tarif DPD'!$H$42,AND($B16>='Tarif DPD'!$G$42,$B16<='Tarif DPD'!$G$43),'Tarif DPD'!$H$43,AND($B16>='Tarif DPD'!$G$43,$B16<='Tarif DPD'!$G$44),'Tarif DPD'!$H$44,AND($B16>='Tarif DPD'!$G$44,$B16<='Tarif DPD'!$G$45),'Tarif DPD'!$H$45,AND($B16>='Tarif DPD'!$G$45,$B16<='Tarif DPD'!$G$46),'Tarif DPD'!$H$46,$B16>'Tarif DPD'!$G$46,"sur devis") -> #NAME? | E16: =_xlfn.IFS(AND(B16>=0,B16<='Tarif Colissimo2'!$A$5),'Tarif Colissimo2'!$B$5,AND(B16>='Tarif Colissimo2'!$A$5,B16<='Tarif Colissimo2'!$A$6),'Tarif Colissimo2'!$B$6,AND(B16>='Tarif Colissimo2'!$A$6,B16<='Tarif Colissimo2'!$A$7),'Tarif Colissimo2'!$B$7,AND(B16>='Tarif Colissimo2'!$A$7,B16<='Tarif Colissimo2'!$A$8),'Tarif Colissimo2'!$B$8,AND(B16>='Tarif Colissimo2'!$A$8,B16<='Tarif Colissimo2'!$A$9),'Tarif Colissimo2'!$B$9,AND(B16>='Tarif Colissimo2'!$A$9,B16<='Tarif Colissimo2'!$A$10),'Tarif Colissimo2'!$B$10,AND(B16>='Tarif Colissimo2'!$A$10,B16<='Tarif Colissimo2'!$A$11),'Tarif Colissimo2'!$B$11,AND(B16>='Tarif Colissimo2'!$A$11,B16<='Tarif Colissimo2'!$A$12),'Tarif Colissimo2'!$B$12,B16>'Tarif Colissimo2'!A23,"Sur devis") -> #NAME?
... A19: 55150 | B19: 0.42 | C19: 9.99 | D19: =_xlfn.IFS(AND($B19>=0,$B19<='Tarif DPD'!$G$17),'Tarif DPD'!$H$17,AND($B19>='Tarif DPD'!$G$17,$B19<='Tarif DPD'!$G$18),'Tarif DPD'!$H$18,AND($B19>='Tarif DPD'!$G$18,$B19<='Tarif DPD'!$G$19),'Tarif DPD'!$H$19,AND($B19>='Tarif DPD'!$G$19,$B19<='Tarif DPD'!$G$20),'Tarif DPD'!$H$20,AND($B19>='Tarif DPD'!$G$20,$B19<='Tarif DPD'!$G$21),'Tarif DPD'!$H$21,AND($B19>='Tarif DPD'!$G$21,$B19<='Tarif DPD'!$G$22),'Tarif DPD'!$H$22,AND($B19>='Tarif DPD'!$G$22,$B19<='Tarif DPD'!$G$23),'Tarif DPD'!$H$23,AND($B19>='Tarif DPD'!$G$23,$B19<='Tarif DPD'!$G$24),'Tarif DPD'!$H$24,AND($B19>='Tarif DPD'!$G$24,$B19<='Tarif DPD'!$G$25),'Tarif DPD'!$H$25,AND($B19>='Tarif DPD'!$G$25,$B19<='Tarif DPD'!$G$26),'Tarif DPD'!$H$26,AND($B19>='Tarif DPD'!$G$26,$B19<='Tarif DPD'!$G$27),'Tarif DPD'!$H$27,AND($B19>='Tarif DPD'!$G$27,$B19<='Tarif DPD'!$G$28),'Tarif DPD'!$H$28,AND($B19>='Tarif DPD'!$G$28,$B19<='Tarif DPD'!$G$29),'Tarif DPD'!$H$29,AND($B19>='Tarif DPD'!$G$29,$B19<='Tarif DPD'!$G$30),'Tarif DPD'!$H$30,AND($B19>='Tarif DPD'!$G$30,$B19<='Tarif DPD'!$G$31),'Tarif DPD'!$H$31,AND($B19>='Tarif DPD'!$G$31,$B19<='Tarif DPD'!$G$32),'Tarif DPD'!$H$32,AND($B19>='Tarif DPD'!$G$32,$B19<='Tarif DPD'!$G$33),'Tarif DPD'!$H$33,AND($B19>='Tarif DPD'!$G$33,$B19<='Tarif DPD'!$G$34),'Tarif DPD'!$H$34,AND($B19>='Tarif DPD'!$G$34,$B19<='Tarif DPD'!$G$35),'Tarif DPD'!$H$35,AND($B19>='Tarif DPD'!$G$35,$B19<='Tarif DPD'!$G$36),'Tarif DPD'!$H$36,AND($B19>='Tarif DPD'!$G$36,$B19<='Tarif DPD'!$G$37),'Tarif DPD'!$H$37,AND($B19>='Tarif DPD'!$G$37,$B19<='Tarif DPD'!$G$38),'Tarif DPD'!$H$38,AND($B19>='Tarif DPD'!$G$38,$B19<='Tarif DPD'!$G$39),'Tarif DPD'!$H$39,AND($B19>='Tarif DPD'!$G$39,$B19<='Tarif DPD'!$G$40),'Tarif DPD'!$H$40,AND($B19>='Tarif DPD'!$G$40,$B19<='Tarif DPD'!$G$41),'Tarif DPD'!$H$41,AND($B19>='Tarif DPD'!$G$41,$B19<='Tarif DPD'!$G$42),'Tarif DPD'!$H$42,AND($B19>='Tarif DPD'!$G$42,$B19<='Tarif DPD'!$G$43),'Tarif DPD'!$H$43,AND($B19>='Tarif DPD'!$G$43,$B19<='Tarif DPD'!$G$44),'Tarif DPD'!$H$44,AND($B19>='Tarif DPD'!$G$44,$B19<='Tarif DPD'!$G$45),'Tarif DPD'!$H$45,AND($B19>='Tarif DPD'!$G$45,$B19<='Tarif DPD'!$G$46),'Tarif DPD'!$H$46,$B19>'Tarif DPD'!$G$46,"sur devis") -> #NAME? | E19: =_xlfn.IFS(AND(B19>=0,B19<='Tarif Colissimo2'!$A$5),'Tarif Colissimo2'!$B$5,AND(B19>='Tarif Colissimo2'!$A$5,B19<='Tarif Colissimo2'!$A$6),'Tarif Colissimo2'!$B$6,AND(B19>='Tarif Colissimo2'!$A$6,B19<='Tarif Colissimo2'!$A$7),'Tarif Colissimo2'!$B$7,AND(B19>='Tarif Colissimo2'!$A$7,B19<='Tarif Colissimo2'!$A$8),'Tarif Colissimo2'!$B$8,AND(B19>='Tarif Colissimo2'!$A$8,B19<='Tarif Colissimo2'!$A$9),'Tarif Colissimo2'!$B$9,AND(B19>='Tarif Colissimo2'!$A$9,B19<='Tarif Colissimo2'!$A$10),'Tarif Colissimo2'!$B$10,AND(B19>='Tarif Colissimo2'!$A$10,B19<='Tarif Colissimo2'!$A$11),'Tarif Colissimo2'!$B$11,AND(B19>='Tarif Colissimo2'!$A$11,B19<='Tarif Colissimo2'!$A$12),'Tarif Colissimo2'!$B$12,B19>'Tarif Colissimo2'!A26,"Sur devis") -> #NAME?
A20: AV-108 | B20: 0.24 | C20: 19.99 | D20: =_xlfn.IFS(AND($B20>=0,$B20<='Tarif DPD'!$G$17),'Tarif DPD'!$H$17,AND($B20>='Tarif DPD'!$G$17,$B20<='Tarif DPD'!$G$18),'Tarif DPD'!$H$18,AND($B20>='Tarif DPD'!$G$18,$B20<='Tarif DPD'!$G$19),'Tarif DPD'!$H$19,AND($B20>='Tarif DPD'!$G$19,$B20<='Tarif DPD'!$G$20),'Tarif DPD'!$H$20,AND($B20>='Tarif DPD'!$G$20,$B20<='Tarif DPD'!$G$21),'Tarif DPD'!$H$21,AND($B20>='Tarif DPD'!$G$21,$B20<='Tarif DPD'!$G$22),'Tarif DPD'!$H$22,AND($B20>='Tarif DPD'!$G$22,$B20<='Tarif DPD'!$G$23),'Tarif DPD'!$H$23,AND($B20>='Tarif DPD'!$G$23,$B20<='Tarif DPD'!$G$24),'Tarif DPD'!$H$24,AND($B20>='Tarif DPD'!$G$24,$B20<='Tarif DPD'!$G$25),'Tarif DPD'!$H$25,AND($B20>='Tarif DPD'!$G$25,$B20<='Tarif DPD'!$G$26),'Tarif DPD'!$H$26,AND($B20>='Tarif DPD'!$G$26,$B20<='Tarif DPD'!$G$27),'Tarif DPD'!$H$27,AND($B20>='Tarif DPD'!$G$27,$B20<='Tarif DPD'!$G$28),'Tarif DPD'!$H$28,AND($B20>='Tarif DPD'!$G$28,$B20<='Tarif DPD'!$G$29),'Tarif DPD'!$H$29,AND($B20>='Tarif DPD'!$G$29,$B20<='Tarif DPD'!$G$30),'Tarif DPD'!$H$30,AND($B20>='Tarif DPD'!$G$30,$B20<='Tarif DPD'!$G$31),'Tarif DPD'!$H$31,AND($B20>='Tarif DPD'!$G$31,$B20<='Tarif DPD'!$G$32),'Tarif DPD'!$H$32,AND($B20>='Tarif DPD'!$G$32,$B20<='Tarif DPD'!$G$33),'Tarif DPD'!$H$33,AND($B20>='Tarif DPD'!$G$33,$B20<='Tarif DPD'!$G$34),'Tarif DPD'!$H$34,AND($B20>='Tarif DPD'!$G$34,$B20<='Tarif DPD'!$G$35),'Tarif DPD'!$H$35,AND($B20>='Tarif DPD'!$G$35,$B20<='Tarif DPD'!$G$36),'Tarif DPD'!$H$36,AND($B20>='Tarif DPD'!$G$36,$B20<='Tarif DPD'!$G$37),'Tarif DPD'!$H$37,AND($B20>='Tarif DPD'!$G$37,$B20<='Tarif DPD'!$G$38),'Tarif DPD'!$H$38,AND($B20>='Tarif DPD'!$G$38,$B20<='Tarif DPD'!$G$39),'Tarif DPD'!$H$39,AND($B20>='Tarif DPD'!$G$39,$B20<='Tarif DPD'!$G$40),'Tarif DPD'!$H$40,AND($B20>='Tarif DPD'!$G$40,$B20<='Tarif DPD'!$G$41),'Tarif DPD'!$H$41,AND($B20>='Tarif DPD'!$G$41,$B20<='Tarif DPD'!$G$42),'Tarif DPD'!$H$42,AND($B20>='Tarif DPD'!$G$42,$B20<='Tarif DPD'!$G$43),'Tarif DPD'!$H$43,AND($B20>='Tarif DPD'!$G$43,$B20<='Tarif DPD'!$G$44),'Tarif DPD'!$H$44,AND($B20>='Tarif DPD'!$G$44,$B20<='Tarif DPD'!$G$45),'Tarif DPD'!$H$45,AND($B20>='Tarif DPD'!$G$45,$B20<='Tarif DPD'!$G$46),'Tarif DPD'!$H$46,$B20>'Tarif DPD'!$G$46,"sur devis") -> #NAME? | E20: =_xlfn.IFS(AND(B20>=0,B20<='Tarif Colissimo2'!$A$5),'Tarif Colissimo2'!$B$5,AND(B20>='Tarif Colissimo2'!$A$5,B20<='Tarif Colissimo2'!$A$6),'Tarif Colissimo2'!$B$6,AND(B20>='Tarif Colissimo2'!$A$6,B20<='Tarif Colissimo2'!$A$7),'Tarif Colissimo2'!$B$7,AND(B20>='Tarif Colissimo2'!$A$7,B20<='Tarif Colissimo2'!$A$8),'Tarif Colissimo2'!$B$8,AND(B20>='Tarif Colissimo2'!$A$8,B20<='Tarif Colissimo2'!$A$9),'Tarif Colissimo2'!$B$9,AND(B20>='Tarif Colissimo2'!$A$9,B20<='Tarif Colissimo2'!$A$10),'Tarif Colissimo2'!$B$10,AND(B20>='Tarif Colissimo2'!$A$10,B20<='Tarif Colissimo2'!$A$11),'Tarif Colissimo2'!$B$11,AND(B20>='Tarif Colissimo2'!$A$11,B20<='Tarif Colissimo2'!$A$12),'Tarif Colissimo2'!$B$12,B20>'Tarif Colissimo2'!A27,"Sur devis") -> #NAME?
A21: AV-136 | B21: 0.19 | C21: 19.99 | D21: =_xlfn.IFS(AND($B21>=0,$B21<='Tarif DPD'!$G$17),'Tarif DPD'!$H$17,AND($B21>='Tarif DPD'!$G$17,$B21<='Tarif DPD'!$G$18),'Tarif DPD'!$H$18,AND($B21>='Tarif DPD'!$G$18,$B21<='Tarif DPD'!$G$19),'Tarif DPD'!$H$19,AND($B21>='Tarif DPD'!$G$19,$B21<='Tarif DPD'!$G$20),'Tarif DPD'!$H$20,AND($B21>='Tarif DPD'!$G$20,$B21<='Tarif DPD'!$G$21),'Tarif DPD'!$H$21,AND($B21>='Tarif DPD'!$G$21,$B21<='Tarif DPD'!$G$22),'Tarif DPD'!$H$22,AND($B21>='Tarif DPD'!$G$22,$B21<='Tarif DPD'!$G$23),'Tarif DPD'!$H$23,AND($B21>='Tarif DPD'!$G$23,$B21<='Tarif DPD'!$G$24),'Tarif DPD'!$H$24,AND($B21>='Tarif DPD'!$G$24,$B21<='Tarif DPD'!$G$25),'Tarif DPD'!$H$25,AND($B21>='Tarif DPD'!$G$25,$B21<='Tarif DPD'!$G$26),'Tarif DPD'!$H$26,AND($B21>='Tarif DPD'!$G$26,$B21<='Tarif DPD'!$G$27),'Tarif DPD'!$H$27,AND($B21>='Tarif DPD'!$G$27,$B21<='Tarif DPD'!$G$28),'Tarif DPD'!$H$28,AND($B21>='Tarif DPD'!$G$28,$B21<='Tarif DPD'!$G$29),'Tarif DPD'!$H$29,AND($B21>='Tarif DPD'!$G$29,$B21<='Tarif DPD'!$G$30),'Tarif DPD'!$H$30,AND($B21>='Tarif DPD'!$G$30,$B21<='Tarif DPD'!$G$31),'Tarif DPD'!$H$31,AND($B21>='Tarif DPD'!$G$31,$B21<='Tarif DPD'!$G$32),'Tarif DPD'!$H$32,AND($B21>='Tarif DPD'!$G$32,$B21<='Tarif DPD'!$G$33),'Tarif DPD'!$H$33,AND($B21>='Tarif DPD'!$G$33,$B21<='Tarif DPD'!$G$34),'Tarif DPD'!$H$34,AND($B21>='Tarif DPD'!$G$34,$B21<='Tarif DPD'!$G$35),'Tarif DPD'!$H$35,AND($B21>='Tarif DPD'!$G$35,$B21<='Tarif DPD'!$G$36),'Tarif DPD'!$H$36,AND($B21>='Tarif DPD'!$G$36,$B21<='Tarif DPD'!$G$37),'Tarif DPD'!$H$37,AND($B21>='Tarif DPD'!$G$37,$B21<='Tarif DPD'!$G$38),'Tarif DPD'!$H$38,AND($B21>='Tarif DPD'!$G$38,$B21<='Tarif DPD'!$G$39),'Tarif DPD'!$H$39,AND($B21>='Tarif DPD'!$G$39,$B21<='Tarif DPD'!$G$40),'Tarif DPD'!$H$40,AND($B21>='Tarif DPD'!$G$40,$B21<='Tarif DPD'!$G$41),'Tarif DPD'!$H$41,AND($B21>='Tarif DPD'!$G$41,$B21<='Tarif DPD'!$G$42),'Tarif DPD'!$H$42,AND($B21>='Tarif DPD'!$G$42,$B21<='Tarif DPD'!$G$43),'Tarif DPD'!$H$43,AND($B21>='Tarif DPD'!$G$43,$B21<='Tarif DPD'!$G$44),'Tarif DPD'!$H$44,AND($B21>='Tarif DPD'!$G$44,$B21<='Tarif DPD'!$G$45),'Tarif DPD'!$H$45,AND($B21>='Tarif DPD'!$G$45,$B21<='Tarif DPD'!$G$46),'Tarif DPD'!$H$46,$B21>'Tarif DPD'!$G$46,"sur devis") -> #NAME? | E21: =_xlfn.IFS(AND(B21>=0,B21<='Tarif Colissimo2'!$A$5),'Tarif Colissimo2'!$B$5,AND(B21>='Tarif Colissimo2'!$A$5,B21<='Tarif Colissimo2'!$A$6),'Tarif Colissimo2'!$B$6,AND(B21>='Tarif Colissimo2'!$A$6,B21<='Tarif Colissimo2'!$A$7),'Tarif Colissimo2'!$B$7,AND(B21>='Tarif Colissimo2'!$A$7,B21<='Tarif Colissimo2'!$A$8),'Tarif Colissimo2'!$B$8,AND(B21>='Tarif Colissimo2'!$A$8,B21<='Tarif Colissimo2'!$A$9),'Tarif Colissimo2'!$B$9,AND(B21>='Tarif Colissimo2'!$A$9,B21<='Tarif Colissimo2'!$A$10),'Tarif Colissimo2'!$B$10,AND(B21>='Tarif Colissimo2'!$A$10,B21<='Tarif Colissimo2'!$A$11),'Tarif Colissimo2'!$B$11,AND(B21>='Tarif Colissimo2'!$A$11,B21<='Tarif Colissimo2'!$A$12),'Tarif Colissimo2'!$B$12,B21>'Tarif Colissimo2'!A28,"Sur devis") -> #NAME?
A22: AV-140 | B22: 0.2 | C22: 24.99 | D22: =_xlfn.IFS(AND($B22>=0,$B22<='Tarif DPD'!$G$17),'Tarif DPD'!$H$17,AND($B22>='Tarif DPD'!$G$17,$B22<='Tarif DPD'!$G$18),'Tarif DPD'!$H$18,AND($B22>='Tarif DPD'!$G$18,$B22<='Tarif DPD'!$G$19),'Tarif DPD'!$H$19,AND($B22>='Tarif DPD'!$G$19,$B22<='Tarif DPD'!$G$20),'Tarif DPD'!$H$20,AND($B22>='Tarif DPD'!$G$20,$B22<='Tarif DPD'!$G$21),'Tarif DPD'!$H$21,AND($B22>='Tarif DPD'!$G$21,$B22<='Tarif DPD'!$G$22),'Tarif DPD'!$H$22,AND($B22>='Tarif DPD'!$G$22,$B22<='Tarif DPD'!$G$23),'Tarif DPD'!$H$23,AND($B22>='Tarif DPD'!$G$23,$B22<='Tarif DPD'!$G$24),'Tarif DPD'!$H$24,AND($B22>='Tarif DPD'!$G$24,$B22<='Tarif DPD'!$G$25),'Tarif DPD'!$H$25,AND($B22>='Tarif DPD'!$G$25,$B22<='Tarif DPD'!$G$26),'Tarif DPD'!$H$26,AND($B22>='Tarif DPD'!$G$26,$B22<='Tarif DPD'!$G$27),'Tarif DPD'!$H$27,AND($B22>='Tarif DPD'!$G$27,$B22<='Tarif DPD'!$G$28),'Tarif DPD'!$H$28,AND($B22>='Tarif DPD'!$G$28,$B22<='Tarif DPD'!$G$29),'Tarif DPD'!$H$29,AND($B22>='Tarif DPD'!$G$29,$B22<='Tarif DPD'!$G$30),'Tarif DPD'!$H$30,AND($B22>='Tarif DPD'!$G$30,$B22<='Tarif DPD'!$G$31),'Tarif DPD'!$H$31,AND($B22>='Tarif DPD'!$G$31,$B22<='Tarif DPD'!$G$32),'Tarif DPD'!$H$32,AND($B22>='Tarif DPD'!$G$32,$B22<='Tarif DPD'!$G$33),'Tarif DPD'!$H$33,AND($B22>='Tarif DPD'!$G$33,$B22<='Tarif DPD'!$G$34),'Tarif DPD'!$H$34,AND($B22>='Tarif DPD'!$G$34,$B22<='Tarif DPD'!$G$35),'Tarif DPD'!$H$35,AND($B22>='Tarif DPD'!$G$35,$B22<='Tarif DPD'!$G$36),'Tarif DPD'!$H$36,AND($B22>='Tarif DPD'!$G$36,$B22<='Tarif DPD'!$G$37),'Tarif DPD'!$H$37,AND($B22>='Tarif DPD'!$G$37,$B22<='Tarif DPD'!$G$38),'Tarif DPD'!$H$38,AND($B22>='Tarif DPD'!$G$38,$B22<='Tarif DPD'!$G$39),'Tarif DPD'!$H$39,AND($B22>='Tarif DPD'!$G$39,$B22<='Tarif DPD'!$G$40),'Tarif DPD'!$H$40,AND($B22>='Tarif DPD'!$G$40,$B22<='Tarif DPD'!$G$41),'Tarif DPD'!$H$41,AND($B22>='Tarif DPD'!$G$41,$B22<='Tarif DPD'!$G$42),'Tarif DPD'!$H$42,AND($B22>='Tarif DPD'!$G$42,$B22<='Tarif DPD'!$G$43),'Tarif DPD'!$H$43,AND($B22>='Tarif DPD'!$G$43,$B22<='Tarif DPD'!$G$44),'Tarif DPD'!$H$44,AND($B22>='Tarif DPD'!$G$44,$B22<='Tarif DPD'!$G$45),'Tarif DPD'!$H$45,AND($B22>='Tarif DPD'!$G$45,$B22<='Tarif DPD'!$G$46),'Tarif DPD'!$H$46,$B22>'Tarif DPD'!$G$46,"sur devis") -> #NAME? | E22: =_xlfn.IFS(AND(B22>=0,B22<='Tarif Colissimo2'!$A$5),'Tarif Colissimo2'!$B$5,AND(B22>='Tarif Colissimo2'!$A$5,B22<='Tarif Colissimo2'!$A$6),'Tarif Colissimo2'!$B$6,AND(B22>='Tarif Colissimo2'!$A$6,B22<='Tarif Colissimo2'!$A$7),'Tarif Colissimo2'!$B$7,AND(B22>='Tarif Colissimo2'!$A$7,B22<='Tarif Colissimo2'!$A$8),'Tarif Colissimo2'!$B$8,AND(B22>='Tarif Colissimo2'!$A$8,B22<='Tarif Colissimo2'!$A$9),'Tarif Colissimo2'!$B$9,AND(B22>='Tarif Colissimo2'!$A$9,B22<='Tarif Colissimo2'!$A$10),'Tarif Colissimo2'!$B$10,AND(B22>='Tarif Colissimo2'!$A$10,B22<='Tarif Colissimo2'!$A$11),'Tarif Colissimo2'!$B$11,AND(B22>='Tarif Colissimo2'!$A$11,B22<='Tarif Colissimo2'!$A$12),'Tarif Colissimo2'!$B$12,B22>'Tarif Colissimo2'!A29,"Sur devis") -> #NAME?
A23: AV-174 | B23: 0.89 | C23: 49.99 | D23: =_xlfn.IFS(AND($B23>=0,$B23<='Tarif DPD'!$G$17),'Tarif DPD'!$H$17,AND($B23>='Tarif DPD'!$G$17,$B23<='Tarif DPD'!$G$18),'Tarif DPD'!$H$18,AND($B23>='Tarif DPD'!$G$18,$B23<='Tarif DPD'!$G$19),'Tarif DPD'!$H$19,AND($B23>='Tarif DPD'!$G$19,$B23<='Tarif DPD'!$G$20),'Tarif DPD'!$H$20,AND($B23>='Tarif DPD'!$G$20,$B23<='Tarif DPD'!$G$21),'Tarif DPD'!$H$21,AND($B23>='Tarif DPD'!$G$21,$B23<='Tarif DPD'!$G$22),'Tarif DPD'!$H$22,AND($B23>='Tarif DPD'!$G$22,$B23<='Tarif DPD'!$G$23),'Tarif DPD'!$H$23,AND($B23>='Tarif DPD'!$G$23,$B23<='Tarif DPD'!$G$24),'Tarif DPD'!$H$24,AND($B23>='Tarif DPD'!$G$24,$B23<='Tarif DPD'!$G$25),'Tarif DPD'!$H$25,AND($B23>='Tarif DPD'!$G$25,$B23<='Tarif DPD'!$G$26),'Tarif DPD'!$H$26,AND($B23>='Tarif DPD'!$G$26,$B23<='Tarif DPD'!$G$27),'Tarif DPD'!$H$27,AND($B23>='Tarif DPD'!$G$27,$B23<='Tarif DPD'!$G$28),'Tarif DPD'!$H$28,AND($B23>='Tarif DPD'!$G$28,$B23<='Tarif DPD'!$G$29),'Tarif DPD'!$H$29,AND($B23>='Tarif DPD'!$G$29,$B23<='Tarif DPD'!$G$30),'Tarif DPD'!$H$30,AND($B23>='Tarif DPD'!$G$30,$B23<='Tarif DPD'!$G$31),'Tarif DPD'!$H$31,AND($B23>='Tarif DPD'!$G$31,$B23<='Tarif DPD'!$G$32),'Tarif DPD'!$H$32,AND($B23>='Tarif DPD'!$G$32,$B23<='Tarif DPD'!$G$33),'Tarif DPD'!$H$33,AND($B23>='Tarif DPD'!$G$33,$B23<='Tarif DPD'!$G$34),'Tarif DPD'!$H$34,AND($B23>='Tarif DPD'!$G$34,$B23<='Tarif DPD'!$G$35),'Tarif DPD'!$H$35,AND($B23>='Tarif DPD'!$G$35,$B23<='Tarif DPD'!$G$36),'Tarif DPD'!$H$36,AND($B23>='Tarif DPD'!$G$36,$B23<='Tarif DPD'!$G$37),'Tarif DPD'!$H$37,AND($B23>='Tarif DPD'!$G$37,$B23<='Tarif DPD'!$G$38),'Tarif DPD'!$H$38,AND($B23>='Tarif DPD'!$G$38,$B23<='Tarif DPD'!$G$39),'Tarif DPD'!$H$39,AND($B23>='Tarif DPD'!$G$39,$B23<='Tarif DPD'!$G$40),'Tarif DPD'!$H$40,AND($B23>='Tarif DPD'!$G$40,$B23<='Tarif DPD'!$G$41),'Tarif DPD'!$H$41,AND($B23>='Tarif DPD'!$G$41,$B23<='Tarif DPD'!$G$42),'Tarif DPD'!$H$42,AND($B23>='Tarif DPD'!$G$42,$B23<='Tarif DPD'!$G$43),'Tarif DPD'!$H$43,AND($B23>='Tarif DPD'!$G$43,$B23<='Tarif DPD'!$G$44),'Tarif DPD'!$H$44,AND($B23>='Tarif DPD'!$G$44,$B23<='Tarif DPD'!$G$45),'Tarif DPD'!$H$45,AND($B23>='Tarif DPD'!$G$45,$B23<='Tarif DPD'!$G$46),'Tarif DPD'!$H$46,$B23>'Tarif DPD'!$G$46,"sur devis") -> #NAME? | E23: =_xlfn.IFS(AND(B23>=0,B23<='Tarif Colissimo2'!$A$5),'Tarif Colissimo2'!$B$5,AND(B23>='Tarif Colissimo2'!$A$5,B23<='Tarif Colissimo2'!$A$6),'Tarif Colissimo2'!$B$6,AND(B23>='Tarif Colissimo2'!$A$6,B23<='Tarif Colissimo2'!$A$7),'Tarif Colissimo2'!$B$7,AND(B23>='Tarif Colissimo2'!$A$7,B23<='Tarif Colissimo2'!$A$8),'Tarif Colissimo2'!$B$8,AND(B23>='Tarif Colissimo2'!$A$8,B23<='Tarif Colissimo2'!$A$9),'Tarif Colissimo2'!$B$9,AND(B23>='Tarif Colissimo2'!$A$9,B23<='Tarif Colissimo2'!$A$10),'Tarif Colissimo2'!$B$10,AND(B23>='Tarif Colissimo2'!$A$10,B23<='Tarif Colissimo2'!$A$11),'Tarif Colissimo2'!$B$11,AND(B23>='Tarif Colissimo2'!$A$11,B23<='Tarif Colissimo2'!$A$12),'Tarif Colissimo2'!$B$12,B23>'Tarif Colissimo2'!A30,"Sur devis") -> #NAME?
A24: AV-202 | B24: 0.28 | C24: 19.99 | D24: =_xlfn.IFS(AND($B24>=0,$B24<='Tarif DPD'!$G$17),'Tarif DPD'!$H$17,AND($B24>='Tarif DPD'!$G$17,$B24<='Tarif DPD'!$G$18),'Tarif DPD'!$H$18,AND($B24>='Tarif DPD'!$G$18,$B24<='Tarif DPD'!$G$19),'Tarif DPD'!$H$19,AND($B24>='Tarif DPD'!$G$19,$B24<='Tarif DPD'!$G$20),'Tarif DPD'!$H$20,AND($B24>='Tarif DPD'!$G$20,$B24<='Tarif DPD'!$G$21),'Tarif DPD'!$H$21,AND($B24>='Tarif DPD'!$G$21,$B24<='Tarif DPD'!$G$22),'Tarif DPD'!$H$22,AND($B24>='Tarif DPD'!$G$22,$B24<='Tarif DPD'!$G$23),'Tarif DPD'!$H$23,AND($B24>='Tarif DPD'!$G$23,$B24<='Tarif DPD'!$G$24),'Tarif DPD'!$H$24,AND($B24>='Tarif DPD'!$G$24,$B24<='Tarif DPD'!$G$25),'Tarif DPD'!$H$25,AND($B24>='Tarif DPD'!$G$25,$B24<='Tarif DPD'!$G$26),'Tarif DPD'!$H$26,AND($B24>='Tarif DPD'!$G$26,$B24<='Tarif DPD'!$G$27),'Tarif DPD'!$H$27,AND($B24>='Tarif DPD'!$G$27,$B24<='Tarif DPD'!$G$28),'Tarif DPD'!$H$28,AND($B24>='Tarif DPD'!$G$28,$B24<='Tarif DPD'!$G$29),'Tarif DPD'!$H$29,AND($B24>='Tarif DPD'!$G$29,$B24<='Tarif DPD'!$G$30),'Tarif DPD'!$H$30,AND($B24>='Tarif DPD'!$G$30,$B24<='Tarif DPD'!$G$31),'Tarif DPD'!$H$31,AND($B24>='Tarif DPD'!$G$31,$B24<='Tarif DPD'!$G$32),'Tarif DPD'!$H$32,AND($B24>='Tarif DPD'!$G$32,$B24<='Tarif DPD'!$G$33),'Tarif DPD'!$H$33,AND($B24>='Tarif DPD'!$G$33,$B24<='Tarif DPD'!$G$34),'Tarif DPD'!$H$34,AND($B24>='Tarif DPD'!$G$34,$B24<='Tarif DPD'!$G$35),'Tarif DPD'!$H$35,AND($B24>='Tarif DPD'!$G$35,$B24<='Tarif DPD'!$G$36),'Tarif DPD'!$H$36,AND($B24>='Tarif DPD'!$G$36,$B24<='Tarif DPD'!$G$37),'Tarif DPD'!$H$37,AND($B24>='Tarif DPD'!$G$37,$B24<='Tarif DPD'!$G$38),'Tarif DPD'!$H$38,AND($B24>='Tarif DPD'!$G$38,$B24<='Tarif DPD'!$G$39),'Tarif DPD'!$H$39,AND($B24>='Tarif DPD'!$G$39,$B24<='Tarif DPD'!$G$40),'Tarif DPD'!$H$40,AND($B24>='Tarif DPD'!$G$40,$B24<='Tarif DPD'!$G$41),'Tarif DPD'!$H$41,AND($B24>='Tarif DPD'!$G$41,$B24<='Tarif DPD'!$G$42),'Tarif DPD'!$H$42,AND($B24>='Tarif DPD'!$G$42,$B24<='Tarif DPD'!$G$43),'Tarif DPD'!$H$43,AND($B24>='Tarif DPD'!$G$43,$B24<='Tarif DPD'!$G$44),'Tarif DPD'!$H$44,AND($B24>='Tarif DPD'!$G$44,$B24<='Tarif DPD'!$G$45),'Tarif DPD'!$H$45,AND($B24>='Tarif DPD'!$G$45,$B24<='Tarif DPD'!$G$46),'Tarif DPD'!$H$46,$B24>'Tarif DPD'!$G$46,"sur devis") -> #NAME? | E24: =_xlfn.IFS(AND(B24>=0,B24<='Tarif Colissimo2'!$A$5),'Tarif Colissimo2'!$B$5,AND(B24>='Tarif Colissimo2'!$A$5,B24<='Tarif Colissimo2'!$A$6),'Tarif Colissimo2'!$B$6,AND(B24>='Tarif Colissimo2'!$A$6,B24<='Tarif Colissimo2'!$A$7),'Tarif Colissimo2'!$B$7,AND(B24>='Tarif Colissimo2'!$A$7,B24<='Tarif Colissimo2'!$A$8),'Tarif Colissimo2'!$B$8,AND(B24>='Tarif Colissimo2'!$A$8,B24<='Tarif Colissimo2'!$A$9),'Tarif Colissimo2'!$B$9,AND(B24>='Tarif Colissimo2'!$A$9,B24<='Tarif Colissimo2'!$A$10),'Tarif Colissimo2'!$B$10,AND(B24>='Tarif Colissimo2'!$A$10,B24<='Tarif Colissimo2'!$A$11),'Tarif Colissimo2'!$B$11,AND(B24>='Tarif Colissimo2'!$A$11,B24<='Tarif Colissimo2'!$A$12),'Tarif Colissimo2'!$B$12,B24>'Tarif Colissimo2'!A31,"Sur devis") -> #NAME?
A25: AV-216 | B25: 0.83 | C25: 39.99 | D25: =_xlfn.IFS(AND($B25>=0,$B25<='Tarif DPD'!$G$17),'Tarif DPD'!$H$17,AND($B25>='Tarif DPD'!$G$17,$B25<='Tarif DPD'!$G$18),'Tarif DPD'!$H$18,AND($B25>='Tarif DPD'!$G$18,$B25<='Tarif DPD'!$G$19),'Tarif DPD'!$H$19,AND($B25>='Tarif DPD'!$G$19,$B25<='Tarif DPD'!$G$20),'Tarif DPD'!$H$20,AND($B25>='Tarif DPD'!$G$20,$B25<='Tarif DPD'!$G$21),'Tarif DPD'!$H$21,AND($B25>='Tarif DPD'!$G$21,$B25<='Tarif DPD'!$G$22),'Tarif DPD'!$H$22,AND($B25>='Tarif DPD'!$G$22,$B25<='Tarif DPD'!$G$23),'Tarif DPD'!$H$23,AND($B25>='Tarif DPD'!$G$23,$B25<='Tarif DPD'!$G$24),'Tarif DPD'!$H$24,AND($B25>='Tarif DPD'!$G$24,$B25<='Tarif DPD'!$G$25),'Tarif DPD'!$H$25,AND($B25>='Tarif DPD'!$G$25,$B25<='Tarif DPD'!$G$26),'Tarif DPD'!$H$26,AND($B25>='Tarif DPD'!$G$26,$B25<='Tarif DPD'!$G$27),'Tarif DPD'!$H$27,AND($B25>='Tarif DPD'!$G$27,$B25<='Tarif DPD'!$G$28),'Tarif DPD'!$H$28,AND($B25>='Tarif DPD'!$G$28,$B25<='Tarif DPD'!$G$29),'Tarif DPD'!$H$29,AND($B25>='Tarif DPD'!$G$29,$B25<='Tarif DPD'!$G$30),'Tarif DPD'!$H$30,AND($B25>='Tarif DPD'!$G$30,$B25<='Tarif DPD'!$G$31),'Tarif DPD'!$H$31,AND($B25>='Tarif DPD'!$G$31,$B25<='Tarif DPD'!$G$32),'Tarif DPD'!$H$32,AND($B25>='Tarif DPD'!$G$32,$B25<='Tarif DPD'!$G$33),'Tarif DPD'!$H$33,AND($B25>='Tarif DPD'!$G$33,$B25<='Tarif DPD'!$G$34),'Tarif DPD'!$H$34,AND($B25>='Tarif DPD'!$G$34,$B25<='Tarif DPD'!$G$35),'Tarif DPD'!$H$35,AND($B25>='Tarif DPD'!$G$35,$B25<='Tarif DPD'!$G$36),'Tarif DPD'!$H$36,AND($B25>='Tarif DPD'!$G$36,$B25<='Tarif DPD'!$G$37),'Tarif DPD'!$H$37,AND($B25>='Tarif DPD'!$G$37,$B25<='Tarif DPD'!$G$38),'Tarif DPD'!$H$38,AND($B25>='Tarif DPD'!$G$38,$B25<='Tarif DPD'!$G$39),'Tarif DPD'!$H$39,AND($B25>='Tarif DPD'!$G$39,$B25<='Tarif DPD'!$G$40),'Tarif DPD'!$H$40,AND($B25>='Tarif DPD'!$G$40,$B25<='Tarif DPD'!$G$41),'Tarif DPD'!$H$41,AND($B25>='Tarif DPD'!$G$41,$B25<='Tarif DPD'!$G$42),'Tarif DPD'!$H$42,AND($B25>='Tarif DPD'!$G$42,$B25<='Tarif DPD'!$G$43),'Tarif DPD'!$H$43,AND($B25>='Tarif DPD'!$G$43,$B25<='Tarif DPD'!$G$44),'Tarif DPD'!$H$44,AND($B25>='Tarif DPD'!$G$44,$B25<='Tarif DPD'!$G$45),'Tarif DPD'!$H$45,AND($B25>='Tarif DPD'!$G$45,$B25<='Tarif DPD'!$G$46),'Tarif DPD'!$H$46,$B25>'Tarif DPD'!$G$46,"sur devis") -> #NAME? | E25: =_xlfn.IFS(AND(B25>=0,B25<='Tarif Colissimo2'!$A$5),'Tarif Colissimo2'!$B$5,AND(B25>='Tarif Colissimo2'!$A$5,B25<='Tarif Colissimo2'!$A$6),'Tarif Colissimo2'!$B$6,AND(B25>='Tarif Colissimo2'!$A$6,B25<='Tarif Colissimo2'!$A$7),'Tarif Colissimo2'!$B$7,AND(B25>='Tarif Colissimo2'!$A$7,B25<='Tarif Colissimo2'!$A$8),'Tarif Colissimo2'!$B$8,AND(B25>='Tarif Colissimo2'!$A$8,B25<='Tarif Colissimo2'!$A$9),'Tarif Colissimo2'!$B$9,AND(B25>='Tarif Colissimo2'!$A$9,B25<='Tarif Colissimo2'!$A$10),'Tarif Colissimo2'!$B$10,AND(B25>='Tarif Colissimo2'!$A$10,B25<='Tarif Colissimo2'!$A$11),'Tarif Colissimo2'!$B$11,AND(B25>='Tarif Colissimo2'!$A$11,B25<='Tarif Colissimo2'!$A$12),'Tarif Colissimo2'!$B$12,B25>'Tarif Colissimo2'!A32,"Sur devis") -> #NAME?
A26: AV39903 | C26: 14.99 | D26: =_xlfn.IFS(AND($B26>=0,$B26<='Tarif DPD'!$G$17),'Tarif DPD'!$H$17,AND($B26>='Tarif DPD'!$G$17,$B26<='Tarif DPD'!$G$18),'Tarif DPD'!$H$18,AND($B26>='Tarif DPD'!$G$18,$B26<='Tarif DPD'!$G$19),'Tarif DPD'!$H$19,AND($B26>='Tarif DPD'!$G$19,$B26<='Tarif DPD'!$G$20),'Tarif DPD'!$H$20,AND($B26>='Tarif DPD'!$G$20,$B26<='Tarif DPD'!$G$21),'Tarif DPD'!$H$21,AND($B26>='Tarif DPD'!$G$21,$B26<='Tarif DPD'!$G$22),'Tarif DPD'!$H$22,AND($B26>='Tarif DPD'!$G$22,$B26<='Tarif DPD'!$G$23),'Tarif DPD'!$H$23,AND($B26>='Tarif DPD'!$G$23,$B26<='Tarif DPD'!$G$24),'Tarif DPD'!$H$24,AND($B26>='Tarif DPD'!$G$24,$B26<='Tarif DPD'!$G$25),'Tarif DPD'!$H$25,AND($B26>='Tarif DPD'!$G$25,$B26<='Tarif DPD'!$G$26),'Tarif DPD'!$H$26,AND($B26>='Tarif DPD'!$G$26,$B26<='Tarif DPD'!$G$27),'Tarif DPD'!$H$27,AND($B26>='Tarif DPD'!$G$27,$B26<='Tarif DPD'!$G$28),'Tarif DPD'!$H$28,AND($B26>='Tarif DPD'!$G$28,$B26<='Tarif DPD'!$G$29),'Tarif DPD'!$H$29,AND($B26>='Tarif DPD'!$G$29,$B26<='Tarif DPD'!$G$30),'Tarif DPD'!$H$30,AND($B26>='Tarif DPD'!$G$30,$B26<='Tarif DPD'!$G$31),'Tarif DPD'!$H$31,AND($B26>='Tarif DPD'!$G$31,$B26<='Tarif DPD'!$G$32),'Tarif DPD'!$H$32,AND($B26>='Tarif DPD'!$G$32,$B26<='Tarif DPD'!$G$33),'Tarif DPD'!$H$33,AND($B26>='Tarif DPD'!$G$33,$B26<='Tarif DPD'!$G$34),'Tarif DPD'!$H$34,AND($B26>='Tarif DPD'!$G$34,$B26<='Tarif DPD'!$G$35),'Tarif DPD'!$H$35,AND($B26>='Tarif DPD'!$G$35,$B26<='Tarif DPD'!$G$36),'Tarif DPD'!$H$36,AND($B26>='Tarif DPD'!$G$36,$B26<='Tarif DPD'!$G$37),'Tarif DPD'!$H$37,AND($B26>='Tarif DPD'!$G$37,$B26<='Tarif DPD'!$G$38),'Tarif DPD'!$H$38,AND($B26>='Tarif DPD'!$G$38,$B26<='Tarif DPD'!$G$39),'Tarif DPD'!$H$39,AND($B26>='Tarif DPD'!$G$39,$B26<='Tarif DPD'!$G$40),'Tarif DPD'!$H$40,AND($B26>='Tarif DPD'!$G$40,$B26<='Tarif DPD'!$G$41),'Tarif DPD'!$H$41,AND($B26>='Tarif DPD'!$G$41,$B26<='Tarif DPD'!$G$42),'Tarif DPD'!$H$42,AND($B26>='Tarif DPD'!$G$42,$B26<='Tarif DPD'!$G$43),'Tarif DPD'!$H$43,AND($B26>='Tarif DPD'!$G$43,$B26<='Tarif DPD'!$G$44),'Tarif DPD'!$H$44,AND($B26>='Tarif DPD'!$G$44,$B26<='Tarif DPD'!$G$45),'Tarif DPD'!$H$45,AND($B26>='Tarif DPD'!$G$45,$B26<='Tarif DPD'!$G$46),'Tarif DPD'!$H$46,$B26>'Tarif DPD'!$G$46,"sur devis") -> #NAME? | E26: =_xlfn.IFS(AND(B26>=0,B26<='Tarif Colissimo2'!$A$5),'Tarif Colissimo2'!$B$5,AND(B26>='Tarif Colissimo2'!$A$5,B26<='Tarif Colissimo2'!$A$6),'Tarif Colissimo2'!$B$6,AND(B26>='Tarif Colissimo2'!$A$6,B26<='Tarif Colissimo2'!$A$7),'Tarif Colissimo2'!$B$7,AND(B26>='Tarif Colissimo2'!$A$7,B26<='Tarif Colissimo2'!$A$8),'Tarif Colissimo2'!$B$8,AND(B26>='Tarif Colissimo2'!$A$8,B26<='Tarif Colissimo2'!$A$9),'Tarif Colissimo2'!$B$9,AND(B26>='Tarif Colissimo2'!$A$9,B26<='Tarif Colissimo2'!$A$10),'Tarif Colissimo2'!$B$10,AND(B26>='Tarif Colissimo2'!$A$10,B26<='Tarif Colissimo2'!$A$11),'Tarif Colissimo2'!$B$11,AND(B26>='Tarif Colissimo2'!$A$11,B26<='Tarif Colissimo2'!$A$12),'Tarif Colissimo2'!$B$12,B26>'Tarif Colissimo2'!A33,"Sur devis") -> #NAME?
A27: COD-GUR-WIFI | C27: 199.99 | D27: =_xlfn.IFS(AND($B27>=0,$B27<='Tarif DPD'!$G$17),'Tarif DPD'!$H$17,AND($B27>='Tarif DPD'!$G$17,$B27<='Tarif DPD'!$G$18),'Tarif DPD'!$H$18,AND($B27>='Tarif DPD'!$G$18,$B27<='Tarif DPD'!$G$19),'Tarif DPD'!$H$19,AND($B27>='Tarif DPD'!$G$19,$B27<='Tarif DPD'!$G$20),'Tarif DPD'!$H$20,AND($B27>='Tarif DPD'!$G$20,$B27<='Tarif DPD'!$G$21),'Tarif DPD'!$H$21,AND($B27>='Tarif DPD'!$G$21,$B27<='Tarif DPD'!$G$22),'Tarif DPD'!$H$22,AND($B27>='Tarif DPD'!$G$22,$B27<='Tarif DPD'!$G$23),'Tarif DPD'!$H$23,AND($B27>='Tarif DPD'!$G$23,$B27<='Tarif DPD'!$G$24),'Tarif DPD'!$H$24,AND($B27>='Tarif DPD'!$G$24,$B27<='Tarif DPD'!$G$25),'Tarif DPD'!$H$25,AND($B27>='Tarif DPD'!$G$25,$B27<='Tarif DPD'!$G$26),'Tarif DPD'!$H$26,AND($B27>='Tarif DPD'!$G$26,$B27<='Tarif DPD'!$G$27),'Tarif DPD'!$H$27,AND($B27>='Tarif DPD'!$G$27,$B27<='Tarif DPD'!$G$28),'Tarif DPD'!$H$28,AND($B27>='Tarif DPD'!$G$28,$B27<='Tarif DPD'!$G$29),'Tarif DPD'!$H$29,AND($B27>='Tarif DPD'!$G$29,$B27<='Tarif DPD'!$G$30),'Tarif DPD'!$H$30,AND($B27>='Tarif DPD'!$G$30,$B27<='Tarif DPD'!$G$31),'Tarif DPD'!$H$31,AND($B27>='Tarif DPD'!$G$31,$B27<='Tarif DPD'!$G$32),'Tarif DPD'!$H$32,AND($B27>='Tarif DPD'!$G$32,$B27<='Tarif DPD'!$G$33),'Tarif DPD'!$H$33,AND($B27>='Tarif DPD'!$G$33,$B27<='Tarif DPD'!$G$34),'Tarif DPD'!$H$34,AND($B27>='Tarif DPD'!$G$34,$B27<='Tarif DPD'!$G$35),'Tarif DPD'!$H$35,AND($B27>='Tarif DPD'!$G$35,$B27<='Tarif DPD'!$G$36),'Tarif DPD'!$H$36,AND($B27>='Tarif DPD'!$G$36,$B27<='Tarif DPD'!$G$37),'Tarif DPD'!$H$37,AND($B27>='Tarif DPD'!$G$37,$B27<='Tarif DPD'!$G$38),'Tarif DPD'!$H$38,AND($B27>='Tarif DPD'!$G$38,$B27<='Tarif DPD'!$G$39),'Tarif DPD'!$H$39,AND($B27>='Tarif DPD'!$G$39,$B27<='Tarif DPD'!$G$40),'Tarif DPD'!$H$40,AND($B27>='Tarif DPD'!$G$40,$B27<='Tarif DPD'!$G$41),'Tarif DPD'!$H$41,AND($B27>='Tarif DPD'!$G$41,$B27<='Tarif DPD'!$G$42),'Tarif DPD'!$H$42,AND($B27>='Tarif DPD'!$G$42,$B27<='Tarif DPD'!$G$43),'Tarif DPD'!$H$43,AND($B27>='Tarif DPD'!$G$43,$B27<='Tarif DPD'!$G$44),'Tarif DPD'!$H$44,AND($B27>='Tarif DPD'!$G$44,$B27<='Tarif DPD'!$G$45),'Tarif DPD'!$H$45,AND($B27>='Tarif DPD'!$G$45,$B27<='Tarif DPD'!$G$46),'Tarif DPD'!$H$46,$B27>'Tarif DPD'!$G$46,"sur devis") -> #NAME? | E27: =_xlfn.IFS(AND(B27>=0,B27<='Tarif Colissimo2'!$A$5),'Tarif Colissimo2'!$B$5,AND(B27>='Tarif Colissimo2'!$A$5,B27<='Tarif Colissimo2'!$A$6),'Tarif Colissimo2'!$B$6,AND(B27>='Tarif Colissimo2'!$A$6,B27<='Tarif Colissimo2'!$A$7),'Tarif Colissimo2'!$B$7,AND(B27>='Tarif Colissimo2'!$A$7,B27<='Tarif Colissimo2'!$A$8),'Tarif Colissimo2'!$B$8,AND(B27>='Tarif Colissimo2'!$A$8,B27<='Tarif Colissimo2'!$A$9),'Tarif Colissimo2'!$B$9,AND(B27>='Tarif Colissimo2'!$A$9,B27<='Tarif Colissimo2'!$A$10),'Tarif Colissimo2'!$B$10,AND(B27>='Tarif Colissimo2'!$A$10,B27<='Tarif Colissimo2'!$A$11),'Tarif Colissimo2'!$B$11,AND(B27>='Tarif Colissimo2'!$A$11,B27<='Tarif Colissimo2'!$A$12),'Tarif Colissimo2'!$B$12,B27>'Tarif Colissimo2'!A34,"Sur devis") -> #NAME?
A28: COD-QDR-BTSNG | B28: 0.577 | C28: 79.99 | D28: =_xlfn.IFS(AND($B28>=0,$B28<='Tarif DPD'!$G$17),'Tarif DPD'!$H$17,AND($B28>='Tarif DPD'!$G$17,$B28<='Tarif DPD'!$G$18),'Tarif DPD'!$H$18,AND($B28>='Tarif DPD'!$G$18,$B28<='Tarif DPD'!$G$19),'Tarif DPD'!$H$19,AND($B28>='Tarif DPD'!$G$19,$B28<='Tarif DPD'!$G$20),'Tarif DPD'!$H$20,AND($B28>='Tarif DPD'!$G$20,$B28<='Tarif DPD'!$G$21),'Tarif DPD'!$H$21,AND($B28>='Tarif DPD'!$G$21,$B28<='Tarif DPD'!$G$22),'Tarif DPD'!$H$22,AND($B28>='Tarif DPD'!$G$22,$B28<='Tarif DPD'!$G$23),'Tarif DPD'!$H$23,AND($B28>='Tarif DPD'!$G$23,$B28<='Tarif DPD'!$G$24),'Tarif DPD'!$H$24,AND($B28>='Tarif DPD'!$G$24,$B28<='Tarif DPD'!$G$25),'Tarif DPD'!$H$25,AND($B28>='Tarif DPD'!$G$25,$B28<='Tarif DPD'!$G$26),'Tarif DPD'!$H$26,AND($B28>='Tarif DPD'!$G$26,$B28<='Tarif DPD'!$G$27),'Tarif DPD'!$H$27,AND($B28>='Tarif DPD'!$G$27,$B28<='Tarif DPD'!$G$28),'Tarif DPD'!$H$28,AND($B28>='Tarif DPD'!$G$28,$B28<='Tarif DPD'!$G$29),'Tarif DPD'!$H$29,AND($B28>='Tarif DPD'!$G$29,$B28<='Tarif DPD'!$G$30),'Tarif DPD'!$H$30,AND($B28>='Tarif DPD'!$G$30,$B28<='Tarif DPD'!$G$31),'Tarif DPD'!$H$31,AND($B28>='Tarif DPD'!$G$31,$B28<='Tarif DPD'!$G$32),'Tarif DPD'!$H$32,AND($B28>='Tarif DPD'!$G$32,$B28<='Tarif DPD'!$G$33),'Tarif DPD'!$H$33,AND($B28>='Tarif DPD'!$G$33,$B28<='Tarif DPD'!$G$34),'Tarif DPD'!$H$34,AND($B28>='Tarif DPD'!$G$34,$B28<='Tarif DPD'!$G$35),'Tarif DPD'!$H$35,AND($B28>='Tarif DPD'!$G$35,$B28<='Tarif DPD'!$G$36),'Tarif DPD'!$H$36,AND($B28>='Tarif DPD'!$G$36,$B28<='Tarif DPD'!$G$37),'Tarif DPD'!$H$37,AND($B28>='Tarif DPD'!$G$37,$B28<='Tarif DPD'!$G$38),'Tarif DPD'!$H$38,AND($B28>='Tarif DPD'!$G$38,$B28<='Tarif DPD'!$G$39),'Tarif DPD'!$H$39,AND($B28>='Tarif DPD'!$G$39,$B28<='Tarif DPD'!$G$40),'Tarif DPD'!$H$40,AND($B28>='Tarif DPD'!$G$40,$B28<='Tarif DPD'!$G$41),'Tarif DPD'!$H$41,AND($B28>='Tarif DPD'!$G$41,$B28<='Tarif DPD'!$G$42),'Tarif DPD'!$H$42,AND($B28>='Tarif DPD'!$G$42,$B28<='Tarif DPD'!$G$43),'Tarif DPD'!$H$43,AND($B28>='Tarif DPD'!$G$43,$B28<='Tarif DPD'!$G$44),'Tarif DPD'!$H$44,AND($B28>='Tarif DPD'!$G$44,$B28<='Tarif DPD'!$G$45),'Tarif DPD'!$H$45,AND($B28>='Tarif DPD'!$G$45,$B28<='Tarif DPD'!$G$46),'Tarif DPD'!$H$46,$B28>'Tarif DPD'!$G$46,"sur devis") -> #NAME? | E28: =_xlfn.IFS(AND(B28>=0,B28<='Tarif Colissimo2'!$A$5),'Tarif Colissimo2'!$B$5,AND(B28>='Tarif Colissimo2'!$A$5,B28<='Tarif Colissimo2'!$A$6),'Tarif Colissimo2'!$B$6,AND(B28>='Tarif Colissimo2'!$A$6,B28<='Tarif Colissimo2'!$A$7),'Tarif Colissimo2'!$B$7,AND(B28>='Tarif Colissimo2'!$A$7,B28<='Tarif Colissimo2'!$A$8),'Tarif Colissimo2'!$B$8,AND(B28>='Tarif Colissimo2'!$A$8,B28<='Tarif Colissimo2'!$A$9),'Tarif Colissimo2'!$B$9,AND(B28>='Tarif Colissimo2'!$A$9,B28<='Tarif Colissimo2'!$A$10),'Tarif Colissimo2'!$B$10,AND(B28>='Tarif Colissimo2'!$A$10,B28<='Tarif Colissimo2'!$A$11),'Tarif Colissimo2'!$B$11,AND(B28>='Tarif Colissimo2'!$A$11,B28<='Tarif Colissimo2'!$A$12),'Tarif Colissimo2'!$B$12,B28>'Tarif Colissimo2'!A35,"Sur devis") -> #NAME?
A29: COD-QDR-DF | B29: 1.04 | C29: 149.99 | D29: =_xlfn.IFS(AND($B29>=0,$B29<='Tarif DPD'!$G$17),'Tarif DPD'!$H$17,AND($B29>='Tarif DPD'!$G$17,$B29<='Tarif DPD'!$G$18),'Tarif DPD'!$H$18,AND($B29>='Tarif DPD'!$G$18,$B29<='Tarif DPD'!$G$19),'Tarif DPD'!$H$19,AND($B29>='Tarif DPD'!$G$19,$B29<='Tarif DPD'!$G$20),'Tarif DPD'!$H$20,AND($B29>='Tarif DPD'!$G$20,$B29<='Tarif DPD'!$G$21),'Tarif DPD'!$H$21,AND($B29>='Tarif DPD'!$G$21,$B29<='Tarif DPD'!$G$22),'Tarif DPD'!$H$22,AND($B29>='Tarif DPD'!$G$22,$B29<='Tarif DPD'!$G$23),'Tarif DPD'!$H$23,AND($B29>='Tarif DPD'!$G$23,$B29<='Tarif DPD'!$G$24),'Tarif DPD'!$H$24,AND($B29>='Tarif DPD'!$G$24,$B29<='Tarif DPD'!$G$25),'Tarif DPD'!$H$25,AND($B29>='Tarif DPD'!$G$25,$B29<='Tarif DPD'!$G$26),'Tarif DPD'!$H$26,AND($B29>='Tarif DPD'!$G$26,$B29<='Tarif DPD'!$G$27),'Tarif DPD'!$H$27,AND($B29>='Tarif DPD'!$G$27,$B29<='Tarif DPD'!$G$28),'Tarif DPD'!$H$28,AND($B29>='Tarif DPD'!$G$28,$B29<='Tarif DPD'!$G$29),'Tarif DPD'!$H$29,AND($B29>='Tarif DPD'!$G$29,$B29<='Tarif DPD'!$G$30),'Tarif DPD'!$H$30,AND($B29>='Tarif DPD'!$G$30,$B29<='Tarif DPD'!$G$31),'Tarif DPD'!$H$31,AND($B29>='Tarif DPD'!$G$31,$B29<='Tarif DPD'!$G$32),'Tarif DPD'!$H$32,AND($B29>='Tarif DPD'!$G$32,$B29<='Tarif DPD'!$G$33),'Tarif DPD'!$H$33,AND($B29>='Tarif DPD'!$G$33,$B29<='Tarif DPD'!$G$34),'Tarif DPD'!$H$34,AND($B29>='Tarif DPD'!$G$34,$B29<='Tarif DPD'!$G$35),'Tarif DPD'!$H$35,AND($B29>='Tarif DPD'!$G$35,$B29<='Tarif DPD'!$G$36),'Tarif DPD'!$H$36,AND($B29>='Tarif DPD'!$G$36,$B29<='Tarif DPD'!$G$37),'Tarif DPD'!$H$37,AND($B29>='Tarif DPD'!$G$37,$B29<='Tarif DPD'!$G$38),'Tarif DPD'!$H$38,AND($B29>='Tarif DPD'!$G$38,$B29<='Tarif DPD'!$G$39),'Tarif DPD'!$H$39,AND($B29>='Tarif DPD'!$G$39,$B29<='Tarif DPD'!$G$40),'Tarif DPD'!$H$40,AND($B29>='Tarif DPD'!$G$40,$B29<='Tarif DPD'!$G$41),'Tarif DPD'!$H$41,AND($B29>='Tarif DPD'!$G$41,$B29<='Tarif DPD'!$G$42),'Tarif DPD'!$H$42,AND($B29>='Tarif DPD'!$G$42,$B29<='Tarif DPD'!$G$43),'Tarif DPD'!$H$43,AND($B29>='Tarif DPD'!$G$43,$B29<='Tarif DPD'!$G$44),'Tarif DPD'!$H$44,AND($B29>='Tarif DPD'!$G$44,$B29<='Tarif DPD'!$G$45),'Tarif DPD'!$H$45,AND($B29>='Tarif DPD'!$G$45,$B29<='Tarif DPD'!$G$46),'Tarif DPD'!$H$46,$B29>'Tarif DPD'!$G$46,"sur devis") -> #NAME? | E29: =_xlfn.IFS(AND(B29>=0,B29<='Tarif Colissimo2'!$A$5),'Tarif Colissimo2'!$B$5,AND(B29>='Tarif Colissimo2'!$A$5,B29<='Tarif Colissimo2'!$A$6),'Tarif Colissimo2'!$B$6,AND(B29>='Tarif Colissimo2'!$A$6,B29<='Tarif Colissimo2'!$A$7),'Tarif Colissimo2'!$B$7,AND(B29>='Tarif Colissimo2'!$A$7,B29<='Tarif Colissimo2'!$A$8),'Tarif Colissimo2'!$B$8,AND(B29>='Tarif Colissimo2'!$A$8,B29<='Tarif Colissimo2'!$A$9),'Tarif Colissimo2'!$B$9,AND(B29>='Tarif Colissimo2'!$A$9,B29<='Tarif Colissimo2'!$A$10),'Tarif Colissimo2'!$B$10,AND(B29>='Tarif Colissimo2'!$A$10,B29<='Tarif Colissimo2'!$A$11),'Tarif Colissimo2'!$B$11,AND(B29>='Tarif Colissimo2'!$A$11,B29<='Tarif Colissimo2'!$A$12),'Tarif Colissimo2'!$B$12,B29>'Tarif Colissimo2'!A36,"Sur devis") -> #NAME?
A30: COD-QDR-DW | B30: 1.04 | C30: 169.99 | D30: =_xlfn.IFS(AND($B30>=0,$B30<='Tarif DPD'!$G$17),'Tarif DPD'!$H$17,AND($B30>='Tarif DPD'!$G$17,$B30<='Tarif DPD'!$G$18),'Tarif DPD'!$H$18,AND($B30>='Tarif DPD'!$G$18,$B30<='Tarif DPD'!$G$19),'Tarif DPD'!$H$19,AND($B30>='Tarif DPD'!$G$19,$B30<='Tarif DPD'!$G$20),'Tarif DPD'!$H$20,AND($B30>='Tarif DPD'!$G$20,$B30<='Tarif DPD'!$G$21),'Tarif DPD'!$H$21,AND($B30>='Tarif DPD'!$G$21,$B30<='Tarif DPD'!$G$22),'Tarif DPD'!$H$22,AND($B30>='Tarif DPD'!$G$22,$B30<='Tarif DPD'!$G$23),'Tarif DPD'!$H$23,AND($B30>='Tarif DPD'!$G$23,$B30<='Tarif DPD'!$G$24),'Tarif DPD'!$H$24,AND($B30>='Tarif DPD'!$G$24,$B30<='Tarif DPD'!$G$25),'Tarif DPD'!$H$25,AND($B30>='Tarif DPD'!$G$25,$B30<='Tarif DPD'!$G$26),'Tarif DPD'!$H$26,AND($B30>='Tarif DPD'!$G$26,$B30<='Tarif DPD'!$G$27),'Tarif DPD'!$H$27,AND($B30>='Tarif DPD'!$G$27,$B30<='Tarif DPD'!$G$28),'Tarif DPD'!$H$28,AND($B30>='Tarif DPD'!$G$28,$B30<='Tarif DPD'!$G$29),'Tarif DPD'!$H$29,AND($B30>='Tarif DPD'!$G$29,$B30<='Tarif DPD'!$G$30),'Tarif DPD'!$H$30,AND($B30>='Tarif DPD'!$G$30,$B30<='Tarif DPD'!$G$31),'Tarif DPD'!$H$31,AND($B30>='Tarif DPD'!$G$31,$B30<='Tarif DPD'!$G$32),'Tarif DPD'!$H$32,AND($B30>='Tarif DPD'!$G$32,$B30<='Tarif DPD'!$G$33),'Tarif DPD'!$H$33,AND($B30>='Tarif DPD'!$G$33,$B30<='Tarif DPD'!$G$34),'Tarif DPD'!$H$34,AND($B30>='Tarif DPD'!$G$34,$B30<='Tarif DPD'!$G$35),'Tarif DPD'!$H$35,AND($B30>='Tarif DPD'!$G$35,$B30<='Tarif DPD'!$G$36),'Tarif DPD'!$H$36,AND($B30>='Tarif DPD'!$G$36,$B30<='Tarif DPD'!$G$37),'Tarif DPD'!$H$37,AND($B30>='Tarif DPD'!$G$37,$B30<='Tarif DPD'!$G$38),'Tarif DPD'!$H$38,AND($B30>='Tarif DPD'!$G$38,$B30<='Tarif DPD'!$G$39),'Tarif DPD'!$H$39,AND($B30>='Tarif DPD'!$G$39,$B30<='Tarif DPD'!$G$40),'Tarif DPD'!$H$40,AND($B30>='Tarif DPD'!$G$40,$B30<='Tarif DPD'!$G$41),'Tarif DPD'!$H$41,AND($B30>='Tarif DPD'!$G$41,$B30<='Tarif DPD'!$G$42),'Tarif DPD'!$H$42,AND($B30>='Tarif DPD'!$G$42,$B30<='Tarif DPD'!$G$43),'Tarif DPD'!$H$43,AND($B30>='Tarif DPD'!$G$43,$B30<='Tarif DPD'!$G$44),'Tarif DPD'!$H$44,AND($B30>='Tarif DPD'!$G$44,$B30<='Tarif DPD'!$G$45),'Tarif DPD'!$H$45,AND($B30>='Tarif DPD'!$G$45,$B30<='Tarif DPD'!$G$46),'Tarif DPD'!$H$46,$B30>'Tarif DPD'!$G$46,"sur devis") -> #NAME? | E30: =_xlfn.IFS(AND(B30>=0,B30<='Tarif Colissimo2'!$A$5),'Tarif Colissimo2'!$B$5,AND(B30>='Tarif Colissimo2'!$A$5,B30<='Tarif Colissimo2'!$A$6),'Tarif Colissimo2'!$B$6,AND(B30>='Tarif Colissimo2'!$A$6,B30<='Tarif Colissimo2'!$A$7),'Tarif Colissimo2'!$B$7,AND(B30>='Tarif Colissimo2'!$A$7,B30<='Tarif Colissimo2'!$A$8),'Tarif Colissimo2'!$B$8,AND(B30>='Tarif Colissimo2'!$A$8,B30<='Tarif Colissimo2'!$A$9),'Tarif Colissimo2'!$B$9,AND(B30>='Tarif Colissimo2'!$A$9,B30<='Tarif Colissimo2'!$A$10),'Tarif Colissimo2'!$B$10,AND(B30>='Tarif Colissimo2'!$A$10,B30<='Tarif Colissimo2'!$A$11),'Tarif Colissimo2'!$B$11,AND(B30>='Tarif Colissimo2'!$A$11,B30<='Tarif Colissimo2'!$A$12),'Tarif Colissimo2'!$B$12,B30>'Tarif Colissimo2'!A37,"Sur devis") -> #NAME?
A31: COD-QDR-MQ27 | B31: 0.7 | C31: 59.99 | D31: =_xlfn.IFS(AND($B31>=0,$B31<='Tarif DPD'!$G$17),'Tarif DPD'!$H$17,AND($B31>='Tarif DPD'!$G$17,$B31<='Tarif DPD'!$G$18),'Tarif DPD'!$H$18,AND($B31>='Tarif DPD'!$G$18,$B31<='Tarif DPD'!$G$19),'Tarif DPD'!$H$19,AND($B31>='Tarif DPD'!$G$19,$B31<='Tarif DPD'!$G$20),'Tarif DPD'!$H$20,AND($B31>='Tarif DPD'!$G$20,$B31<='Tarif DPD'!$G$21),'Tarif DPD'!$H$21,AND($B31>='Tarif DPD'!$G$21,$B31<='Tarif DPD'!$G$22),'Tarif DPD'!$H$22,AND($B31>='Tarif DPD'!$G$22,$B31<='Tarif DPD'!$G$23),'Tarif DPD'!$H$23,AND($B31>='Tarif DPD'!$G$23,$B31<='Tarif DPD'!$G$24),'Tarif DPD'!$H$24,AND($B31>='Tarif DPD'!$G$24,$B31<='Tarif DPD'!$G$25),'Tarif DPD'!$H$25,AND($B31>='Tarif DPD'!$G$25,$B31<='Tarif DPD'!$G$26),'Tarif DPD'!$H$26,AND($B31>='Tarif DPD'!$G$26,$B31<='Tarif DPD'!$G$27),'Tarif DPD'!$H$27,AND($B31>='Tarif DPD'!$G$27,$B31<='Tarif DPD'!$G$28),'Tarif DPD'!$H$28,AND($B31>='Tarif DPD'!$G$28,$B31<='Tarif DPD'!$G$29),'Tarif DPD'!$H$29,AND($B31>='Tarif DPD'!$G$29,$B31<='Tarif DPD'!$G$30),'Tarif DPD'!$H$30,AND($B31>='Tarif DPD'!$G$30,$B31<='Tarif DPD'!$G$31),'Tarif DPD'!$H$31,AND($B31>='Tarif DPD'!$G$31,$B31<='Tarif DPD'!$G$32),'Tarif DPD'!$H$32,AND($B31>='Tarif DPD'!$G$32,$B31<='Tarif DPD'!$G$33),'Tarif DPD'!$H$33,AND($B31>='Tarif DPD'!$G$33,$B31<='Tarif DPD'!$G$34),'Tarif DPD'!$H$34,AND($B31>='Tarif DPD'!$G$34,$B31<='Tarif DPD'!$G$35),'Tarif DPD'!$H$35,AND($B31>='Tarif DPD'!$G$35,$B31<='Tarif DPD'!$G$36),'Tarif DPD'!$H$36,AND($B31>='Tarif DPD'!$G$36,$B31<='Tarif DPD'!$G$37),'Tarif DPD'!$H$37,AND($B31>='Tarif DPD'!$G$37,$B31<='Tarif DPD'!$G$38),'Tarif DPD'!$H$38,AND($B31>='Tarif DPD'!$G$38,$B31<='Tarif DPD'!$G$39),'Tarif DPD'!$H$39,AND($B31>='Tarif DPD'!$G$39,$B31<='Tarif DPD'!$G$40),'Tarif DPD'!$H$40,AND($B31>='Tarif DPD'!$G$40,$B31<='Tarif DPD'!$G$41),'Tarif DPD'!$H$41,AND($B31>='Tarif DPD'!$G$41,$B31<='Tarif DPD'!$G$42),'Tarif DPD'!$H$42,AND($B31>='Tarif DPD'!$G$42,$B31<='Tarif DPD'!$G$43),'Tarif DPD'!$H$43,AND($B31>='Tarif DPD'!$G$43,$B31<='Tarif DPD'!$G$44),'Tarif DPD'!$H$44,AND($B31>='Tarif DPD'!$G$44,$B31<='Tarif DPD'!$G$45),'Tarif DPD'!$H$45,AND($B31>='Tarif DPD'!$G$45,$B31<='Tarif DPD'!$G$46),'Tarif DPD'!$H$46,$B31>'Tarif DPD'!$G$46,"sur devis") -> #NAME? | E31: =_xlfn.IFS(AND(B31>=0,B31<='Tarif Colissimo2'!$A$5),'Tarif Colissimo2'!$B$5,AND(B31>='Tarif Colissimo2'!$A$5,B31<='Tarif Colissimo2'!$A$6),'Tarif Colissimo2'!$B$6,AND(B31>='Tarif Colissimo2'!$A$6,B31<='Tarif Colissimo2'!$A$7),'Tarif Colissimo2'!$B$7,AND(B31>='Tarif Colissimo2'!$A$7,B31<='Tarif Colissimo2'!$A$8),'Tarif Colissimo2'!$B$8,AND(B31>='Tarif Colissimo2'!$A$8,B31<='Tarif Colissimo2'!$A$9),'Tarif Colissimo2'!$B$9,AND(B31>='Tarif Colissimo2'!$A$9,B31<='Tarif Colissimo2'!$A$10),'Tarif Colissimo2'!$B$10,AND(B31>='Tarif Colissimo2'!$A$10,B31<='Tarif Colissimo2'!$A$11),'Tarif Colissimo2'!$B$11,AND(B31>='Tarif Colissimo2'!$A$11,B31<='Tarif Colissimo2'!$A$12),'Tarif Colissimo2'!$B$12,B31>'Tarif Colissimo2'!A38,"Sur devis") -> #NAME?
A32: CR-136 | B32: 0.19 | C32: 19.99 | D32: =_xlfn.IFS(AND($B32>=0,$B32<='Tarif DPD'!$G$17),'Tarif DPD'!$H$17,AND($B32>='Tarif DPD'!$G$17,$B32<='Tarif DPD'!$G$18),'Tarif DPD'!$H$18,AND($B32>='Tarif DPD'!$G$18,$B32<='Tarif DPD'!$G$19),'Tarif DPD'!$H$19,AND($B32>='Tarif DPD'!$G$19,$B32<='Tarif DPD'!$G$20),'Tarif DPD'!$H$20,AND($B32>='Tarif DPD'!$G$20,$B32<='Tarif DPD'!$G$21),'Tarif DPD'!$H$21,AND($B32>='Tarif DPD'!$G$21,$B32<='Tarif DPD'!$G$22),'Tarif DPD'!$H$22,AND($B32>='Tarif DPD'!$G$22,$B32<='Tarif DPD'!$G$23),'Tarif DPD'!$H$23,AND($B32>='Tarif DPD'!$G$23,$B32<='Tarif DPD'!$G$24),'Tarif DPD'!$H$24,AND($B32>='Tarif DPD'!$G$24,$B32<='Tarif DPD'!$G$25),'Tarif DPD'!$H$25,AND($B32>='Tarif DPD'!$G$25,$B32<='Tarif DPD'!$G$26),'Tarif DPD'!$H$26,AND($B32>='Tarif DPD'!$G$26,$B32<='Tarif DPD'!$G$27),'Tarif DPD'!$H$27,AND($B32>='Tarif DPD'!$G$27,$B32<='Tarif DPD'!$G$28),'Tarif DPD'!$H$28,AND($B32>='Tarif DPD'!$G$28,$B32<='Tarif DPD'!$G$29),'Tarif DPD'!$H$29,AND($B32>='Tarif DPD'!$G$29,$B32<='Tarif DPD'!$G$30),'Tarif DPD'!$H$30,AND($B32>='Tarif DPD'!$G$30,$B32<='Tarif DPD'!$G$31),'Tarif DPD'!$H$31,AND($B32>='Tarif DPD'!$G$31,$B32<='Tarif DPD'!$G$32),'Tarif DPD'!$H$32,AND($B32>='Tarif DPD'!$G$32,$B32<='Tarif DPD'!$G$33),'Tarif DPD'!$H$33,AND($B32>='Tarif DPD'!$G$33,$B32<='Tarif DPD'!$G$34),'Tarif DPD'!$H$34,AND($B32>='Tarif DPD'!$G$34,$B32<='Tarif DPD'!$G$35),'Tarif DPD'!$H$35,AND($B32>='Tarif DPD'!$G$35,$B32<='Tarif DPD'!$G$36),'Tarif DPD'!$H$36,AND($B32>='Tarif DPD'!$G$36,$B32<='Tarif DPD'!$G$37),'Tarif DPD'!$H$37,AND($B32>='Tarif DPD'!$G$37,$B32<='Tarif DPD'!$G$38),'Tarif DPD'!$H$38,AND($B32>='Tarif DPD'!$G$38,$B32<='Tarif DPD'!$G$39),'Tarif DPD'!$H$39,AND($B32>='Tarif DPD'!$G$39,$B32<='Tarif DPD'!$G$40),'Tarif DPD'!$H$40,AND($B32>='Tarif DPD'!$G$40,$B32<='Tarif DPD'!$G$41),'Tarif DPD'!$H$41,AND($B32>='Tarif DPD'!$G$41,$B32<='Tarif DPD'!$G$42),'Tarif DPD'!$H$42,AND($B32>='Tarif DPD'!$G$42,$B32<='Tarif DPD'!$G$43),'Tarif DPD'!$H$43,AND($B32>='Tarif DPD'!$G$43,$B32<='Tarif DPD'!$G$44),'Tarif DPD'!$H$44,AND($B32>='Tarif DPD'!$G$44,$B32<='Tarif DPD'!$G$45),'Tarif DPD'!$H$45,AND($B32>='Tarif DPD'!$G$45,$B32<='Tarif DPD'!$G$46),'Tarif DPD'!$H$46,$B32>'Tarif DPD'!$G$46,"sur devis") -> #NAME? | E32: =_xlfn.IFS(AND(B32>=0,B32<='Tarif Colissimo2'!$A$5),'Tarif Colissimo2'!$B$5,AND(B32>='Tarif Colissimo2'!$A$5,B32<='Tarif Colissimo2'!$A$6),'Tarif Colissimo2'!$B$6,AND(B32>='Tarif Colissimo2'!$A$6,B32<='Tarif Colissimo2'!$A$7),'Tarif Colissimo2'!$B$7,AND(B32>='Tarif Colissimo2'!$A$7,B32<='Tarif Colissimo2'!$A$8),'Tarif Colissimo2'!$B$8,AND(B32>='Tarif Colissimo2'!$A$8,B32<='Tarif Colissimo2'!$A$9),'Tarif Colissimo2'!$B$9,AND(B32>='Tarif Colissimo2'!$A$9,B32<='Tarif Colissimo2'!$A$10),'Tarif Colissimo2'!$B$10,AND(B32>='Tarif Colissimo2'!$A$10,B32<='Tarif Colissimo2'!$A$11),'Tarif Colissimo2'!$B$11,AND(B32>='Tarif Colissimo2'!$A$11,B32<='Tarif Colissimo2'!$A$12),'Tarif Colissimo2'!$B$12,B32>'Tarif Colissimo2'!A39,"Sur devis") -> #NAME?
A33: CR-140 | B33: 0.2 | C33: 24.99 | D33: =_xlfn.IFS(AND($B33>=0,$B33<='Tarif DPD'!$G$17),'Tarif DPD'!$H$17,AND($B33>='Tarif DPD'!$G$17,$B33<='Tarif DPD'!$G$18),'Tarif DPD'!$H$18,AND($B33>='Tarif DPD'!$G$18,$B33<='Tarif DPD'!$G$19),'Tarif DPD'!$H$19,AND($B33>='Tarif DPD'!$G$19,$B33<='Tarif DPD'!$G$20),'Tarif DPD'!$H$20,AND($B33>='Tarif DPD'!$G$20,$B33<='Tarif DPD'!$G$21),'Tarif DPD'!$H$21,AND($B33>='Tarif DPD'!$G$21,$B33<='Tarif DPD'!$G$22),'Tarif DPD'!$H$22,AND($B33>='Tarif DPD'!$G$22,$B33<='Tarif DPD'!$G$23),'Tarif DPD'!$H$23,AND($B33>='Tarif DPD'!$G$23,$B33<='Tarif DPD'!$G$24),'Tarif DPD'!$H$24,AND($B33>='Tarif DPD'!$G$24,$B33<='Tarif DPD'!$G$25),'Tarif DPD'!$H$25,AND($B33>='Tarif DPD'!$G$25,$B33<='Tarif DPD'!$G$26),'Tarif DPD'!$H$26,AND($B33>='Tarif DPD'!$G$26,$B33<='Tarif DPD'!$G$27),'Tarif DPD'!$H$27,AND($B33>='Tarif DPD'!$G$27,$B33<='Tarif DPD'!$G$28),'Tarif DPD'!$H$28,AND($B33>='Tarif DPD'!$G$28,$B33<='Tarif DPD'!$G$29),'Tarif DPD'!$H$29,AND($B33>='Tarif DPD'!$G$29,$B33<='Tarif DPD'!$G$30),'Tarif DPD'!$H$30,AND($B33>='Tarif DPD'!$G$30,$B33<='Tarif DPD'!$G$31),'Tarif DPD'!$H$31,AND($B33>='Tarif DPD'!$G$31,$B33<='Tarif DPD'!$G$32),'Tarif DPD'!$H$32,AND($B33>='Tarif DPD'!$G$32,$B33<='Tarif DPD'!$G$33),'Tarif DPD'!$H$33,AND($B33>='Tarif DPD'!$G$33,$B33<='Tarif DPD'!$G$34),'Tarif DPD'!$H$34,AND($B33>='Tarif DPD'!$G$34,$B33<='Tarif DPD'!$G$35),'Tarif DPD'!$H$35,AND($B33>='Tarif DPD'!$G$35,$B33<='Tarif DPD'!$G$36),'Tarif DPD'!$H$36,AND($B33>='Tarif DPD'!$G$36,$B33<='Tarif DPD'!$G$37),'Tarif DPD'!$H$37,AND($B33>='Tarif DPD'!$G$37,$B33<='Tarif DPD'!$G$38),'Tarif DPD'!$H$38,AND($B33>='Tarif DPD'!$G$38,$B33<='Tarif DPD'!$G$39),'Tarif DPD'!$H$39,AND($B33>='Tarif DPD'!$G$39,$B33<='Tarif DPD'!$G$40),'Tarif DPD'!$H$40,AND($B33>='Tarif DPD'!$G$40,$B33<='Tarif DPD'!$G$41),'Tarif DPD'!$H$41,AND($B33>='Tarif DPD'!$G$41,$B33<='Tarif DPD'!$G$42),'Tarif DPD'!$H$42,AND($B33>='Tarif DPD'!$G$42,$B33<='Tarif DPD'!$G$43),'Tarif DPD'!$H$43,AND($B33>='Tarif DPD'!$G$43,$B33<='Tarif DPD'!$G$44),'Tarif DPD'!$H$44,AND($B33>='Tarif DPD'!$G$44,$B33<='Tarif DPD'!$G$45),'Tarif DPD'!$H$45,AND($B33>='Tarif DPD'!$G$45,$B33<='Tarif DPD'!$G$46),'Tarif DPD'!$H$46,$B33>'Tarif DPD'!$G$46,"sur devis") -> #NAME? | E33: =_xlfn.IFS(AND(B33>=0,B33<='Tarif Colissimo2'!$A$5),'Tarif Colissimo2'!$B$5,AND(B33>='Tarif Colissimo2'!$A$5,B33<='Tarif Colissimo2'!$A$6),'Tarif Colissimo2'!$B$6,AND(B33>='Tarif Colissimo2'!$A$6,B33<='Tarif Colissimo2'!$A$7),'Tarif Colissimo2'!$B$7,AND(B33>='Tarif Colissimo2'!$A$7,B33<='Tarif Colissimo2'!$A$8),'Tarif Colissimo2'!$B$8,AND(B33>='Tarif Colissimo2'!$A$8,B33<='Tarif Colissimo2'!$A$9),'Tarif Colissimo2'!$B$9,AND(B33>='Tarif Colissimo2'!$A$9,B33<='Tarif Colissimo2'!$A$10),'Tarif Colissimo2'!$B$10,AND(B33>='Tarif Colissimo2'!$A$10,B33<='Tarif Colissimo2'!$A$11),'Tarif Colissimo2'!$B$11,AND(B33>='Tarif Colissimo2'!$A$11,B33<='Tarif Colissimo2'!$A$12),'Tarif Colissimo2'!$B$12,B33>'Tarif Colissimo2'!A40,"Sur devis") -> #NAME?
A34: CR-155 | B34: 0.9 | C34: 29.99 | D34: =_xlfn.IFS(AND($B34>=0,$B34<='Tarif DPD'!$G$17),'Tarif DPD'!$H$17,AND($B34>='Tarif DPD'!$G$17,$B34<='Tarif DPD'!$G$18),'Tarif DPD'!$H$18,AND($B34>='Tarif DPD'!$G$18,$B34<='Tarif DPD'!$G$19),'Tarif DPD'!$H$19,AND($B34>='Tarif DPD'!$G$19,$B34<='Tarif DPD'!$G$20),'Tarif DPD'!$H$20,AND($B34>='Tarif DPD'!$G$20,$B34<='Tarif DPD'!$G$21),'Tarif DPD'!$H$21,AND($B34>='Tarif DPD'!$G$21,$B34<='Tarif DPD'!$G$22),'Tarif DPD'!$H$22,AND($B34>='Tarif DPD'!$G$22,$B34<='Tarif DPD'!$G$23),'Tarif DPD'!$H$23,AND($B34>='Tarif DPD'!$G$23,$B34<='Tarif DPD'!$G$24),'Tarif DPD'!$H$24,AND($B34>='Tarif DPD'!$G$24,$B34<='Tarif DPD'!$G$25),'Tarif DPD'!$H$25,AND($B34>='Tarif DPD'!$G$25,$B34<='Tarif DPD'!$G$26),'Tarif DPD'!$H$26,AND($B34>='Tarif DPD'!$G$26,$B34<='Tarif DPD'!$G$27),'Tarif DPD'!$H$27,AND($B34>='Tarif DPD'!$G$27,$B34<='Tarif DPD'!$G$28),'Tarif DPD'!$H$28,AND($B34>='Tarif DPD'!$G$28,$B34<='Tarif DPD'!$G$29),'Tarif DPD'!$H$29,AND($B34>='Tarif DPD'!$G$29,$B34<='Tarif DPD'!$G$30),'Tarif DPD'!$H$30,AND($B34>='Tarif DPD'!$G$30,$B34<='Tarif DPD'!$G$31),'Tarif DPD'!$H$31,AND($B34>='Tarif DPD'!$G$31,$B34<='Tarif DPD'!$G$32),'Tarif DPD'!$H$32,AND($B34>='Tarif DPD'!$G$32,$B34<='Tarif DPD'!$G$33),'Tarif DPD'!$H$33,AND($B34>='Tarif DPD'!$G$33,$B34<='Tarif DPD'!$G$34),'Tarif DPD'!$H$34,AND($B34>='Tarif DPD'!$G$34,$B34<='Tarif DPD'!$G$35),'Tarif DPD'!$H$35,AND($B34>='Tarif DPD'!$G$35,$B34<='Tarif DPD'!$G$36),'Tarif DPD'!$H$36,AND($B34>='Tarif DPD'!$G$36,$B34<='Tarif DPD'!$G$37),'Tarif DPD'!$H$37,AND($B34>='Tarif DPD'!$G$37,$B34<='Tarif DPD'!$G$38),'Tarif DPD'!$H$38,AND($B34>='Tarif DPD'!$G$38,$B34<='Tarif DPD'!$G$39),'Tarif DPD'!$H$39,AND($B34>='Tarif DPD'!$G$39,$B34<='Tarif DPD'!$G$40),'Tarif DPD'!$H$40,AND($B34>='Tarif DPD'!$G$40,$B34<='Tarif DPD'!$G$41),'Tarif DPD'!$H$41,AND($B34>='Tarif DPD'!$G$41,$B34<='Tarif DPD'!$G$42),'Tarif DPD'!$H$42,AND($B34>='Tarif DPD'!$G$42,$B34<='Tarif DPD'!$G$43),'Tarif DPD'!$H$43,AND($B34>='Tarif DPD'!$G$43,$B34<='Tarif DPD'!$G$44),'Tarif DPD'!$H$44,AND($B34>='Tarif DPD'!$G$44,$B34<='Tarif DPD'!$G$45),'Tarif DPD'!$H$45,AND($B34>='Tarif DPD'!$G$45,$B34<='Tarif DPD'!$G$46),'Tarif DPD'!$H$46,$B34>'Tarif DPD'!$G$46,"sur devis") -> #NAME? | E34: =_xlfn.IFS(AND(B34>=0,B34<='Tarif Colissimo2'!$A$5),'Tarif Colissimo2'!$B$5,AND(B34>='Tarif Colissimo2'!$A$5,B34<='Tarif Colissimo2'!$A$6),'Tarif Colissimo2'!$B$6,AND(B34>='Tarif Colissimo2'!$A$6,B34<='Tarif Colissimo2'!$A$7),'Tarif Colissimo2'!$B$7,AND(B34>='Tarif Colissimo2'!$A$7,B34<='Tarif Colissimo2'!$A$8),'Tarif Colissimo2'!$B$8,AND(B34>='Tarif Colissimo2'!$A$8,B34<='Tarif Colissimo2'!$A$9),'Tarif Colissimo2'!$B$9,AND(B34>='Tarif Colissimo2'!$A$9,B34<='Tarif Colissimo2'!$A$10),'Tarif Colissimo2'!$B$10,AND(B34>='Tarif Colissimo2'!$A$10,B34<='Tarif Colissimo2'!$A$11),'Tarif Colissimo2'!$B$11,AND(B34>='Tarif Colissimo2'!$A$11,B34<='Tarif Colissimo2'!$A$12),'Tarif Colissimo2'!$B$12,B34>'Tarif Colissimo2'!A41,"Sur devis") -> #NAME?
A35: CR-202 | B35: 0.28 | C35: 19.99 | D35: =_xlfn.IFS(AND($B35>=0,$B35<='Tarif DPD'!$G$17),'Tarif DPD'!$H$17,AND($B35>='Tarif DPD'!$G$17,$B35<='Tarif DPD'!$G$18),'Tarif DPD'!$H$18,AND($B35>='Tarif DPD'!$G$18,$B35<='Tarif DPD'!$G$19),'Tarif DPD'!$H$19,AND($B35>='Tarif DPD'!$G$19,$B35<='Tarif DPD'!$G$20),'Tarif DPD'!$H$20,AND($B35>='Tarif DPD'!$G$20,$B35<='Tarif DPD'!$G$21),'Tarif DPD'!$H$21,AND($B35>='Tarif DPD'!$G$21,$B35<='Tarif DPD'!$G$22),'Tarif DPD'!$H$22,AND($B35>='Tarif DPD'!$G$22,$B35<='Tarif DPD'!$G$23),'Tarif DPD'!$H$23,AND($B35>='Tarif DPD'!$G$23,$B35<='Tarif DPD'!$G$24),'Tarif DPD'!$H$24,AND($B35>='Tarif DPD'!$G$24,$B35<='Tarif DPD'!$G$25),'Tarif DPD'!$H$25,AND($B35>='Tarif DPD'!$G$25,$B35<='Tarif DPD'!$G$26),'Tarif DPD'!$H$26,AND($B35>='Tarif DPD'!$G$26,$B35<='Tarif DPD'!$G$27),'Tarif DPD'!$H$27,AND($B35>='Tarif DPD'!$G$27,$B35<='Tarif DPD'!$G$28),'Tarif DPD'!$H$28,AND($B35>='Tarif DPD'!$G$28,$B35<='Tarif DPD'!$G$29),'Tarif DPD'!$H$29,AND($B35>='Tarif DPD'!$G$29,$B35<='Tarif DPD'!$G$30),'Tarif DPD'!$H$30,AND($B35>='Tarif DPD'!$G$30,$B35<='Tarif DPD'!$G$31),'Tarif DPD'!$H$31,AND($B35>='Tarif DPD'!$G$31,$B35<='Tarif DPD'!$G$32),'Tarif DPD'!$H$32,AND($B35>='Tarif DPD'!$G$32,$B35<='Tarif DPD'!$G$33),'Tarif DPD'!$H$33,AND($B35>='Tarif DPD'!$G$33,$B35<='Tarif DPD'!$G$34),'Tarif DPD'!$H$34,AND($B35>='Tarif DPD'!$G$34,$B35<='Tarif DPD'!$G$35),'Tarif DPD'!$H$35,AND($B35>='Tarif DPD'!$G$35,$B35<='Tarif DPD'!$G$36),'Tarif DPD'!$H$36,AND($B35>='Tarif DPD'!$G$36,$B35<='Tarif DPD'!$G$37),'Tarif DPD'!$H$37,AND($B35>='Tarif DPD'!$G$37,$B35<='Tarif DPD'!$G$38),'Tarif DPD'!$H$38,AND($B35>='Tarif DPD'!$G$38,$B35<='Tarif DPD'!$G$39),'Tarif DPD'!$H$39,AND($B35>='Tarif DPD'!$G$39,$B35<='Tarif DPD'!$G$40),'Tarif DPD'!$H$40,AND($B35>='Tarif DPD'!$G$40,$B35<='Tarif DPD'!$G$41),'Tarif DPD'!$H$41,AND($B35>='Tarif DPD'!$G$41,$B35<='Tarif DPD'!$G$42),'Tarif DPD'!$H$42,AND($B35>='Tarif DPD'!$G$42,$B35<='Tarif DPD'!$G$43),'Tarif DPD'!$H$43,AND($B35>='Tarif DPD'!$G$43,$B35<='Tarif DPD'!$G$44),'Tarif DPD'!$H$44,AND($B35>='Tarif DPD'!$G$44,$B35<='Tarif DPD'!$G$45),'Tarif DPD'!$H$45,AND($B35>='Tarif DPD'!$G$45,$B35<='Tarif DPD'!$G$46),'Tarif DPD'!$H$46,$B35>'Tarif DPD'!$G$46,"sur devis") -> #NAME? | E35: =_xlfn.IFS(AND(B35>=0,B35<='Tarif Colissimo2'!$A$5),'Tarif Colissimo2'!$B$5,AND(B35>='Tarif Colissimo2'!$A$5,B35<='Tarif Colissimo2'!$A$6),'Tarif Colissimo2'!$B$6,AND(B35>='Tarif Colissimo2'!$A$6,B35<='Tarif Colissimo2'!$A$7),'Tarif Colissimo2'!$B$7,AND(B35>='Tarif Colissimo2'!$A$7,B35<='Tarif Colissimo2'!$A$8),'Tarif Colissimo2'!$B$8,AND(B35>='Tarif Colissimo2'!$A$8,B35<='Tarif Colissimo2'!$A$9),'Tarif Colissimo2'!$B$9,AND(B35>='Tarif Colissimo2'!$A$9,B35<='Tarif Colissimo2'!$A$10),'Tarif Colissimo2'!$B$10,AND(B35>='Tarif Colissimo2'!$A$10,B35<='Tarif Colissimo2'!$A$11),'Tarif Colissimo2'!$B$11,AND(B35>='Tarif Colissimo2'!$A$11,B35<='Tarif Colissimo2'!$A$12),'Tarif Colissimo2'!$B$12,B35>'Tarif Colissimo2'!A42,"Sur devis") -> #NAME?
A36: CR-430 | B36: 1.4 | C36: 59.99 | D36: =_xlfn.IFS(AND($B36>=0,$B36<='Tarif DPD'!$G$17),'Tarif DPD'!$H$17,AND($B36>='Tarif DPD'!$G$17,$B36<='Tarif DPD'!$G$18),'Tarif DPD'!$H$18,AND($B36>='Tarif DPD'!$G$18,$B36<='Tarif DPD'!$G$19),'Tarif DPD'!$H$19,AND($B36>='Tarif DPD'!$G$19,$B36<='Tarif DPD'!$G$20),'Tarif DPD'!$H$20,AND($B36>='Tarif DPD'!$G$20,$B36<='Tarif DPD'!$G$21),'Tarif DPD'!$H$21,AND($B36>='Tarif DPD'!$G$21,$B36<='Tarif DPD'!$G$22),'Tarif DPD'!$H$22,AND($B36>='Tarif DPD'!$G$22,$B36<='Tarif DPD'!$G$23),'Tarif DPD'!$H$23,AND($B36>='Tarif DPD'!$G$23,$B36<='Tarif DPD'!$G$24),'Tarif DPD'!$H$24,AND($B36>='Tarif DPD'!$G$24,$B36<='Tarif DPD'!$G$25),'Tarif DPD'!$H$25,AND($B36>='Tarif DPD'!$G$25,$B36<='Tarif DPD'!$G$26),'Tarif DPD'!$H$26,AND($B36>='Tarif DPD'!$G$26,$B36<='Tarif DPD'!$G$27),'Tarif DPD'!$H$27,AND($B36>='Tarif DPD'!$G$27,$B36<='Tarif DPD'!$G$28),'Tarif DPD'!$H$28,AND($B36>='Tarif DPD'!$G$28,$B36<='Tarif DPD'!$G$29),'Tarif DPD'!$H$29,AND($B36>='Tarif DPD'!$G$29,$B36<='Tarif DPD'!$G$30),'Tarif DPD'!$H$30,AND($B36>='Tarif DPD'!$G$30,$B36<='Tarif DPD'!$G$31),'Tarif DPD'!$H$31,AND($B36>='Tarif DPD'!$G$31,$B36<='Tarif DPD'!$G$32),'Tarif DPD'!$H$32,AND($B36>='Tarif DPD'!$G$32,$B36<='Tarif DPD'!$G$33),'Tarif DPD'!$H$33,AND($B36>='Tarif DPD'!$G$33,$B36<='Tarif DPD'!$G$34),'Tarif DPD'!$H$34,AND($B36>='Tarif DPD'!$G$34,$B36<='Tarif DPD'!$G$35),'Tarif DPD'!$H$35,AND($B36>='Tarif DPD'!$G$35,$B36<='Tarif DPD'!$G$36),'Tarif DPD'!$H$36,AND($B36>='Tarif DPD'!$G$36,$B36<='Tarif DPD'!$G$37),'Tarif DPD'!$H$37,AND($B36>='Tarif DPD'!$G$37,$B36<='Tarif DPD'!$G$38),'Tarif DPD'!$H$38,AND($B36>='Tarif DPD'!$G$38,$B36<='Tarif DPD'!$G$39),'Tarif DPD'!$H$39,AND($B36>='Tarif DPD'!$G$39,$B36<='Tarif DPD'!$G$40),'Tarif DPD'!$H$40,AND($B36>='Tarif DPD'!$G$40,$B36<='Tarif DPD'!$G$41),'Tarif DPD'!$H$41,AND($B36>='Tarif DPD'!$G$41,$B36<='Tarif DPD'!$G$42),'Tarif DPD'!$H$42,AND($B36>='Tarif DPD'!$G$42,$B36<='Tarif DPD'!$G$43),'Tarif DPD'!$H$43,AND($B36>='Tarif DPD'!$G$43,$B36<='Tarif DPD'!$G$44),'Tarif DPD'!$H$44,AND($B36>='Tarif DPD'!$G$44,$B36<='Tarif DPD'!$G$45),'Tarif DPD'!$H$45,AND($B36>='Tarif DPD'!$G$45,$B36<='Tarif DPD'!$G$46),'Tarif DPD'!$H$46,$B36>'Tarif DPD'!$G$46,"sur devis") -> #NAME? | E36: =_xlfn.IFS(AND(B36>=0,B36<='Tarif Colissimo2'!$A$5),'Tarif Colissimo2'!$B$5,AND(B36>='Tarif Colissimo2'!$A$5,B36<='Tarif Colissimo2'!$A$6),'Tarif Colissimo2'!$B$6,AND(B36>='Tarif Colissimo2'!$A$6,B36<='Tarif Colissimo2'!$A$7),'Tarif Colissimo2'!$B$7,AND(B36>='Tarif Colissimo2'!$A$7,B36<='Tarif Colissimo2'!$A$8),'Tarif Colissimo2'!$B$8,AND(B36>='Tarif Colissimo2'!$A$8,B36<='Tarif Colissimo2'!$A$9),'Tarif Colissimo2'!$B$9,AND(B36>='Tarif Colissimo2'!$A$9,B36<='Tarif Colissimo2'!$A$10),'Tarif Colissimo2'!$B$10,AND(B36>='Tarif Colissimo2'!$A$10,B36<='Tarif Colissimo2'!$A$11),'Tarif Colissimo2'!$B$11,AND(B36>='Tarif Colissimo2'!$A$11,B36<='Tarif Colissimo2'!$A$12),'Tarif Colissimo2'!$B$12,B36>'Tarif Colissimo2'!A43,"Sur devis") -> #NAME?
A37: DE-072 | B37: 0.23 | C37: 19.99 | D37: =_xlfn.IFS(AND($B37>=0,$B37<='Tarif DPD'!$G$17),'Tarif DPD'!$H$17,AND($B37>='Tarif DPD'!$G$17,$B37<='Tarif DPD'!$G$18),'Tarif DPD'!$H$18,AND($B37>='Tarif DPD'!$G$18,$B37<='Tarif DPD'!$G$19),'Tarif DPD'!$H$19,AND($B37>='Tarif DPD'!$G$19,$B37<='Tarif DPD'!$G$20),'Tarif DPD'!$H$20,AND($B37>='Tarif DPD'!$G$20,$B37<='Tarif DPD'!$G$21),'Tarif DPD'!$H$21,AND($B37>='Tarif DPD'!$G$21,$B37<='Tarif DPD'!$G$22),'Tarif DPD'!$H$22,AND($B37>='Tarif DPD'!$G$22,$B37<='Tarif DPD'!$G$23),'Tarif DPD'!$H$23,AND($B37>='Tarif DPD'!$G$23,$B37<='Tarif DPD'!$G$24),'Tarif DPD'!$H$24,AND($B37>='Tarif DPD'!$G$24,$B37<='Tarif DPD'!$G$25),'Tarif DPD'!$H$25,AND($B37>='Tarif DPD'!$G$25,$B37<='Tarif DPD'!$G$26),'Tarif DPD'!$H$26,AND($B37>='Tarif DPD'!$G$26,$B37<='Tarif DPD'!$G$27),'Tarif DPD'!$H$27,AND($B37>='Tarif DPD'!$G$27,$B37<='Tarif DPD'!$G$28),'Tarif DPD'!$H$28,AND($B37>='Tarif DPD'!$G$28,$B37<='Tarif DPD'!$G$29),'Tarif DPD'!$H$29,AND($B37>='Tarif DPD'!$G$29,$B37<='Tarif DPD'!$G$30),'Tarif DPD'!$H$30,AND($B37>='Tarif DPD'!$G$30,$B37<='Tarif DPD'!$G$31),'Tarif DPD'!$H$31,AND($B37>='Tarif DPD'!$G$31,$B37<='Tarif DPD'!$G$32),'Tarif DPD'!$H$32,AND($B37>='Tarif DPD'!$G$32,$B37<='Tarif DPD'!$G$33),'Tarif DPD'!$H$33,AND($B37>='Tarif DPD'!$G$33,$B37<='Tarif DPD'!$G$34),'Tarif DPD'!$H$34,AND($B37>='Tarif DPD'!$G$34,$B37<='Tarif DPD'!$G$35),'Tarif DPD'!$H$35,AND($B37>='Tarif DPD'!$G$35,$B37<='Tarif DPD'!$G$36),'Tarif DPD'!$H$36,AND($B37>='Tarif DPD'!$G$36,$B37<='Tarif DPD'!$G$37),'Tarif DPD'!$H$37,AND($B37>='Tarif DPD'!$G$37,$B37<='Tarif DPD'!$G$38),'Tarif DPD'!$H$38,AND($B37>='Tarif DPD'!$G$38,$B37<='Tarif DPD'!$G$39),'Tarif DPD'!$H$39,AND($B37>='Tarif DPD'!$G$39,$B37<='Tarif DPD'!$G$40),'Tarif DPD'!$H$40,AND($B37>='Tarif DPD'!$G$40,$B37<='Tarif DPD'!$G$41),'Tarif DPD'!$H$41,AND($B37>='Tarif DPD'!$G$41,$B37<='Tarif DPD'!$G$42),'Tarif DPD'!$H$42,AND($B37>='Tarif DPD'!$G$42,$B37<='Tarif DPD'!$G$43),'Tarif DPD'!$H$43,AND($B37>='Tarif DPD'!$G$43,$B37<='Tarif DPD'!$G$44),'Tarif DPD'!$H$44,AND($B37>='Tarif DPD'!$G$44,$B37<='Tarif DPD'!$G$45),'Tarif DPD'!$H$45,AND($B37>='Tarif DPD'!$G$45,$B37<='Tarif DPD'!$G$46),'Tarif DPD'!$H$46,$B37>'Tarif DPD'!$G$46,"sur devis") -> #NAME? | E37: =_xlfn.IFS(AND(B37>=0,B37<='Tarif Colissimo2'!$A$5),'Tarif Colissimo2'!$B$5,AND(B37>='Tarif Colissimo2'!$A$5,B37<='Tarif Colissimo2'!$A$6),'Tarif Colissimo2'!$B$6,AND(B37>='Tarif Colissimo2'!$A$6,B37<='Tarif Colissimo2'!$A$7),'Tarif Colissimo2'!$B$7,AND(B37>='Tarif Colissimo2'!$A$7,B37<='Tarif Colissimo2'!$A$8),'Tarif Colissimo2'!$B$8,AND(B37>='Tarif Colissimo2'!$A$8,B37<='Tarif Colissimo2'!$A$9),'Tarif Colissimo2'!$B$9,AND(B37>='Tarif Colissimo2'!$A$9,B37<='Tarif Colissimo2'!$A$10),'Tarif Colissimo2'!$B$10,AND(B37>='Tarif Colissimo2'!$A$10,B37<='Tarif Colissimo2'!$A$11),'Tarif Colissimo2'!$B$11,AND(B37>='Tarif Colissimo2'!$A$11,B37<='Tarif Colissimo2'!$A$12),'Tarif Colissimo2'!$B$12,B37>'Tarif Colissimo2'!A44,"Sur devis") -> #NAME?
A38: DE-077 | B38: 0.51 | C38: 29.99 | D38: =_xlfn.IFS(AND($B38>=0,$B38<='Tarif DPD'!$G$17),'Tarif DPD'!$H$17,AND($B38>='Tarif DPD'!$G$17,$B38<='Tarif DPD'!$G$18),'Tarif DPD'!$H$18,AND($B38>='Tarif DPD'!$G$18,$B38<='Tarif DPD'!$G$19),'Tarif DPD'!$H$19,AND($B38>='Tarif DPD'!$G$19,$B38<='Tarif DPD'!$G$20),'Tarif DPD'!$H$20,AND($B38>='Tarif DPD'!$G$20,$B38<='Tarif DPD'!$G$21),'Tarif DPD'!$H$21,AND($B38>='Tarif DPD'!$G$21,$B38<='Tarif DPD'!$G$22),'Tarif DPD'!$H$22,AND($B38>='Tarif DPD'!$G$22,$B38<='Tarif DPD'!$G$23),'Tarif DPD'!$H$23,AND($B38>='Tarif DPD'!$G$23,$B38<='Tarif DPD'!$G$24),'Tarif DPD'!$H$24,AND($B38>='Tarif DPD'!$G$24,$B38<='Tarif DPD'!$G$25),'Tarif DPD'!$H$25,AND($B38>='Tarif DPD'!$G$25,$B38<='Tarif DPD'!$G$26),'Tarif DPD'!$H$26,AND($B38>='Tarif DPD'!$G$26,$B38<='Tarif DPD'!$G$27),'Tarif DPD'!$H$27,AND($B38>='Tarif DPD'!$G$27,$B38<='Tarif DPD'!$G$28),'Tarif DPD'!$H$28,AND($B38>='Tarif DPD'!$G$28,$B38<='Tarif DPD'!$G$29),'Tarif DPD'!$H$29,AND($B38>='Tarif DPD'!$G$29,$B38<='Tarif DPD'!$G$30),'Tarif DPD'!$H$30,AND($B38>='Tarif DPD'!$G$30,$B38<='Tarif DPD'!$G$31),'Tarif DPD'!$H$31,AND($B38>='Tarif DPD'!$G$31,$B38<='Tarif DPD'!$G$32),'Tarif DPD'!$H$32,AND($B38>='Tarif DPD'!$G$32,$B38<='Tarif DPD'!$G$33),'Tarif DPD'!$H$33,AND($B38>='Tarif DPD'!$G$33,$B38<='Tarif DPD'!$G$34),'Tarif DPD'!$H$34,AND($B38>='Tarif DPD'!$G$34,$B38<='Tarif DPD'!$G$35),'Tarif DPD'!$H$35,AND($B38>='Tarif DPD'!$G$35,$B38<='Tarif DPD'!$G$36),'Tarif DPD'!$H$36,AND($B38>='Tarif DPD'!$G$36,$B38<='Tarif DPD'!$G$37),'Tarif DPD'!$H$37,AND($B38>='Tarif DPD'!$G$37,$B38<='Tarif DPD'!$G$38),'Tarif DPD'!$H$38,AND($B38>='Tarif DPD'!$G$38,$B38<='Tarif DPD'!$G$39),'Tarif DPD'!$H$39,AND($B38>='Tarif DPD'!$G$39,$B38<='Tarif DPD'!$G$40),'Tarif DPD'!$H$40,AND($B38>='Tarif DPD'!$G$40,$B38<='Tarif DPD'!$G$41),'Tarif DPD'!$H$41,AND($B38>='Tarif DPD'!$G$41,$B38<='Tarif DPD'!$G$42),'Tarif DPD'!$H$42,AND($B38>='Tarif DPD'!$G$42,$B38<='Tarif DPD'!$G$43),'Tarif DPD'!$H$43,AND($B38>='Tarif DPD'!$G$43,$B38<='Tarif DPD'!$G$44),'Tarif DPD'!$H$44,AND($B38>='Tarif DPD'!$G$44,$B38<='Tarif DPD'!$G$45),'Tarif DPD'!$H$45,AND($B38>='Tarif DPD'!$G$45,$B38<='Tarif DPD'!$G$46),'Tarif DPD'!$H$46,$B38>'Tarif DPD'!$G$46,"sur devis") -> #NAME? | E38: =_xlfn.IFS(AND(B38>=0,B38<='Tarif Colissimo2'!$A$5),'Tarif Colissimo2'!$B$5,AND(B38>='Tarif Colissimo2'!$A$5,B38<='Tarif Colissimo2'!$A$6),'Tarif Colissimo2'!$B$6,AND(B38>='Tarif Colissimo2'!$A$6,B38<='Tarif Colissimo2'!$A$7),'Tarif Colissimo2'!$B$7,AND(B38>='Tarif Colissimo2'!$A$7,B38<='Tarif Colissimo2'!$A$8),'Tarif Colissimo2'!$B$8,AND(B38>='Tarif Colissimo2'!$A$8,B38<='Tarif Colissimo2'!$A$9),'Tarif Colissimo2'!$B$9,AND(B38>='Tarif Colissimo2'!$A$9,B38<='Tarif Colissimo2'!$A$10),'Tarif Colissimo2'!$B$10,AND(B38>='Tarif Colissimo2'!$A$10,B38<='Tarif Colissimo2'!$A$11),'Tarif Colissimo2'!$B$11,AND(B38>='Tarif Colissimo2'!$A$11,B38<='Tarif Colissimo2'!$A$12),'Tarif Colissimo2'!$B$12,B38>'Tarif Colissimo2'!A45,"Sur devis") -> #NAME?
A39: DE-615 | B39: 1.3 | C39: 59.99 | D39: =_xlfn.IFS(AND($B39>=0,$B39<='Tarif DPD'!$G$17),'Tarif DPD'!$H$17,AND($B39>='Tarif DPD'!$G$17,$B39<='Tarif DPD'!$G$18),'Tarif DPD'!$H$18,AND($B39>='Tarif DPD'!$G$18,$B39<='Tarif DPD'!$G$19),'Tarif DPD'!$H$19,AND($B39>='Tarif DPD'!$G$19,$B39<='Tarif DPD'!$G$20),'Tarif DPD'!$H$20,AND($B39>='Tarif DPD'!$G$20,$B39<='Tarif DPD'!$G$21),'Tarif DPD'!$H$21,AND($B39>='Tarif DPD'!$G$21,$B39<='Tarif DPD'!$G$22),'Tarif DPD'!$H$22,AND($B39>='Tarif DPD'!$G$22,$B39<='Tarif DPD'!$G$23),'Tarif DPD'!$H$23,AND($B39>='Tarif DPD'!$G$23,$B39<='Tarif DPD'!$G$24),'Tarif DPD'!$H$24,AND($B39>='Tarif DPD'!$G$24,$B39<='Tarif DPD'!$G$25),'Tarif DPD'!$H$25,AND($B39>='Tarif DPD'!$G$25,$B39<='Tarif DPD'!$G$26),'Tarif DPD'!$H$26,AND($B39>='Tarif DPD'!$G$26,$B39<='Tarif DPD'!$G$27),'Tarif DPD'!$H$27,AND($B39>='Tarif DPD'!$G$27,$B39<='Tarif DPD'!$G$28),'Tarif DPD'!$H$28,AND($B39>='Tarif DPD'!$G$28,$B39<='Tarif DPD'!$G$29),'Tarif DPD'!$H$29,AND($B39>='Tarif DPD'!$G$29,$B39<='Tarif DPD'!$G$30),'Tarif DPD'!$H$30,AND($B39>='Tarif DPD'!$G$30,$B39<='Tarif DPD'!$G$31),'Tarif DPD'!$H$31,AND($B39>='Tarif DPD'!$G$31,$B39<='Tarif DPD'!$G$32),'Tarif DPD'!$H$32,AND($B39>='Tarif DPD'!$G$32,$B39<='Tarif DPD'!$G$33),'Tarif DPD'!$H$33,AND($B39>='Tarif DPD'!$G$33,$B39<='Tarif DPD'!$G$34),'Tarif DPD'!$H$34,AND($B39>='Tarif DPD'!$G$34,$B39<='Tarif DPD'!$G$35),'Tarif DPD'!$H$35,AND($B39>='Tarif DPD'!$G$35,$B39<='Tarif DPD'!$G$36),'Tarif DPD'!$H$36,AND($B39>='Tarif DPD'!$G$36,$B39<='Tarif DPD'!$G$37),'Tarif DPD'!$H$37,AND($B39>='Tarif DPD'!$G$37,$B39<='Tarif DPD'!$G$38),'Tarif DPD'!$H$38,AND($B39>='Tarif DPD'!$G$38,$B39<='Tarif DPD'!$G$39),'Tarif DPD'!$H$39,AND($B39>='Tarif DPD'!$G$39,$B39<='Tarif DPD'!$G$40),'Tarif DPD'!$H$40,AND($B39>='Tarif DPD'!$G$40,$B39<='Tarif DPD'!$G$41),'Tarif DPD'!$H$41,AND($B39>='Tarif DPD'!$G$41,$B39<='Tarif DPD'!$G$42),'Tarif DPD'!$H$42,AND($B39>='Tarif DPD'!$G$42,$B39<='Tarif DPD'!$G$43),'Tarif DPD'!$H$43,AND($B39>='Tarif DPD'!$G$43,$B39<='Tarif DPD'!$G$44),'Tarif DPD'!$H$44,AND($B39>='Tarif DPD'!$G$44,$B39<='Tarif DPD'!$G$45),'Tarif DPD'!$H$45,AND($B39>='Tarif DPD'!$G$45,$B39<='Tarif DPD'!$G$46),'Tarif DPD'!$H$46,$B39>'Tarif DPD'!$G$46,"sur devis") -> #NAME? | E39: =_xlfn.IFS(AND(B39>=0,B39<='Tarif Colissimo2'!$A$5),'Tarif Colissimo2'!$B$5,AND(B39>='Tarif Colissimo2'!$A$5,B39<='Tarif Colissimo2'!$A$6),'Tarif Colissimo2'!$B$6,AND(B39>='Tarif Colissimo2'!$A$6,B39<='Tarif Colissimo2'!$A$7),'Tarif Colissimo2'!$B$7,AND(B39>='Tarif Colissimo2'!$A$7,B39<='Tarif Colissimo2'!$A$8),'Tarif Colissimo2'!$B$8,AND(B39>='Tarif Colissimo2'!$A$8,B39<='Tarif Colissimo2'!$A$9),'Tarif Colissimo2'!$B$9,AND(B39>='Tarif Colissimo2'!$A$9,B39<='Tarif Colissimo2'!$A$10),'Tarif Colissimo2'!$B$10,AND(B39>='Tarif Colissimo2'!$A$10,B39<='Tarif Colissimo2'!$A$11),'Tarif Colissimo2'!$B$11,AND(B39>='Tarif Colissimo2'!$A$11,B39<='Tarif Colissimo2'!$A$12),'Tarif Colissimo2'!$B$12,B39>'Tarif Colissimo2'!A46,"Sur devis") -> #NAME?
A40: DE-M48 | B40: 0.31 | C40: 34.99 | D40: =_xlfn.IFS(AND($B40>=0,$B40<='Tarif DPD'!$G$17),'Tarif DPD'!$H$17,AND($B40>='Tarif DPD'!$G$17,$B40<='Tarif DPD'!$G$18),'Tarif DPD'!$H$18,AND($B40>='Tarif DPD'!$G$18,$B40<='Tarif DPD'!$G$19),'Tarif DPD'!$H$19,AND($B40>='Tarif DPD'!$G$19,$B40<='Tarif DPD'!$G$20),'Tarif DPD'!$H$20,AND($B40>='Tarif DPD'!$G$20,$B40<='Tarif DPD'!$G$21),'Tarif DPD'!$H$21,AND($B40>='Tarif DPD'!$G$21,$B40<='Tarif DPD'!$G$22),'Tarif DPD'!$H$22,AND($B40>='Tarif DPD'!$G$22,$B40<='Tarif DPD'!$G$23),'Tarif DPD'!$H$23,AND($B40>='Tarif DPD'!$G$23,$B40<='Tarif DPD'!$G$24),'Tarif DPD'!$H$24,AND($B40>='Tarif DPD'!$G$24,$B40<='Tarif DPD'!$G$25),'Tarif DPD'!$H$25,AND($B40>='Tarif DPD'!$G$25,$B40<='Tarif DPD'!$G$26),'Tarif DPD'!$H$26,AND($B40>='Tarif DPD'!$G$26,$B40<='Tarif DPD'!$G$27),'Tarif DPD'!$H$27,AND($B40>='Tarif DPD'!$G$27,$B40<='Tarif DPD'!$G$28),'Tarif DPD'!$H$28,AND($B40>='Tarif DPD'!$G$28,$B40<='Tarif DPD'!$G$29),'Tarif DPD'!$H$29,AND($B40>='Tarif DPD'!$G$29,$B40<='Tarif DPD'!$G$30),'Tarif DPD'!$H$30,AND($B40>='Tarif DPD'!$G$30,$B40<='Tarif DPD'!$G$31),'Tarif DPD'!$H$31,AND($B40>='Tarif DPD'!$G$31,$B40<='Tarif DPD'!$G$32),'Tarif DPD'!$H$32,AND($B40>='Tarif DPD'!$G$32,$B40<='Tarif DPD'!$G$33),'Tarif DPD'!$H$33,AND($B40>='Tarif DPD'!$G$33,$B40<='Tarif DPD'!$G$34),'Tarif DPD'!$H$34,AND($B40>='Tarif DPD'!$G$34,$B40<='Tarif DPD'!$G$35),'Tarif DPD'!$H$35,AND($B40>='Tarif DPD'!$G$35,$B40<='Tarif DPD'!$G$36),'Tarif DPD'!$H$36,AND($B40>='Tarif DPD'!$G$36,$B40<='Tarif DPD'!$G$37),'Tarif DPD'!$H$37,AND($B40>='Tarif DPD'!$G$37,$B40<='Tarif DPD'!$G$38),'Tarif DPD'!$H$38,AND($B40>='Tarif DPD'!$G$38,$B40<='Tarif DPD'!$G$39),'Tarif DPD'!$H$39,AND($B40>='Tarif DPD'!$G$39,$B40<='Tarif DPD'!$G$40),'Tarif DPD'!$H$40,AND($B40>='Tarif DPD'!$G$40,$B40<='Tarif DPD'!$G$41),'Tarif DPD'!$H$41,AND($B40>='Tarif DPD'!$G$41,$B40<='Tarif DPD'!$G$42),'Tarif DPD'!$H$42,AND($B40>='Tarif DPD'!$G$42,$B40<='Tarif DPD'!$G$43),'Tarif DPD'!$H$43,AND($B40>='Tarif DPD'!$G$43,$B40<='Tarif DPD'!$G$44),'Tarif DPD'!$H$44,AND($B40>='Tarif DPD'!$G$44,$B40<='Tarif DPD'!$G$45),'Tarif DPD'!$H$45,AND($B40>='Tarif DPD'!$G$45,$B40<='Tarif DPD'!$G$46),'Tarif DPD'!$H$46,$B40>'Tarif DPD'!$G$46,"sur devis") -> #NAME? | E40: =_xlfn.IFS(AND(B40>=0,B40<='Tarif Colissimo2'!$A$5),'Tarif Colissimo2'!$B$5,AND(B40>='Tarif Colissimo2'!$A$5,B40<='Tarif Colissimo2'!$A$6),'Tarif Colissimo2'!$B$6,AND(B40>='Tarif Colissimo2'!$A$6,B40<='Tarif Colissimo2'!$A$7),'Tarif Colissimo2'!$B$7,AND(B40>='Tarif Colissimo2'!$A$7,B40<='Tarif Colissimo2'!$A$8),'Tarif Colissimo2'!$B$8,AND(B40>='Tarif Colissimo2'!$A$8,B40<='Tarif Colissimo2'!$A$9),'Tarif Colissimo2'!$B$9,AND(B40>='Tarif Colissimo2'!$A$9,B40<='Tarif Colissimo2'!$A$10),'Tarif Colissimo2'!$B$10,AND(B40>='Tarif Colissimo2'!$A$10,B40<='Tarif Colissimo2'!$A$11),'Tarif Colissimo2'!$B$11,AND(B40>='Tarif Colissimo2'!$A$11,B40<='Tarif Colissimo2'!$A$12),'Tarif Colissimo2'!$B$12,B40>'Tarif Colissimo2'!A47,"Sur devis") -> #NAME?
A41: DI1958FR | C41: 4.99 | D41: =_xlfn.IFS(AND($B41>=0,$B41<='Tarif DPD'!$G$17),'Tarif DPD'!$H$17,AND($B41>='Tarif DPD'!$G$17,$B41<='Tarif DPD'!$G$18),'Tarif DPD'!$H$18,AND($B41>='Tarif DPD'!$G$18,$B41<='Tarif DPD'!$G$19),'Tarif DPD'!$H$19,AND($B41>='Tarif DPD'!$G$19,$B41<='Tarif DPD'!$G$20),'Tarif DPD'!$H$20,AND($B41>='Tarif DPD'!$G$20,$B41<='Tarif DPD'!$G$21),'Tarif DPD'!$H$21,AND($B41>='Tarif DPD'!$G$21,$B41<='Tarif DPD'!$G$22),'Tarif DPD'!$H$22,AND($B41>='Tarif DPD'!$G$22,$B41<='Tarif DPD'!$G$23),'Tarif DPD'!$H$23,AND($B41>='Tarif DPD'!$G$23,$B41<='Tarif DPD'!$G$24),'Tarif DPD'!$H$24,AND($B41>='Tarif DPD'!$G$24,$B41<='Tarif DPD'!$G$25),'Tarif DPD'!$H$25,AND($B41>='Tarif DPD'!$G$25,$B41<='Tarif DPD'!$G$26),'Tarif DPD'!$H$26,AND($B41>='Tarif DPD'!$G$26,$B41<='Tarif DPD'!$G$27),'Tarif DPD'!$H$27,AND($B41>='Tarif DPD'!$G$27,$B41<='Tarif DPD'!$G$28),'Tarif DPD'!$H$28,AND($B41>='Tarif DPD'!$G$28,$B41<='Tarif DPD'!$G$29),'Tarif DPD'!$H$29,AND($B41>='Tarif DPD'!$G$29,$B41<='Tarif DPD'!$G$30),'Tarif DPD'!$H$30,AND($B41>='Tarif DPD'!$G$30,$B41<='Tarif DPD'!$G$31),'Tarif DPD'!$H$31,AND($B41>='Tarif DPD'!$G$31,$B41<='Tarif DPD'!$G$32),'Tarif DPD'!$H$32,AND($B41>='Tarif DPD'!$G$32,$B41<='Tarif DPD'!$G$33),'Tarif DPD'!$H$33,AND($B41>='Tarif DPD'!$G$33,$B41<='Tarif DPD'!$G$34),'Tarif DPD'!$H$34,AND($B41>='Tarif DPD'!$G$34,$B41<='Tarif DPD'!$G$35),'Tarif DPD'!$H$35,AND($B41>='Tarif DPD'!$G$35,$B41<='Tarif DPD'!$G$36),'Tarif DPD'!$H$36,AND($B41>='Tarif DPD'!$G$36,$B41<='Tarif DPD'!$G$37),'Tarif DPD'!$H$37,AND($B41>='Tarif DPD'!$G$37,$B41<='Tarif DPD'!$G$38),'Tarif DPD'!$H$38,AND($B41>='Tarif DPD'!$G$38,$B41<='Tarif DPD'!$G$39),'Tarif DPD'!$H$39,AND($B41>='Tarif DPD'!$G$39,$B41<='Tarif DPD'!$G$40),'Tarif DPD'!$H$40,AND($B41>='Tarif DPD'!$G$40,$B41<='Tarif DPD'!$G$41),'Tarif DPD'!$H$41,AND($B41>='Tarif DPD'!$G$41,$B41<='Tarif DPD'!$G$42),'Tarif DPD'!$H$42,AND($B41>='Tarif DPD'!$G$42,$B41<='Tarif DPD'!$G$43),'Tarif DPD'!$H$43,AND($B41>='Tarif DPD'!$G$43,$B41<='Tarif DPD'!$G$44),'Tarif DPD'!$H$44,AND($B41>='Tarif DPD'!$G$44,$B41<='Tarif DPD'!$G$45),'Tarif DPD'!$H$45,AND($B41>='Tarif DPD'!$G$45,$B41<='Tarif DPD'!$G$46),'Tarif DPD'!$H$46,$B41>'Tarif DPD'!$G$46,"sur devis") -> #NAME? | E41: =_xlfn.IFS(AND(B41>=0,B41<='Tarif Colissimo2'!$A$5),'Tarif Colissimo2'!$B$5,AND(B41>='Tarif Colissimo2'!$A$5,B41<='Tarif Colissimo2'!$A$6),'Tarif Colissimo2'!$B$6,AND(B41>='Tarif Colissimo2'!$A$6,B41<='Tarif Colissimo2'!$A$7),'Tarif Colissimo2'!$B$7,AND(B41>='Tarif Colissimo2'!$A$7,B41<='Tarif Colissimo2'!$A$8),'Tarif Colissimo2'!$B$8,AND(B41>='Tarif Colissimo2'!$A$8,B41<='Tarif Colissimo2'!$A$9),'Tarif Colissimo2'!$B$9,AND(B41>='Tarif Colissimo2'!$A$9,B41<='Tarif Colissimo2'!$A$10),'Tarif Colissimo2'!$B$10,AND(B41>='Tarif Colissimo2'!$A$10,B41<='Tarif Colissimo2'!$A$11),'Tarif Colissimo2'!$B$11,AND(B41>='Tarif Colissimo2'!$A$11,B41<='Tarif Colissimo2'!$A$12),'Tarif Colissimo2'!$B$12,B41>'Tarif Colissimo2'!A48,"Sur devis") -> #NAME?
A42: DI1958PW | C42: 4.99 | D42: =_xlfn.IFS(AND($B42>=0,$B42<='Tarif DPD'!$G$17),'Tarif DPD'!$H$17,AND($B42>='Tarif DPD'!$G$17,$B42<='Tarif DPD'!$G$18),'Tarif DPD'!$H$18,AND($B42>='Tarif DPD'!$G$18,$B42<='Tarif DPD'!$G$19),'Tarif DPD'!$H$19,AND($B42>='Tarif DPD'!$G$19,$B42<='Tarif DPD'!$G$20),'Tarif DPD'!$H$20,AND($B42>='Tarif DPD'!$G$20,$B42<='Tarif DPD'!$G$21),'Tarif DPD'!$H$21,AND($B42>='Tarif DPD'!$G$21,$B42<='Tarif DPD'!$G$22),'Tarif DPD'!$H$22,AND($B42>='Tarif DPD'!$G$22,$B42<='Tarif DPD'!$G$23),'Tarif DPD'!$H$23,AND($B42>='Tarif DPD'!$G$23,$B42<='Tarif DPD'!$G$24),'Tarif DPD'!$H$24,AND($B42>='Tarif DPD'!$G$24,$B42<='Tarif DPD'!$G$25),'Tarif DPD'!$H$25,AND($B42>='Tarif DPD'!$G$25,$B42<='Tarif DPD'!$G$26),'Tarif DPD'!$H$26,AND($B42>='Tarif DPD'!$G$26,$B42<='Tarif DPD'!$G$27),'Tarif DPD'!$H$27,AND($B42>='Tarif DPD'!$G$27,$B42<='Tarif DPD'!$G$28),'Tarif DPD'!$H$28,AND($B42>='Tarif DPD'!$G$28,$B42<='Tarif DPD'!$G$29),'Tarif DPD'!$H$29,AND($B42>='Tarif DPD'!$G$29,$B42<='Tarif DPD'!$G$30),'Tarif DPD'!$H$30,AND($B42>='Tarif DPD'!$G$30,$B42<='Tarif DPD'!$G$31),'Tarif DPD'!$H$31,AND($B42>='Tarif DPD'!$G$31,$B42<='Tarif DPD'!$G$32),'Tarif DPD'!$H$32,AND($B42>='Tarif DPD'!$G$32,$B42<='Tarif DPD'!$G$33),'Tarif DPD'!$H$33,AND($B42>='Tarif DPD'!$G$33,$B42<='Tarif DPD'!$G$34),'Tarif DPD'!$H$34,AND($B42>='Tarif DPD'!$G$34,$B42<='Tarif DPD'!$G$35),'Tarif DPD'!$H$35,AND($B42>='Tarif DPD'!$G$35,$B42<='Tarif DPD'!$G$36),'Tarif DPD'!$H$36,AND($B42>='Tarif DPD'!$G$36,$B42<='Tarif DPD'!$G$37),'Tarif DPD'!$H$37,AND($B42>='Tarif DPD'!$G$37,$B42<='Tarif DPD'!$G$38),'Tarif DPD'!$H$38,AND($B42>='Tarif DPD'!$G$38,$B42<='Tarif DPD'!$G$39),'Tarif DPD'!$H$39,AND($B42>='Tarif DPD'!$G$39,$B42<='Tarif DPD'!$G$40),'Tarif DPD'!$H$40,AND($B42>='Tarif DPD'!$G$40,$B42<='Tarif DPD'!$G$41),'Tarif DPD'!$H$41,AND($B42>='Tarif DPD'!$G$41,$B42<='Tarif DPD'!$G$42),'Tarif DPD'!$H$42,AND($B42>='Tarif DPD'!$G$42,$B42<='Tarif DPD'!$G$43),'Tarif DPD'!$H$43,AND($B42>='Tarif DPD'!$G$43,$B42<='Tarif DPD'!$G$44),'Tarif DPD'!$H$44,AND($B42>='Tarif DPD'!$G$44,$B42<='Tarif DPD'!$G$45),'Tarif DPD'!$H$45,AND($B42>='Tarif DPD'!$G$45,$B42<='Tarif DPD'!$G$46),'Tarif DPD'!$H$46,$B42>'Tarif DPD'!$G$46,"sur devis") -> #NAME? | E42: =_xlfn.IFS(AND(B42>=0,B42<='Tarif Colissimo2'!$A$5),'Tarif Colissimo2'!$B$5,AND(B42>='Tarif Colissimo2'!$A$5,B42<='Tarif Colissimo2'!$A$6),'Tarif Colissimo2'!$B$6,AND(B42>='Tarif Colissimo2'!$A$6,B42<='Tarif Colissimo2'!$A$7),'Tarif Colissimo2'!$B$7,AND(B42>='Tarif Colissimo2'!$A$7,B42<='Tarif Colissimo2'!$A$8),'Tarif Colissimo2'!$B$8,AND(B42>='Tarif Colissimo2'!$A$8,B42<='Tarif Colissimo2'!$A$9),'Tarif Colissimo2'!$B$9,AND(B42>='Tarif Colissimo2'!$A$9,B42<='Tarif Colissimo2'!$A$10),'Tarif Colissimo2'!$B$10,AND(B42>='Tarif Colissimo2'!$A$10,B42<='Tarif Colissimo2'!$A$11),'Tarif Colissimo2'!$B$11,AND(B42>='Tarif Colissimo2'!$A$11,B42<='Tarif Colissimo2'!$A$12),'Tarif Colissimo2'!$B$12,B42>'Tarif Colissimo2'!A49,"Sur devis") -> #NAME?
A43: Di-M40FR | B43: 0.33 | C43: 29.99 | D43: =_xlfn.IFS(AND($B43>=0,$B43<='Tarif DPD'!$G$17),'Tarif DPD'!$H$17,AND($B43>='Tarif DPD'!$G$17,$B43<='Tarif DPD'!$G$18),'Tarif DPD'!$H$18,AND($B43>='Tarif DPD'!$G$18,$B43<='Tarif DPD'!$G$19),'Tarif DPD'!$H$19,AND($B43>='Tarif DPD'!$G$19,$B43<='Tarif DPD'!$G$20),'Tarif DPD'!$H$20,AND($B43>='Tarif DPD'!$G$20,$B43<='Tarif DPD'!$G$21),'Tarif DPD'!$H$21,AND($B43>='Tarif DPD'!$G$21,$B43<='Tarif DPD'!$G$22),'Tarif DPD'!$H$22,AND($B43>='Tarif DPD'!$G$22,$B43<='Tarif DPD'!$G$23),'Tarif DPD'!$H$23,AND($B43>='Tarif DPD'!$G$23,$B43<='Tarif DPD'!$G$24),'Tarif DPD'!$H$24,AND($B43>='Tarif DPD'!$G$24,$B43<='Tarif DPD'!$G$25),'Tarif DPD'!$H$25,AND($B43>='Tarif DPD'!$G$25,$B43<='Tarif DPD'!$G$26),'Tarif DPD'!$H$26,AND($B43>='Tarif DPD'!$G$26,$B43<='Tarif DPD'!$G$27),'Tarif DPD'!$H$27,AND($B43>='Tarif DPD'!$G$27,$B43<='Tarif DPD'!$G$28),'Tarif DPD'!$H$28,AND($B43>='Tarif DPD'!$G$28,$B43<='Tarif DPD'!$G$29),'Tarif DPD'!$H$29,AND($B43>='Tarif DPD'!$G$29,$B43<='Tarif DPD'!$G$30),'Tarif DPD'!$H$30,AND($B43>='Tarif DPD'!$G$30,$B43<='Tarif DPD'!$G$31),'Tarif DPD'!$H$31,AND($B43>='Tarif DPD'!$G$31,$B43<='Tarif DPD'!$G$32),'Tarif DPD'!$H$32,AND($B43>='Tarif DPD'!$G$32,$B43<='Tarif DPD'!$G$33),'Tarif DPD'!$H$33,AND($B43>='Tarif DPD'!$G$33,$B43<='Tarif DPD'!$G$34),'Tarif DPD'!$H$34,AND($B43>='Tarif DPD'!$G$34,$B43<='Tarif DPD'!$G$35),'Tarif DPD'!$H$35,AND($B43>='Tarif DPD'!$G$35,$B43<='Tarif DPD'!$G$36),'Tarif DPD'!$H$36,AND($B43>='Tarif DPD'!$G$36,$B43<='Tarif DPD'!$G$37),'Tarif DPD'!$H$37,AND($B43>='Tarif DPD'!$G$37,$B43<='Tarif DPD'!$G$38),'Tarif DPD'!$H$38,AND($B43>='Tarif DPD'!$G$38,$B43<='Tarif DPD'!$G$39),'Tarif DPD'!$H$39,AND($B43>='Tarif DPD'!$G$39,$B43<='Tarif DPD'!$G$40),'Tarif DPD'!$H$40,AND($B43>='Tarif DPD'!$G$40,$B43<='Tarif DPD'!$G$41),'Tarif DPD'!$H$41,AND($B43>='Tarif DPD'!$G$41,$B43<='Tarif DPD'!$G$42),'Tarif DPD'!$H$42,AND($B43>='Tarif DPD'!$G$42,$B43<='Tarif DPD'!$G$43),'Tarif DPD'!$H$43,AND($B43>='Tarif DPD'!$G$43,$B43<='Tarif DPD'!$G$44),'Tarif DPD'!$H$44,AND($B43>='Tarif DPD'!$G$44,$B43<='Tarif DPD'!$G$45),'Tarif DPD'!$H$45,AND($B43>='Tarif DPD'!$G$45,$B43<='Tarif DPD'!$G$46),'Tarif DPD'!$H$46,$B43>'Tarif DPD'!$G$46,"sur devis") -> #NAME? | E43: =_xlfn.IFS(AND(B43>=0,B43<='Tarif Colissimo2'!$A$5),'Tarif Colissimo2'!$B$5,AND(B43>='Tarif Colissimo2'!$A$5,B43<='Tarif Colissimo2'!$A$6),'Tarif Colissimo2'!$B$6,AND(B43>='Tarif Colissimo2'!$A$6,B43<='Tarif Colissimo2'!$A$7),'Tarif Colissimo2'!$B$7,AND(B43>='Tarif Colissimo2'!$A$7,B43<='Tarif Colissimo2'!$A$8),'Tarif Colissimo2'!$B$8,AND(B43>='Tarif Colissimo2'!$A$8,B43<='Tarif Colissimo2'!$A$9),'Tarif Colissimo2'!$B$9,AND(B43>='Tarif Colissimo2'!$A$9,B43<='Tarif Colissimo2'!$A$10),'Tarif Colissimo2'!$B$10,AND(B43>='Tarif Colissimo2'!$A$10,B43<='Tarif Colissimo2'!$A$11),'Tarif Colissimo2'!$B$11,AND(B43>='Tarif Colissimo2'!$A$11,B43<='Tarif Colissimo2'!$A$12),'Tarif Colissimo2'!$B$12,B43>'Tarif Colissimo2'!A50,"Sur devis") -> #NAME?
A44: Di-M40ME | B44: 0.33 | C44: 29.99 | D44: =_xlfn.IFS(AND($B44>=0,$B44<='Tarif DPD'!$G$17),'Tarif DPD'!$H$17,AND($B44>='Tarif DPD'!$G$17,$B44<='Tarif DPD'!$G$18),'Tarif DPD'!$H$18,AND($B44>='Tarif DPD'!$G$18,$B44<='Tarif DPD'!$G$19),'Tarif DPD'!$H$19,AND($B44>='Tarif DPD'!$G$19,$B44<='Tarif DPD'!$G$20),'Tarif DPD'!$H$20,AND($B44>='Tarif DPD'!$G$20,$B44<='Tarif DPD'!$G$21),'Tarif DPD'!$H$21,AND($B44>='Tarif DPD'!$G$21,$B44<='Tarif DPD'!$G$22),'Tarif DPD'!$H$22,AND($B44>='Tarif DPD'!$G$22,$B44<='Tarif DPD'!$G$23),'Tarif DPD'!$H$23,AND($B44>='Tarif DPD'!$G$23,$B44<='Tarif DPD'!$G$24),'Tarif DPD'!$H$24,AND($B44>='Tarif DPD'!$G$24,$B44<='Tarif DPD'!$G$25),'Tarif DPD'!$H$25,AND($B44>='Tarif DPD'!$G$25,$B44<='Tarif DPD'!$G$26),'Tarif DPD'!$H$26,AND($B44>='Tarif DPD'!$G$26,$B44<='Tarif DPD'!$G$27),'Tarif DPD'!$H$27,AND($B44>='Tarif DPD'!$G$27,$B44<='Tarif DPD'!$G$28),'Tarif DPD'!$H$28,AND($B44>='Tarif DPD'!$G$28,$B44<='Tarif DPD'!$G$29),'Tarif DPD'!$H$29,AND($B44>='Tarif DPD'!$G$29,$B44<='Tarif DPD'!$G$30),'Tarif DPD'!$H$30,AND($B44>='Tarif DPD'!$G$30,$B44<='Tarif DPD'!$G$31),'Tarif DPD'!$H$31,AND($B44>='Tarif DPD'!$G$31,$B44<='Tarif DPD'!$G$32),'Tarif DPD'!$H$32,AND($B44>='Tarif DPD'!$G$32,$B44<='Tarif DPD'!$G$33),'Tarif DPD'!$H$33,AND($B44>='Tarif DPD'!$G$33,$B44<='Tarif DPD'!$G$34),'Tarif DPD'!$H$34,AND($B44>='Tarif DPD'!$G$34,$B44<='Tarif DPD'!$G$35),'Tarif DPD'!$H$35,AND($B44>='Tarif DPD'!$G$35,$B44<='Tarif DPD'!$G$36),'Tarif DPD'!$H$36,AND($B44>='Tarif DPD'!$G$36,$B44<='Tarif DPD'!$G$37),'Tarif DPD'!$H$37,AND($B44>='Tarif DPD'!$G$37,$B44<='Tarif DPD'!$G$38),'Tarif DPD'!$H$38,AND($B44>='Tarif DPD'!$G$38,$B44<='Tarif DPD'!$G$39),'Tarif DPD'!$H$39,AND($B44>='Tarif DPD'!$G$39,$B44<='Tarif DPD'!$G$40),'Tarif DPD'!$H$40,AND($B44>='Tarif DPD'!$G$40,$B44<='Tarif DPD'!$G$41),'Tarif DPD'!$H$41,AND($B44>='Tarif DPD'!$G$41,$B44<='Tarif DPD'!$G$42),'Tarif DPD'!$H$42,AND($B44>='Tarif DPD'!$G$42,$B44<='Tarif DPD'!$G$43),'Tarif DPD'!$H$43,AND($B44>='Tarif DPD'!$G$43,$B44<='Tarif DPD'!$G$44),'Tarif DPD'!$H$44,AND($B44>='Tarif DPD'!$G$44,$B44<='Tarif DPD'!$G$45),'Tarif DPD'!$H$45,AND($B44>='Tarif DPD'!$G$45,$B44<='Tarif DPD'!$G$46),'Tarif DPD'!$H$46,$B44>'Tarif DPD'!$G$46,"sur devis") -> #NAME? | E44: =_xlfn.IFS(AND(B44>=0,B44<='Tarif Colissimo2'!$A$5),'Tarif Colissimo2'!$B$5,AND(B44>='Tarif Colissimo2'!$A$5,B44<='Tarif Colissimo2'!$A$6),'Tarif Colissimo2'!$B$6,AND(B44>='Tarif Colissimo2'!$A$6,B44<='Tarif Colissimo2'!$A$7),'Tarif Colissimo2'!$B$7,AND(B44>='Tarif Colissimo2'!$A$7,B44<='Tarif Colissimo2'!$A$8),'Tarif Colissimo2'!$B$8,AND(B44>='Tarif Colissimo2'!$A$8,B44<='Tarif Colissimo2'!$A$9),'Tarif Colissimo2'!$B$9,AND(B44>='Tarif Colissimo2'!$A$9,B44<='Tarif Colissimo2'!$A$10),'Tarif Colissimo2'!$B$10,AND(B44>='Tarif Colissimo2'!$A$10,B44<='Tarif Colissimo2'!$A$11),'Tarif Colissimo2'!$B$11,AND(B44>='Tarif Colissimo2'!$A$11,B44<='Tarif Colissimo2'!$A$12),'Tarif Colissimo2'!$B$12,B44>'Tarif Colissimo2'!A51,"Sur devis") -> #NAME?
A45: Di-M40MY | B45: 0.33 | C45: 29.99 | D45: =_xlfn.IFS(AND($B45>=0,$B45<='Tarif DPD'!$G$17),'Tarif DPD'!$H$17,AND($B45>='Tarif DPD'!$G$17,$B45<='Tarif DPD'!$G$18),'Tarif DPD'!$H$18,AND($B45>='Tarif DPD'!$G$18,$B45<='Tarif DPD'!$G$19),'Tarif DPD'!$H$19,AND($B45>='Tarif DPD'!$G$19,$B45<='Tarif DPD'!$G$20),'Tarif DPD'!$H$20,AND($B45>='Tarif DPD'!$G$20,$B45<='Tarif DPD'!$G$21),'Tarif DPD'!$H$21,AND($B45>='Tarif DPD'!$G$21,$B45<='Tarif DPD'!$G$22),'Tarif DPD'!$H$22,AND($B45>='Tarif DPD'!$G$22,$B45<='Tarif DPD'!$G$23),'Tarif DPD'!$H$23,AND($B45>='Tarif DPD'!$G$23,$B45<='Tarif DPD'!$G$24),'Tarif DPD'!$H$24,AND($B45>='Tarif DPD'!$G$24,$B45<='Tarif DPD'!$G$25),'Tarif DPD'!$H$25,AND($B45>='Tarif DPD'!$G$25,$B45<='Tarif DPD'!$G$26),'Tarif DPD'!$H$26,AND($B45>='Tarif DPD'!$G$26,$B45<='Tarif DPD'!$G$27),'Tarif DPD'!$H$27,AND($B45>='Tarif DPD'!$G$27,$B45<='Tarif DPD'!$G$28),'Tarif DPD'!$H$28,AND($B45>='Tarif DPD'!$G$28,$B45<='Tarif DPD'!$G$29),'Tarif DPD'!$H$29,AND($B45>='Tarif DPD'!$G$29,$B45<='Tarif DPD'!$G$30),'Tarif DPD'!$H$30,AND($B45>='Tarif DPD'!$G$30,$B45<='Tarif DPD'!$G$31),'Tarif DPD'!$H$31,AND($B45>='Tarif DPD'!$G$31,$B45<='Tarif DPD'!$G$32),'Tarif DPD'!$H$32,AND($B45>='Tarif DPD'!$G$32,$B45<='Tarif DPD'!$G$33),'Tarif DPD'!$H$33,AND($B45>='Tarif DPD'!$G$33,$B45<='Tarif DPD'!$G$34),'Tarif DPD'!$H$34,AND($B45>='Tarif DPD'!$G$34,$B45<='Tarif DPD'!$G$35),'Tarif DPD'!$H$35,AND($B45>='Tarif DPD'!$G$35,$B45<='Tarif DPD'!$G$36),'Tarif DPD'!$H$36,AND($B45>='Tarif DPD'!$G$36,$B45<='Tarif DPD'!$G$37),'Tarif DPD'!$H$37,AND($B45>='Tarif DPD'!$G$37,$B45<='Tarif DPD'!$G$38),'Tarif DPD'!$H$38,AND($B45>='Tarif DPD'!$G$38,$B45<='Tarif DPD'!$G$39),'Tarif DPD'!$H$39,AND($B45>='Tarif DPD'!$G$39,$B45<='Tarif DPD'!$G$40),'Tarif DPD'!$H$40,AND($B45>='Tarif DPD'!$G$40,$B45<='Tarif DPD'!$G$41),'Tarif DPD'!$H$41,AND($B45>='Tarif DPD'!$G$41,$B45<='Tarif DPD'!$G$42),'Tarif DPD'!$H$42,AND($B45>='Tarif DPD'!$G$42,$B45<='Tarif DPD'!$G$43),'Tarif DPD'!$H$43,AND($B45>='Tarif DPD'!$G$43,$B45<='Tarif DPD'!$G$44),'Tarif DPD'!$H$44,AND($B45>='Tarif DPD'!$G$44,$B45<='Tarif DPD'!$G$45),'Tarif DPD'!$H$45,AND($B45>='Tarif DPD'!$G$45,$B45<='Tarif DPD'!$G$46),'Tarif DPD'!$H$46,$B45>'Tarif DPD'!$G$46,"sur devis") -> #NAME? | E45: =_xlfn.IFS(AND(B45>=0,B45<='Tarif Colissimo2'!$A$5),'Tarif Colissimo2'!$B$5,AND(B45>='Tarif Colissimo2'!$A$5,B45<='Tarif Colissimo2'!$A$6),'Tarif Colissimo2'!$B$6,AND(B45>='Tarif Colissimo2'!$A$6,B45<='Tarif Colissimo2'!$A$7),'Tarif Colissimo2'!$B$7,AND(B45>='Tarif Colissimo2'!$A$7,B45<='Tarif Colissimo2'!$A$8),'Tarif Colissimo2'!$B$8,AND(B45>='Tarif Colissimo2'!$A$8,B45<='Tarif Colissimo2'!$A$9),'Tarif Colissimo2'!$B$9,AND(B45>='Tarif Colissimo2'!$A$9,B45<='Tarif Colissimo2'!$A$10),'Tarif Colissimo2'!$B$10,AND(B45>='Tarif Colissimo2'!$A$10,B45<='Tarif Colissimo2'!$A$11),'Tarif Colissimo2'!$B$11,AND(B45>='Tarif Colissimo2'!$A$11,B45<='Tarif Colissimo2'!$A$12),'Tarif Colissimo2'!$B$12,B45>'Tarif Colissimo2'!A52,"Sur devis") -> #NAME?
A46: DP-115 | B46: 0.85 | C46: 39.99 | D46: =_xlfn.IFS(AND($B46>=0,$B46<='Tarif DPD'!$G$17),'Tarif DPD'!$H$17,AND($B46>='Tarif DPD'!$G$17,$B46<='Tarif DPD'!$G$18),'Tarif DPD'!$H$18,AND($B46>='Tarif DPD'!$G$18,$B46<='Tarif DPD'!$G$19),'Tarif DPD'!$H$19,AND($B46>='Tarif DPD'!$G$19,$B46<='Tarif DPD'!$G$20),'Tarif DPD'!$H$20,AND($B46>='Tarif DPD'!$G$20,$B46<='Tarif DPD'!$G$21),'Tarif DPD'!$H$21,AND($B46>='Tarif DPD'!$G$21,$B46<='Tarif DPD'!$G$22),'Tarif DPD'!$H$22,AND($B46>='Tarif DPD'!$G$22,$B46<='Tarif DPD'!$G$23),'Tarif DPD'!$H$23,AND($B46>='Tarif DPD'!$G$23,$B46<='Tarif DPD'!$G$24),'Tarif DPD'!$H$24,AND($B46>='Tarif DPD'!$G$24,$B46<='Tarif DPD'!$G$25),'Tarif DPD'!$H$25,AND($B46>='Tarif DPD'!$G$25,$B46<='Tarif DPD'!$G$26),'Tarif DPD'!$H$26,AND($B46>='Tarif DPD'!$G$26,$B46<='Tarif DPD'!$G$27),'Tarif DPD'!$H$27,AND($B46>='Tarif DPD'!$G$27,$B46<='Tarif DPD'!$G$28),'Tarif DPD'!$H$28,AND($B46>='Tarif DPD'!$G$28,$B46<='Tarif DPD'!$G$29),'Tarif DPD'!$H$29,AND($B46>='Tarif DPD'!$G$29,$B46<='Tarif DPD'!$G$30),'Tarif DPD'!$H$30,AND($B46>='Tarif DPD'!$G$30,$B46<='Tarif DPD'!$G$31),'Tarif DPD'!$H$31,AND($B46>='Tarif DPD'!$G$31,$B46<='Tarif DPD'!$G$32),'Tarif DPD'!$H$32,AND($B46>='Tarif DPD'!$G$32,$B46<='Tarif DPD'!$G$33),'Tarif DPD'!$H$33,AND($B46>='Tarif DPD'!$G$33,$B46<='Tarif DPD'!$G$34),'Tarif DPD'!$H$34,AND($B46>='Tarif DPD'!$G$34,$B46<='Tarif DPD'!$G$35),'Tarif DPD'!$H$35,AND($B46>='Tarif DPD'!$G$35,$B46<='Tarif DPD'!$G$36),'Tarif DPD'!$H$36,AND($B46>='Tarif DPD'!$G$36,$B46<='Tarif DPD'!$G$37),'Tarif DPD'!$H$37,AND($B46>='Tarif DPD'!$G$37,$B46<='Tarif DPD'!$G$38),'Tarif DPD'!$H$38,AND($B46>='Tarif DPD'!$G$38,$B46<='Tarif DPD'!$G$39),'Tarif DPD'!$H$39,AND($B46>='Tarif DPD'!$G$39,$B46<='Tarif DPD'!$G$40),'Tarif DPD'!$H$40,AND($B46>='Tarif DPD'!$G$40,$B46<='Tarif DPD'!$G$41),'Tarif DPD'!$H$41,AND($B46>='Tarif DPD'!$G$41,$B46<='Tarif DPD'!$G$42),'Tarif DPD'!$H$42,AND($B46>='Tarif DPD'!$G$42,$B46<='Tarif DPD'!$G$43),'Tarif DPD'!$H$43,AND($B46>='Tarif DPD'!$G$43,$B46<='Tarif DPD'!$G$44),'Tarif DPD'!$H$44,AND($B46>='Tarif DPD'!$G$44,$B46<='Tarif DPD'!$G$45),'Tarif DPD'!$H$45,AND($B46>='Tarif DPD'!$G$45,$B46<='Tarif DPD'!$G$46),'Tarif DPD'!$H$46,$B46>'Tarif DPD'!$G$46,"sur devis") -> #NAME? | E46: =_xlfn.IFS(AND(B46>=0,B46<='Tarif Colissimo2'!$A$5),'Tarif Colissimo2'!$B$5,AND(B46>='Tarif Colissimo2'!$A$5,B46<='Tarif Colissimo2'!$A$6),'Tarif Colissimo2'!$B$6,AND(B46>='Tarif Colissimo2'!$A$6,B46<='Tarif Colissimo2'!$A$7),'Tarif Colissimo2'!$B$7,AND(B46>='Tarif Colissimo2'!$A$7,B46<='Tarif Colissimo2'!$A$8),'Tarif Colissimo2'!$B$8,AND(B46>='Tarif Colissimo2'!$A$8,B46<='Tarif Colissimo2'!$A$9),'Tarif Colissimo2'!$B$9,AND(B46>='Tarif Colissimo2'!$A$9,B46<='Tarif Colissimo2'!$A$10),'Tarif Colissimo2'!$B$10,AND(B46>='Tarif Colissimo2'!$A$10,B46<='Tarif Colissimo2'!$A$11),'Tarif Colissimo2'!$B$11,AND(B46>='Tarif Colissimo2'!$A$11,B46<='Tarif Colissimo2'!$A$12),'Tarif Colissimo2'!$B$12,B46>'Tarif Colissimo2'!A53,"Sur devis") -> #NAME?
A47: DP-136 | B47: 0.19 | C47: 19.99 | D47: =_xlfn.IFS(AND($B47>=0,$B47<='Tarif DPD'!$G$17),'Tarif DPD'!$H$17,AND($B47>='Tarif DPD'!$G$17,$B47<='Tarif DPD'!$G$18),'Tarif DPD'!$H$18,AND($B47>='Tarif DPD'!$G$18,$B47<='Tarif DPD'!$G$19),'Tarif DPD'!$H$19,AND($B47>='Tarif DPD'!$G$19,$B47<='Tarif DPD'!$G$20),'Tarif DPD'!$H$20,AND($B47>='Tarif DPD'!$G$20,$B47<='Tarif DPD'!$G$21),'Tarif DPD'!$H$21,AND($B47>='Tarif DPD'!$G$21,$B47<='Tarif DPD'!$G$22),'Tarif DPD'!$H$22,AND($B47>='Tarif DPD'!$G$22,$B47<='Tarif DPD'!$G$23),'Tarif DPD'!$H$23,AND($B47>='Tarif DPD'!$G$23,$B47<='Tarif DPD'!$G$24),'Tarif DPD'!$H$24,AND($B47>='Tarif DPD'!$G$24,$B47<='Tarif DPD'!$G$25),'Tarif DPD'!$H$25,AND($B47>='Tarif DPD'!$G$25,$B47<='Tarif DPD'!$G$26),'Tarif DPD'!$H$26,AND($B47>='Tarif DPD'!$G$26,$B47<='Tarif DPD'!$G$27),'Tarif DPD'!$H$27,AND($B47>='Tarif DPD'!$G$27,$B47<='Tarif DPD'!$G$28),'Tarif DPD'!$H$28,AND($B47>='Tarif DPD'!$G$28,$B47<='Tarif DPD'!$G$29),'Tarif DPD'!$H$29,AND($B47>='Tarif DPD'!$G$29,$B47<='Tarif DPD'!$G$30),'Tarif DPD'!$H$30,AND($B47>='Tarif DPD'!$G$30,$B47<='Tarif DPD'!$G$31),'Tarif DPD'!$H$31,AND($B47>='Tarif DPD'!$G$31,$B47<='Tarif DPD'!$G$32),'Tarif DPD'!$H$32,AND($B47>='Tarif DPD'!$G$32,$B47<='Tarif DPD'!$G$33),'Tarif DPD'!$H$33,AND($B47>='Tarif DPD'!$G$33,$B47<='Tarif DPD'!$G$34),'Tarif DPD'!$H$34,AND($B47>='Tarif DPD'!$G$34,$B47<='Tarif DPD'!$G$35),'Tarif DPD'!$H$35,AND($B47>='Tarif DPD'!$G$35,$B47<='Tarif DPD'!$G$36),'Tarif DPD'!$H$36,AND($B47>='Tarif DPD'!$G$36,$B47<='Tarif DPD'!$G$37),'Tarif DPD'!$H$37,AND($B47>='Tarif DPD'!$G$37,$B47<='Tarif DPD'!$G$38),'Tarif DPD'!$H$38,AND($B47>='Tarif DPD'!$G$38,$B47<='Tarif DPD'!$G$39),'Tarif DPD'!$H$39,AND($B47>='Tarif DPD'!$G$39,$B47<='Tarif DPD'!$G$40),'Tarif DPD'!$H$40,AND($B47>='Tarif DPD'!$G$40,$B47<='Tarif DPD'!$G$41),'Tarif DPD'!$H$41,AND($B47>='Tarif DPD'!$G$41,$B47<='Tarif DPD'!$G$42),'Tarif DPD'!$H$42,AND($B47>='Tarif DPD'!$G$42,$B47<='Tarif DPD'!$G$43),'Tarif DPD'!$H$43,AND($B47>='Tarif DPD'!$G$43,$B47<='Tarif DPD'!$G$44),'Tarif DPD'!$H$44,AND($B47>='Tarif DPD'!$G$44,$B47<='Tarif DPD'!$G$45),'Tarif DPD'!$H$45,AND($B47>='Tarif DPD'!$G$45,$B47<='Tarif DPD'!$G$46),'Tarif DPD'!$H$46,$B47>'Tarif DPD'!$G$46,"sur devis") -> #NAME? | E47: =_xlfn.IFS(AND(B47>=0,B47<='Tarif Colissimo2'!$A$5),'Tarif Colissimo2'!$B$5,AND(B47>='Tarif Colissimo2'!$A$5,B47<='Tarif Colissimo2'!$A$6),'Tarif Colissimo2'!$B$6,AND(B47>='Tarif Colissimo2'!$A$6,B47<='Tarif Colissimo2'!$A$7),'Tarif Colissimo2'!$B$7,AND(B47>='Tarif Colissimo2'!$A$7,B47<='Tarif Colissimo2'!$A$8),'Tarif Colissimo2'!$B$8,AND(B47>='Tarif Colissimo2'!$A$8,B47<='Tarif Colissimo2'!$A$9),'Tarif Colissimo2'!$B$9,AND(B47>='Tarif Colissimo2'!$A$9,B47<='Tarif Colissimo2'!$A$10),'Tarif Colissimo2'!$B$10,AND(B47>='Tarif Colissimo2'!$A$10,B47<='Tarif Colissimo2'!$A$11),'Tarif Colissimo2'!$B$11,AND(B47>='Tarif Colissimo2'!$A$11,B47<='Tarif Colissimo2'!$A$12),'Tarif Colissimo2'!$B$12,B47>'Tarif Colissimo2'!A54,"Sur devis") -> #NAME?
A48: DP-140 | B48: 0.2 | C48: 24.99 | D48: =_xlfn.IFS(AND($B48>=0,$B48<='Tarif DPD'!$G$17),'Tarif DPD'!$H$17,AND($B48>='Tarif DPD'!$G$17,$B48<='Tarif DPD'!$G$18),'Tarif DPD'!$H$18,AND($B48>='Tarif DPD'!$G$18,$B48<='Tarif DPD'!$G$19),'Tarif DPD'!$H$19,AND($B48>='Tarif DPD'!$G$19,$B48<='Tarif DPD'!$G$20),'Tarif DPD'!$H$20,AND($B48>='Tarif DPD'!$G$20,$B48<='Tarif DPD'!$G$21),'Tarif DPD'!$H$21,AND($B48>='Tarif DPD'!$G$21,$B48<='Tarif DPD'!$G$22),'Tarif DPD'!$H$22,AND($B48>='Tarif DPD'!$G$22,$B48<='Tarif DPD'!$G$23),'Tarif DPD'!$H$23,AND($B48>='Tarif DPD'!$G$23,$B48<='Tarif DPD'!$G$24),'Tarif DPD'!$H$24,AND($B48>='Tarif DPD'!$G$24,$B48<='Tarif DPD'!$G$25),'Tarif DPD'!$H$25,AND($B48>='Tarif DPD'!$G$25,$B48<='Tarif DPD'!$G$26),'Tarif DPD'!$H$26,AND($B48>='Tarif DPD'!$G$26,$B48<='Tarif DPD'!$G$27),'Tarif DPD'!$H$27,AND($B48>='Tarif DPD'!$G$27,$B48<='Tarif DPD'!$G$28),'Tarif DPD'!$H$28,AND($B48>='Tarif DPD'!$G$28,$B48<='Tarif DPD'!$G$29),'Tarif DPD'!$H$29,AND($B48>='Tarif DPD'!$G$29,$B48<='Tarif DPD'!$G$30),'Tarif DPD'!$H$30,AND($B48>='Tarif DPD'!$G$30,$B48<='Tarif DPD'!$G$31),'Tarif DPD'!$H$31,AND($B48>='Tarif DPD'!$G$31,$B48<='Tarif DPD'!$G$32),'Tarif DPD'!$H$32,AND($B48>='Tarif DPD'!$G$32,$B48<='Tarif DPD'!$G$33),'Tarif DPD'!$H$33,AND($B48>='Tarif DPD'!$G$33,$B48<='Tarif DPD'!$G$34),'Tarif DPD'!$H$34,AND($B48>='Tarif DPD'!$G$34,$B48<='Tarif DPD'!$G$35),'Tarif DPD'!$H$35,AND($B48>='Tarif DPD'!$G$35,$B48<='Tarif DPD'!$G$36),'Tarif DPD'!$H$36,AND($B48>='Tarif DPD'!$G$36,$B48<='Tarif DPD'!$G$37),'Tarif DPD'!$H$37,AND($B48>='Tarif DPD'!$G$37,$B48<='Tarif DPD'!$G$38),'Tarif DPD'!$H$38,AND($B48>='Tarif DPD'!$G$38,$B48<='Tarif DPD'!$G$39),'Tarif DPD'!$H$39,AND($B48>='Tarif DPD'!$G$39,$B48<='Tarif DPD'!$G$40),'Tarif DPD'!$H$40,AND($B48>='Tarif DPD'!$G$40,$B48<='Tarif DPD'!$G$41),'Tarif DPD'!$H$41,AND($B48>='Tarif DPD'!$G$41,$B48<='Tarif DPD'!$G$42),'Tarif DPD'!$H$42,AND($B48>='Tarif DPD'!$G$42,$B48<='Tarif DPD'!$G$43),'Tarif DPD'!$H$43,AND($B48>='Tarif DPD'!$G$43,$B48<='Tarif DPD'!$G$44),'Tarif DPD'!$H$44,AND($B48>='Tarif DPD'!$G$44,$B48<='Tarif DPD'!$G$45),'Tarif DPD'!$H$45,AND($B48>='Tarif DPD'!$G$45,$B48<='Tarif DPD'!$G$46),'Tarif DPD'!$H$46,$B48>'Tarif DPD'!$G$46,"sur devis") -> #NAME? | E48: =_xlfn.IFS(AND(B48>=0,B48<='Tarif Colissimo2'!$A$5),'Tarif Colissimo2'!$B$5,AND(B48>='Tarif Colissimo2'!$A$5,B48<='Tarif Colissimo2'!$A$6),'Tarif Colissimo2'!$B$6,AND(B48>='Tarif Colissimo2'!$A$6,B48<='Tarif Colissimo2'!$A$7),'Tarif Colissimo2'!$B$7,AND(B48>='Tarif Colissimo2'!$A$7,B48<='Tarif Colissimo2'!$A$8),'Tarif Colissimo2'!$B$8,AND(B48>='Tarif Colissimo2'!$A$8,B48<='Tarif Colissimo2'!$A$9),'Tarif Colissimo2'!$B$9,AND(B48>='Tarif Colissimo2'!$A$9,B48<='Tarif Colissimo2'!$A$10),'Tarif Colissimo2'!$B$10,AND(B48>='Tarif Colissimo2'!$A$10,B48<='Tarif Colissimo2'!$A$11),'Tarif Colissimo2'!$B$11,AND(B48>='Tarif Colissimo2'!$A$11,B48<='Tarif Colissimo2'!$A$12),'Tarif Colissimo2'!$B$12,B48>'Tarif Colissimo2'!A55,"Sur devis") -> #NAME?
A49: DP-202 | B49: 0.28 | C49: 19.99 | D49: =_xlfn.IFS(AND($B49>=0,$B49<='Tarif DPD'!$G$17),'Tarif DPD'!$H$17,AND($B49>='Tarif DPD'!$G$17,$B49<='Tarif DPD'!$G$18),'Tarif DPD'!$H$18,AND($B49>='Tarif DPD'!$G$18,$B49<='Tarif DPD'!$G$19),'Tarif DPD'!$H$19,AND($B49>='Tarif DPD'!$G$19,$B49<='Tarif DPD'!$G$20),'Tarif DPD'!$H$20,AND($B49>='Tarif DPD'!$G$20,$B49<='Tarif DPD'!$G$21),'Tarif DPD'!$H$21,AND($B49>='Tarif DPD'!$G$21,$B49<='Tarif DPD'!$G$22),'Tarif DPD'!$H$22,AND($B49>='Tarif DPD'!$G$22,$B49<='Tarif DPD'!$G$23),'Tarif DPD'!$H$23,AND($B49>='Tarif DPD'!$G$23,$B49<='Tarif DPD'!$G$24),'Tarif DPD'!$H$24,AND($B49>='Tarif DPD'!$G$24,$B49<='Tarif DPD'!$G$25),'Tarif DPD'!$H$25,AND($B49>='Tarif DPD'!$G$25,$B49<='Tarif DPD'!$G$26),'Tarif DPD'!$H$26,AND($B49>='Tarif DPD'!$G$26,$B49<='Tarif DPD'!$G$27),'Tarif DPD'!$H$27,AND($B49>='Tarif DPD'!$G$27,$B49<='Tarif DPD'!$G$28),'Tarif DPD'!$H$28,AND($B49>='Tarif DPD'!$G$28,$B49<='Tarif DPD'!$G$29),'Tarif DPD'!$H$29,AND($B49>='Tarif DPD'!$G$29,$B49<='Tarif DPD'!$G$30),'Tarif DPD'!$H$30,AND($B49>='Tarif DPD'!$G$30,$B49<='Tarif DPD'!$G$31),'Tarif DPD'!$H$31,AND($B49>='Tarif DPD'!$G$31,$B49<='Tarif DPD'!$G$32),'Tarif DPD'!$H$32,AND($B49>='Tarif DPD'!$G$32,$B49<='Tarif DPD'!$G$33),'Tarif DPD'!$H$33,AND($B49>='Tarif DPD'!$G$33,$B49<='Tarif DPD'!$G$34),'Tarif DPD'!$H$34,AND($B49>='Tarif DPD'!$G$34,$B49<='Tarif DPD'!$G$35),'Tarif DPD'!$H$35,AND($B49>='Tarif DPD'!$G$35,$B49<='Tarif DPD'!$G$36),'Tarif DPD'!$H$36,AND($B49>='Tarif DPD'!$G$36,$B49<='Tarif DPD'!$G$37),'Tarif DPD'!$H$37,AND($B49>='Tarif DPD'!$G$37,$B49<='Tarif DPD'!$G$38),'Tarif DPD'!$H$38,AND($B49>='Tarif DPD'!$G$38,$B49<='Tarif DPD'!$G$39),'Tarif DPD'!$H$39,AND($B49>='Tarif DPD'!$G$39,$B49<='Tarif DPD'!$G$40),'Tarif DPD'!$H$40,AND($B49>='Tarif DPD'!$G$40,$B49<='Tarif DPD'!$G$41),'Tarif DPD'!$H$41,AND($B49>='Tarif DPD'!$G$41,$B49<='Tarif DPD'!$G$42),'Tarif DPD'!$H$42,AND($B49>='Tarif DPD'!$G$42,$B49<='Tarif DPD'!$G$43),'Tarif DPD'!$H$43,AND($B49>='Tarif DPD'!$G$43,$B49<='Tarif DPD'!$G$44),'Tarif DPD'!$H$44,AND($B49>='Tarif DPD'!$G$44,$B49<='Tarif DPD'!$G$45),'Tarif DPD'!$H$45,AND($B49>='Tarif DPD'!$G$45,$B49<='Tarif DPD'!$G$46),'Tarif DPD'!$H$46,$B49>'Tarif DPD'!$G$46,"sur devis") -> #NAME? | E49: =_xlfn.IFS(AND(B49>=0,B49<='Tarif Colissimo2'!$A$5),'Tarif Colissimo2'!$B$5,AND(B49>='Tarif Colissimo2'!$A$5,B49<='Tarif Colissimo2'!$A$6),'Tarif Colissimo2'!$B$6,AND(B49>='Tarif Colissimo2'!$A$6,B49<='Tarif Colissimo2'!$A$7),'Tarif Colissimo2'!$B$7,AND(B49>='Tarif Colissimo2'!$A$7,B49<='Tarif Colissimo2'!$A$8),'Tarif Colissimo2'!$B$8,AND(B49>='Tarif Colissimo2'!$A$8,B49<='Tarif Colissimo2'!$A$9),'Tarif Colissimo2'!$B$9,AND(B49>='Tarif Colissimo2'!$A$9,B49<='Tarif Colissimo2'!$A$10),'Tarif Colissimo2'!$B$10,AND(B49>='Tarif Colissimo2'!$A$10,B49<='Tarif Colissimo2'!$A$11),'Tarif Colissimo2'!$B$11,AND(B49>='Tarif Colissimo2'!$A$11,B49<='Tarif Colissimo2'!$A$12),'Tarif Colissimo2'!$B$12,B49>'Tarif Colissimo2'!A56,"Sur devis") -> #NAME?
A50: DP-408 | B50: 0.42 | C50: 19.99 | D50: =_xlfn.IFS(AND($B50>=0,$B50<='Tarif DPD'!$G$17),'Tarif DPD'!$H$17,AND($B50>='Tarif DPD'!$G$17,$B50<='Tarif DPD'!$G$18),'Tarif DPD'!$H$18,AND($B50>='Tarif DPD'!$G$18,$B50<='Tarif DPD'!$G$19),'Tarif DPD'!$H$19,AND($B50>='Tarif DPD'!$G$19,$B50<='Tarif DPD'!$G$20),'Tarif DPD'!$H$20,AND($B50>='Tarif DPD'!$G$20,$B50<='Tarif DPD'!$G$21),'Tarif DPD'!$H$21,AND($B50>='Tarif DPD'!$G$21,$B50<='Tarif DPD'!$G$22),'Tarif DPD'!$H$22,AND($B50>='Tarif DPD'!$G$22,$B50<='Tarif DPD'!$G$23),'Tarif DPD'!$H$23,AND($B50>='Tarif DPD'!$G$23,$B50<='Tarif DPD'!$G$24),'Tarif DPD'!$H$24,AND($B50>='Tarif DPD'!$G$24,$B50<='Tarif DPD'!$G$25),'Tarif DPD'!$H$25,AND($B50>='Tarif DPD'!$G$25,$B50<='Tarif DPD'!$G$26),'Tarif DPD'!$H$26,AND($B50>='Tarif DPD'!$G$26,$B50<='Tarif DPD'!$G$27),'Tarif DPD'!$H$27,AND($B50>='Tarif DPD'!$G$27,$B50<='Tarif DPD'!$G$28),'Tarif DPD'!$H$28,AND($B50>='Tarif DPD'!$G$28,$B50<='Tarif DPD'!$G$29),'Tarif DPD'!$H$29,AND($B50>='Tarif DPD'!$G$29,$B50<='Tarif DPD'!$G$30),'Tarif DPD'!$H$30,AND($B50>='Tarif DPD'!$G$30,$B50<='Tarif DPD'!$G$31),'Tarif DPD'!$H$31,AND($B50>='Tarif DPD'!$G$31,$B50<='Tarif DPD'!$G$32),'Tarif DPD'!$H$32,AND($B50>='Tarif DPD'!$G$32,$B50<='Tarif DPD'!$G$33),'Tarif DPD'!$H$33,AND($B50>='Tarif DPD'!$G$33,$B50<='Tarif DPD'!$G$34),'Tarif DPD'!$H$34,AND($B50>='Tarif DPD'!$G$34,$B50<='Tarif DPD'!$G$35),'Tarif DPD'!$H$35,AND($B50>='Tarif DPD'!$G$35,$B50<='Tarif DPD'!$G$36),'Tarif DPD'!$H$36,AND($B50>='Tarif DPD'!$G$36,$B50<='Tarif DPD'!$G$37),'Tarif DPD'!$H$37,AND($B50>='Tarif DPD'!$G$37,$B50<='Tarif DPD'!$G$38),'Tarif DPD'!$H$38,AND($B50>='Tarif DPD'!$G$38,$B50<='Tarif DPD'!$G$39),'Tarif DPD'!$H$39,AND($B50>='Tarif DPD'!$G$39,$B50<='Tarif DPD'!$G$40),'Tarif DPD'!$H$40,AND($B50>='Tarif DPD'!$G$40,$B50<='Tarif DPD'!$G$41),'Tarif DPD'!$H$41,AND($B50>='Tarif DPD'!$G$41,$B50<='Tarif DPD'!$G$42),'Tarif DPD'!$H$42,AND($B50>='Tarif DPD'!$G$42,$B50<='Tarif DPD'!$G$43),'Tarif DPD'!$H$43,AND($B50>='Tarif DPD'!$G$43,$B50<='Tarif DPD'!$G$44),'Tarif DPD'!$H$44,AND($B50>='Tarif DPD'!$G$44,$B50<='Tarif DPD'!$G$45),'Tarif DPD'!$H$45,AND($B50>='Tarif DPD'!$G$45,$B50<='Tarif DPD'!$G$46),'Tarif DPD'!$H$46,$B50>'Tarif DPD'!$G$46,"sur devis") -> #NAME? | E50: =_xlfn.IFS(AND(B50>=0,B50<='Tarif Colissimo2'!$A$5),'Tarif Colissimo2'!$B$5,AND(B50>='Tarif Colissimo2'!$A$5,B50<='Tarif Colissimo2'!$A$6),'Tarif Colissimo2'!$B$6,AND(B50>='Tarif Colissimo2'!$A$6,B50<='Tarif Colissimo2'!$A$7),'Tarif Colissimo2'!$B$7,AND(B50>='Tarif Colissimo2'!$A$7,B50<='Tarif Colissimo2'!$A$8),'Tarif Colissimo2'!$B$8,AND(B50>='Tarif Colissimo2'!$A$8,B50<='Tarif Colissimo2'!$A$9),'Tarif Colissimo2'!$B$9,AND(B50>='Tarif Colissimo2'!$A$9,B50<='Tarif Colissimo2'!$A$10),'Tarif Colissimo2'!$B$10,AND(B50>='Tarif Colissimo2'!$A$10,B50<='Tarif Colissimo2'!$A$11),'Tarif Colissimo2'!$B$11,AND(B50>='Tarif Colissimo2'!$A$11,B50<='Tarif Colissimo2'!$A$12),'Tarif Colissimo2'!$B$12,B50>'Tarif Colissimo2'!A57,"Sur devis") -> #NAME?
A51: EL-070 | B51: 0.19 | C51: 16.99 | D51: =_xlfn.IFS(AND($B51>=0,$B51<='Tarif DPD'!$G$17),'Tarif DPD'!$H$17,AND($B51>='Tarif DPD'!$G$17,$B51<='Tarif DPD'!$G$18),'Tarif DPD'!$H$18,AND($B51>='Tarif DPD'!$G$18,$B51<='Tarif DPD'!$G$19),'Tarif DPD'!$H$19,AND($B51>='Tarif DPD'!$G$19,$B51<='Tarif DPD'!$G$20),'Tarif DPD'!$H$20,AND($B51>='Tarif DPD'!$G$20,$B51<='Tarif DPD'!$G$21),'Tarif DPD'!$H$21,AND($B51>='Tarif DPD'!$G$21,$B51<='Tarif DPD'!$G$22),'Tarif DPD'!$H$22,AND($B51>='Tarif DPD'!$G$22,$B51<='Tarif DPD'!$G$23),'Tarif DPD'!$H$23,AND($B51>='Tarif DPD'!$G$23,$B51<='Tarif DPD'!$G$24),'Tarif DPD'!$H$24,AND($B51>='Tarif DPD'!$G$24,$B51<='Tarif DPD'!$G$25),'Tarif DPD'!$H$25,AND($B51>='Tarif DPD'!$G$25,$B51<='Tarif DPD'!$G$26),'Tarif DPD'!$H$26,AND($B51>='Tarif DPD'!$G$26,$B51<='Tarif DPD'!$G$27),'Tarif DPD'!$H$27,AND($B51>='Tarif DPD'!$G$27,$B51<='Tarif DPD'!$G$28),'Tarif DPD'!$H$28,AND($B51>='Tarif DPD'!$G$28,$B51<='Tarif DPD'!$G$29),'Tarif DPD'!$H$29,AND($B51>='Tarif DPD'!$G$29,$B51<='Tarif DPD'!$G$30),'Tarif DPD'!$H$30,AND($B51>='Tarif DPD'!$G$30,$B51<='Tarif DPD'!$G$31),'Tarif DPD'!$H$31,AND($B51>='Tarif DPD'!$G$31,$B51<='Tarif DPD'!$G$32),'Tarif DPD'!$H$32,AND($B51>='Tarif DPD'!$G$32,$B51<='Tarif DPD'!$G$33),'Tarif DPD'!$H$33,AND($B51>='Tarif DPD'!$G$33,$B51<='Tarif DPD'!$G$34),'Tarif DPD'!$H$34,AND($B51>='Tarif DPD'!$G$34,$B51<='Tarif DPD'!$G$35),'Tarif DPD'!$H$35,AND($B51>='Tarif DPD'!$G$35,$B51<='Tarif DPD'!$G$36),'Tarif DPD'!$H$36,AND($B51>='Tarif DPD'!$G$36,$B51<='Tarif DPD'!$G$37),'Tarif DPD'!$H$37,AND($B51>='Tarif DPD'!$G$37,$B51<='Tarif DPD'!$G$38),'Tarif DPD'!$H$38,AND($B51>='Tarif DPD'!$G$38,$B51<='Tarif DPD'!$G$39),'Tarif DPD'!$H$39,AND($B51>='Tarif DPD'!$G$39,$B51<='Tarif DPD'!$G$40),'Tarif DPD'!$H$40,AND($B51>='Tarif DPD'!$G$40,$B51<='Tarif DPD'!$G$41),'Tarif DPD'!$H$41,AND($B51>='Tarif DPD'!$G$41,$B51<='Tarif DPD'!$G$42),'Tarif DPD'!$H$42,AND($B51>='Tarif DPD'!$G$42,$B51<='Tarif DPD'!$G$43),'Tarif DPD'!$H$43,AND($B51>='Tarif DPD'!$G$43,$B51<='Tarif DPD'!$G$44),'Tarif DPD'!$H$44,AND($B51>='Tarif DPD'!$G$44,$B51<='Tarif DPD'!$G$45),'Tarif DPD'!$H$45,AND($B51>='Tarif DPD'!$G$45,$B51<='Tarif DPD'!$G$46),'Tarif DPD'!$H$46,$B51>'Tarif DPD'!$G$46,"sur devis") -> #NAME? | E51: =_xlfn.IFS(AND(B51>=0,B51<='Tarif Colissimo2'!$A$5),'Tarif Colissimo2'!$B$5,AND(B51>='Tarif Colissimo2'!$A$5,B51<='Tarif Colissimo2'!$A$6),'Tarif Colissimo2'!$B$6,AND(B51>='Tarif Colissimo2'!$A$6,B51<='Tarif Colissimo2'!$A$7),'Tarif Colissimo2'!$B$7,AND(B51>='Tarif Colissimo2'!$A$7,B51<='Tarif Colissimo2'!$A$8),'Tarif Colissimo2'!$B$8,AND(B51>='Tarif Colissimo2'!$A$8,B51<='Tarif Colissimo2'!$A$9),'Tarif Colissimo2'!$B$9,AND(B51>='Tarif Colissimo2'!$A$9,B51<='Tarif Colissimo2'!$A$10),'Tarif Colissimo2'!$B$10,AND(B51>='Tarif Colissimo2'!$A$10,B51<='Tarif Colissimo2'!$A$11),'Tarif Colissimo2'!$B$11,AND(B51>='Tarif Colissimo2'!$A$11,B51<='Tarif Colissimo2'!$A$12),'Tarif Colissimo2'!$B$12,B51>'Tarif Colissimo2'!A58,"Sur devis") -> #NAME?
A52: EL-140 | B52: 0.2 | C52: 24.99 | D52: =_xlfn.IFS(AND($B52>=0,$B52<='Tarif DPD'!$G$17),'Tarif DPD'!$H$17,AND($B52>='Tarif DPD'!$G$17,$B52<='Tarif DPD'!$G$18),'Tarif DPD'!$H$18,AND($B52>='Tarif DPD'!$G$18,$B52<='Tarif DPD'!$G$19),'Tarif DPD'!$H$19,AND($B52>='Tarif DPD'!$G$19,$B52<='Tarif DPD'!$G$20),'Tarif DPD'!$H$20,AND($B52>='Tarif DPD'!$G$20,$B52<='Tarif DPD'!$G$21),'Tarif DPD'!$H$21,AND($B52>='Tarif DPD'!$G$21,$B52<='Tarif DPD'!$G$22),'Tarif DPD'!$H$22,AND($B52>='Tarif DPD'!$G$22,$B52<='Tarif DPD'!$G$23),'Tarif DPD'!$H$23,AND($B52>='Tarif DPD'!$G$23,$B52<='Tarif DPD'!$G$24),'Tarif DPD'!$H$24,AND($B52>='Tarif DPD'!$G$24,$B52<='Tarif DPD'!$G$25),'Tarif DPD'!$H$25,AND($B52>='Tarif DPD'!$G$25,$B52<='Tarif DPD'!$G$26),'Tarif DPD'!$H$26,AND($B52>='Tarif DPD'!$G$26,$B52<='Tarif DPD'!$G$27),'Tarif DPD'!$H$27,AND($B52>='Tarif DPD'!$G$27,$B52<='Tarif DPD'!$G$28),'Tarif DPD'!$H$28,AND($B52>='Tarif DPD'!$G$28,$B52<='Tarif DPD'!$G$29),'Tarif DPD'!$H$29,AND($B52>='Tarif DPD'!$G$29,$B52<='Tarif DPD'!$G$30),'Tarif DPD'!$H$30,AND($B52>='Tarif DPD'!$G$30,$B52<='Tarif DPD'!$G$31),'Tarif DPD'!$H$31,AND($B52>='Tarif DPD'!$G$31,$B52<='Tarif DPD'!$G$32),'Tarif DPD'!$H$32,AND($B52>='Tarif DPD'!$G$32,$B52<='Tarif DPD'!$G$33),'Tarif DPD'!$H$33,AND($B52>='Tarif DPD'!$G$33,$B52<='Tarif DPD'!$G$34),'Tarif DPD'!$H$34,AND($B52>='Tarif DPD'!$G$34,$B52<='Tarif DPD'!$G$35),'Tarif DPD'!$H$35,AND($B52>='Tarif DPD'!$G$35,$B52<='Tarif DPD'!$G$36),'Tarif DPD'!$H$36,AND($B52>='Tarif DPD'!$G$36,$B52<='Tarif DPD'!$G$37),'Tarif DPD'!$H$37,AND($B52>='Tarif DPD'!$G$37,$B52<='Tarif DPD'!$G$38),'Tarif DPD'!$H$38,AND($B52>='Tarif DPD'!$G$38,$B52<='Tarif DPD'!$G$39),'Tarif DPD'!$H$39,AND($B52>='Tarif DPD'!$G$39,$B52<='Tarif DPD'!$G$40),'Tarif DPD'!$H$40,AND($B52>='Tarif DPD'!$G$40,$B52<='Tarif DPD'!$G$41),'Tarif DPD'!$H$41,AND($B52>='Tarif DPD'!$G$41,$B52<='Tarif DPD'!$G$42),'Tarif DPD'!$H$42,AND($B52>='Tarif DPD'!$G$42,$B52<='Tarif DPD'!$G$43),'Tarif DPD'!$H$43,AND($B52>='Tarif DPD'!$G$43,$B52<='Tarif DPD'!$G$44),'Tarif DPD'!$H$44,AND($B52>='Tarif DPD'!$G$44,$B52<='Tarif DPD'!$G$45),'Tarif DPD'!$H$45,AND($B52>='Tarif DPD'!$G$45,$B52<='Tarif DPD'!$G$46),'Tarif DPD'!$H$46,$B52>'Tarif DPD'!$G$46,"sur devis") -> #NAME? | E52: =_xlfn.IFS(AND(B52>=0,B52<='Tarif Colissimo2'!$A$5),'Tarif Colissimo2'!$B$5,AND(B52>='Tarif Colissimo2'!$A$5,B52<='Tarif Colissimo2'!$A$6),'Tarif Colissimo2'!$B$6,AND(B52>='Tarif Colissimo2'!$A$6,B52<='Tarif Colissimo2'!$A$7),'Tarif Colissimo2'!$B$7,AND(B52>='Tarif Colissimo2'!$A$7,B52<='Tarif Colissimo2'!$A$8),'Tarif Colissimo2'!$B$8,AND(B52>='Tarif Colissimo2'!$A$8,B52<='Tarif Colissimo2'!$A$9),'Tarif Colissimo2'!$B$9,AND(B52>='Tarif Colissimo2'!$A$9,B52<='Tarif Colissimo2'!$A$10),'Tarif Colissimo2'!$B$10,AND(B52>='Tarif Colissimo2'!$A$10,B52<='Tarif Colissimo2'!$A$11),'Tarif Colissimo2'!$B$11,AND(B52>='Tarif Colissimo2'!$A$11,B52<='Tarif Colissimo2'!$A$12),'Tarif Colissimo2'!$B$12,B52>'Tarif Colissimo2'!A59,"Sur devis") -> #NAME?
A53: EL-202 | B53: 0.28 | C53: 19.99 | D53: =_xlfn.IFS(AND($B53>=0,$B53<='Tarif DPD'!$G$17),'Tarif DPD'!$H$17,AND($B53>='Tarif DPD'!$G$17,$B53<='Tarif DPD'!$G$18),'Tarif DPD'!$H$18,AND($B53>='Tarif DPD'!$G$18,$B53<='Tarif DPD'!$G$19),'Tarif DPD'!$H$19,AND($B53>='Tarif DPD'!$G$19,$B53<='Tarif DPD'!$G$20),'Tarif DPD'!$H$20,AND($B53>='Tarif DPD'!$G$20,$B53<='Tarif DPD'!$G$21),'Tarif DPD'!$H$21,AND($B53>='Tarif DPD'!$G$21,$B53<='Tarif DPD'!$G$22),'Tarif DPD'!$H$22,AND($B53>='Tarif DPD'!$G$22,$B53<='Tarif DPD'!$G$23),'Tarif DPD'!$H$23,AND($B53>='Tarif DPD'!$G$23,$B53<='Tarif DPD'!$G$24),'Tarif DPD'!$H$24,AND($B53>='Tarif DPD'!$G$24,$B53<='Tarif DPD'!$G$25),'Tarif DPD'!$H$25,AND($B53>='Tarif DPD'!$G$25,$B53<='Tarif DPD'!$G$26),'Tarif DPD'!$H$26,AND($B53>='Tarif DPD'!$G$26,$B53<='Tarif DPD'!$G$27),'Tarif DPD'!$H$27,AND($B53>='Tarif DPD'!$G$27,$B53<='Tarif DPD'!$G$28),'Tarif DPD'!$H$28,AND($B53>='Tarif DPD'!$G$28,$B53<='Tarif DPD'!$G$29),'Tarif DPD'!$H$29,AND($B53>='Tarif DPD'!$G$29,$B53<='Tarif DPD'!$G$30),'Tarif DPD'!$H$30,AND($B53>='Tarif DPD'!$G$30,$B53<='Tarif DPD'!$G$31),'Tarif DPD'!$H$31,AND($B53>='Tarif DPD'!$G$31,$B53<='Tarif DPD'!$G$32),'Tarif DPD'!$H$32,AND($B53>='Tarif DPD'!$G$32,$B53<='Tarif DPD'!$G$33),'Tarif DPD'!$H$33,AND($B53>='Tarif DPD'!$G$33,$B53<='Tarif DPD'!$G$34),'Tarif DPD'!$H$34,AND($B53>='Tarif DPD'!$G$34,$B53<='Tarif DPD'!$G$35),'Tarif DPD'!$H$35,AND($B53>='Tarif DPD'!$G$35,$B53<='Tarif DPD'!$G$36),'Tarif DPD'!$H$36,AND($B53>='Tarif DPD'!$G$36,$B53<='Tarif DPD'!$G$37),'Tarif DPD'!$H$37,AND($B53>='Tarif DPD'!$G$37,$B53<='Tarif DPD'!$G$38),'Tarif DPD'!$H$38,AND($B53>='Tarif DPD'!$G$38,$B53<='Tarif DPD'!$G$39),'Tarif DPD'!$H$39,AND($B53>='Tarif DPD'!$G$39,$B53<='Tarif DPD'!$G$40),'Tarif DPD'!$H$40,AND($B53>='Tarif DPD'!$G$40,$B53<='Tarif DPD'!$G$41),'Tarif DPD'!$H$41,AND($B53>='Tarif DPD'!$G$41,$B53<='Tarif DPD'!$G$42),'Tarif DPD'!$H$42,AND($B53>='Tarif DPD'!$G$42,$B53<='Tarif DPD'!$G$43),'Tarif DPD'!$H$43,AND($B53>='Tarif DPD'!$G$43,$B53<='Tarif DPD'!$G$44),'Tarif DPD'!$H$44,AND($B53>='Tarif DPD'!$G$44,$B53<='Tarif DPD'!$G$45),'Tarif DPD'!$H$45,AND($B53>='Tarif DPD'!$G$45,$B53<='Tarif DPD'!$G$46),'Tarif DPD'!$H$46,$B53>'Tarif DPD'!$G$46,"sur devis") -> #NAME? | E53: =_xlfn.IFS(AND(B53>=0,B53<='Tarif Colissimo2'!$A$5),'Tarif Colissimo2'!$B$5,AND(B53>='Tarif Colissimo2'!$A$5,B53<='Tarif Colissimo2'!$A$6),'Tarif Colissimo2'!$B$6,AND(B53>='Tarif Colissimo2'!$A$6,B53<='Tarif Colissimo2'!$A$7),'Tarif Colissimo2'!$B$7,AND(B53>='Tarif Colissimo2'!$A$7,B53<='Tarif Colissimo2'!$A$8),'Tarif Colissimo2'!$B$8,AND(B53>='Tarif Colissimo2'!$A$8,B53<='Tarif Colissimo2'!$A$9),'Tarif Colissimo2'!$B$9,AND(B53>='Tarif Colissimo2'!$A$9,B53<='Tarif Colissimo2'!$A$10),'Tarif Colissimo2'!$B$10,AND(B53>='Tarif Colissimo2'!$A$10,B53<='Tarif Colissimo2'!$A$11),'Tarif Colissimo2'!$B$11,AND(B53>='Tarif Colissimo2'!$A$11,B53<='Tarif Colissimo2'!$A$12),'Tarif Colissimo2'!$B$12,B53>'Tarif Colissimo2'!A60,"Sur devis") -> #NAME?
A54: VS-874-MTL-EU-GLD | B54: 0.25 | C54: 9.99 | D54: =_xlfn.IFS(AND($B54>=0,$B54<='Tarif DPD'!$G$17),'Tarif DPD'!$H$17,AND($B54>='Tarif DPD'!$G$17,$B54<='Tarif DPD'!$G$18),'Tarif DPD'!$H$18,AND($B54>='Tarif DPD'!$G$18,$B54<='Tarif DPD'!$G$19),'Tarif DPD'!$H$19,AND($B54>='Tarif DPD'!$G$19,$B54<='Tarif DPD'!$G$20),'Tarif DPD'!$H$20,AND($B54>='Tarif DPD'!$G$20,$B54<='Tarif DPD'!$G$21),'Tarif DPD'!$H$21,AND($B54>='Tarif DPD'!$G$21,$B54<='Tarif DPD'!$G$22),'Tarif DPD'!$H$22,AND($B54>='Tarif DPD'!$G$22,$B54<='Tarif DPD'!$G$23),'Tarif DPD'!$H$23,AND($B54>='Tarif DPD'!$G$23,$B54<='Tarif DPD'!$G$24),'Tarif DPD'!$H$24,AND($B54>='Tarif DPD'!$G$24,$B54<='Tarif DPD'!$G$25),'Tarif DPD'!$H$25,AND($B54>='Tarif DPD'!$G$25,$B54<='Tarif DPD'!$G$26),'Tarif DPD'!$H$26,AND($B54>='Tarif DPD'!$G$26,$B54<='Tarif DPD'!$G$27),'Tarif DPD'!$H$27,AND($B54>='Tarif DPD'!$G$27,$B54<='Tarif DPD'!$G$28),'Tarif DPD'!$H$28,AND($B54>='Tarif DPD'!$G$28,$B54<='Tarif DPD'!$G$29),'Tarif DPD'!$H$29,AND($B54>='Tarif DPD'!$G$29,$B54<='Tarif DPD'!$G$30),'Tarif DPD'!$H$30,AND($B54>='Tarif DPD'!$G$30,$B54<='Tarif DPD'!$G$31),'Tarif DPD'!$H$31,AND($B54>='Tarif DPD'!$G$31,$B54<='Tarif DPD'!$G$32),'Tarif DPD'!$H$32,AND($B54>='Tarif DPD'!$G$32,$B54<='Tarif DPD'!$G$33),'Tarif DPD'!$H$33,AND($B54>='Tarif DPD'!$G$33,$B54<='Tarif DPD'!$G$34),'Tarif DPD'!$H$34,AND($B54>='Tarif DPD'!$G$34,$B54<='Tarif DPD'!$G$35),'Tarif DPD'!$H$35,AND($B54>='Tarif DPD'!$G$35,$B54<='Tarif DPD'!$G$36),'Tarif DPD'!$H$36,AND($B54>='Tarif DPD'!$G$36,$B54<='Tarif DPD'!$G$37),'Tarif DPD'!$H$37,AND($B54>='Tarif DPD'!$G$37,$B54<='Tarif DPD'!$G$38),'Tarif DPD'!$H$38,AND($B54>='Tarif DPD'!$G$38,$B54<='Tarif DPD'!$G$39),'Tarif DPD'!$H$39,AND($B54>='Tarif DPD'!$G$39,$B54<='Tarif DPD'!$G$40),'Tarif DPD'!$H$40,AND($B54>='Tarif DPD'!$G$40,$B54<='Tarif DPD'!$G$41),'Tarif DPD'!$H$41,AND($B54>='Tarif DPD'!$G$41,$B54<='Tarif DPD'!$G$42),'Tarif DPD'!$H$42,AND($B54>='Tarif DPD'!$G$42,$B54<='Tarif DPD'!$G$43),'Tarif DPD'!$H$43,AND($B54>='Tarif DPD'!$G$43,$B54<='Tarif DPD'!$G$44),'Tarif DPD'!$H$44,AND($B54>='Tarif DPD'!$G$44,$B54<='Tarif DPD'!$G$45),'Tarif DPD'!$H$45,AND($B54>='Tarif DPD'!$G$45,$B54<='Tarif DPD'!$G$46),'Tarif DPD'!$H$46,$B54>'Tarif DPD'!$G$46,"sur devis") -> #NAME? | E54: =_xlfn.IFS(AND(B54>=0,B54<='Tarif Colissimo2'!$A$5),'Tarif Colissimo2'!$B$5,AND(B54>='Tarif Colissimo2'!$A$5,B54<='Tarif Colissimo2'!$A$6),'Tarif Colissimo2'!$B$6,AND(B54>='Tarif Colissimo2'!$A$6,B54<='Tarif Colissimo2'!$A$7),'Tarif Colissimo2'!$B$7,AND(B54>='Tarif Colissimo2'!$A$7,B54<='Tarif Colissimo2'!$A$8),'Tarif Colissimo2'!$B$8,AND(B54>='Tarif Colissimo2'!$A$8,B54<='Tarif Colissimo2'!$A$9),'Tarif Colissimo2'!$B$9,AND(B54>='Tarif Colissimo2'!$A$9,B54<='Tarif Colissimo2'!$A$10),'Tarif Colissimo2'!$B$10,AND(B54>='Tarif Colissimo2'!$A$10,B54<='Tarif Colissimo2'!$A$11),'Tarif Colissimo2'!$B$11,AND(B54>='Tarif Colissimo2'!$A$11,B54<='Tarif Colissimo2'!$A$12),'Tarif Colissimo2'!$B$12,B54>'Tarif Colissimo2'!A61,"Sur devis") -> #NAME?
... A65: FR-210 | B65: 0.28 | C65: 29.99 | D65: =_xlfn.IFS(AND($B65>=0,$B65<='Tarif DPD'!$G$17),'Tarif DPD'!$H$17,AND($B65>='Tarif DPD'!$G$17,$B65<='Tarif DPD'!$G$18),'Tarif DPD'!$H$18,AND($B65>='Tarif DPD'!$G$18,$B65<='Tarif DPD'!$G$19),'Tarif DPD'!$H$19,AND($B65>='Tarif DPD'!$G$19,$B65<='Tarif DPD'!$G$20),'Tarif DPD'!$H$20,AND($B65>='Tarif DPD'!$G$20,$B65<='Tarif DPD'!$G$21),'Tarif DPD'!$H$21,AND($B65>='Tarif DPD'!$G$21,$B65<='Tarif DPD'!$G$22),'Tarif DPD'!$H$22,AND($B65>='Tarif DPD'!$G$22,$B65<='Tarif DPD'!$G$23),'Tarif DPD'!$H$23,AND($B65>='Tarif DPD'!$G$23,$B65<='Tarif DPD'!$G$24),'Tarif DPD'!$H$24,AND($B65>='Tarif DPD'!$G$24,$B65<='Tarif DPD'!$G$25),'Tarif DPD'!$H$25,AND($B65>='Tarif DPD'!$G$25,$B65<='Tarif DPD'!$G$26),'Tarif DPD'!$H$26,AND($B65>='Tarif DPD'!$G$26,$B65<='Tarif DPD'!$G$27),'Tarif DPD'!$H$27,AND($B65>='Tarif DPD'!$G$27,$B65<='Tarif DPD'!$G$28),'Tarif DPD'!$H$28,AND($B65>='Tarif DPD'!$G$28,$B65<='Tarif DPD'!$G$29),'Tarif DPD'!$H$29,AND($B65>='Tarif DPD'!$G$29,$B65<='Tarif DPD'!$G$30),'Tarif DPD'!$H$30,AND($B65>='Tarif DPD'!$G$30,$B65<='Tarif DPD'!$G$31),'Tarif DPD'!$H$31,AND($B65>='Tarif DPD'!$G$31,$B65<='Tarif DPD'!$G$32),'Tarif DPD'!$H$32,AND($B65>='Tarif DPD'!$G$32,$B65<='Tarif DPD'!$G$33),'Tarif DPD'!$H$33,AND($B65>='Tarif DPD'!$G$33,$B65<='Tarif DPD'!$G$34),'Tarif DPD'!$H$34,AND($B65>='Tarif DPD'!$G$34,$B65<='Tarif DPD'!$G$35),'Tarif DPD'!$H$35,AND($B65>='Tarif DPD'!$G$35,$B65<='Tarif DPD'!$G$36),'Tarif DPD'!$H$36,AND($B65>='Tarif DPD'!$G$36,$B65<='Tarif DPD'!$G$37),'Tarif DPD'!$H$37,AND($B65>='Tarif DPD'!$G$37,$B65<='Tarif DPD'!$G$38),'Tarif DPD'!$H$38,AND($B65>='Tarif DPD'!$G$38,$B65<='Tarif DPD'!$G$39),'Tarif DPD'!$H$39,AND($B65>='Tarif DPD'!$G$39,$B65<='Tarif DPD'!$G$40),'Tarif DPD'!$H$40,AND($B65>='Tarif DPD'!$G$40,$B65<='Tarif DPD'!$G$41),'Tarif DPD'!$H$41,AND($B65>='Tarif DPD'!$G$41,$B65<='Tarif DPD'!$G$42),'Tarif DPD'!$H$42,AND($B65>='Tarif DPD'!$G$42,$B65<='Tarif DPD'!$G$43),'Tarif DPD'!$H$43,AND($B65>='Tarif DPD'!$G$43,$B65<='Tarif DPD'!$G$44),'Tarif DPD'!$H$44,AND($B65>='Tarif DPD'!$G$44,$B65<='Tarif DPD'!$G$45),'Tarif DPD'!$H$45,AND($B65>='Tarif DPD'!$G$45,$B65<='Tarif DPD'!$G$46),'Tarif DPD'!$H$46,$B65>'Tarif DPD'!$G$46,"sur devis") -> #NAME? | E65: =_xlfn.IFS(AND(B65>=0,B65<='Tarif Colissimo2'!$A$5),'Tarif Colissimo2'!$B$5,AND(B65>='Tarif Colissimo2'!$A$5,B65<='Tarif Colissimo2'!$A$6),'Tarif Colissimo2'!$B$6,AND(B65>='Tarif Colissimo2'!$A$6,B65<='Tarif Colissimo2'!$A$7),'Tarif Colissimo2'!$B$7,AND(B65>='Tarif Colissimo2'!$A$7,B65<='Tarif Colissimo2'!$A$8),'Tarif Colissimo2'!$B$8,AND(B65>='Tarif Colissimo2'!$A$8,B65<='Tarif Colissimo2'!$A$9),'Tarif Colissimo2'!$B$9,AND(B65>='Tarif Colissimo2'!$A$9,B65<='Tarif Colissimo2'!$A$10),'Tarif Colissimo2'!$B$10,AND(B65>='Tarif Colissimo2'!$A$10,B65<='Tarif Colissimo2'!$A$11),'Tarif Colissimo2'!$B$11,AND(B65>='Tarif Colissimo2'!$A$11,B65<='Tarif Colissimo2'!$A$12),'Tarif Colissimo2'!$B$12,B65>'Tarif Colissimo2'!A72,"Sur devis") -> #NAME?
A66: FR33130 | C66: 14.99 | D66: =_xlfn.IFS(AND($B66>=0,$B66<='Tarif DPD'!$G$17),'Tarif DPD'!$H$17,AND($B66>='Tarif DPD'!$G$17,$B66<='Tarif DPD'!$G$18),'Tarif DPD'!$H$18,AND($B66>='Tarif DPD'!$G$18,$B66<='Tarif DPD'!$G$19),'Tarif DPD'!$H$19,AND($B66>='Tarif DPD'!$G$19,$B66<='Tarif DPD'!$G$20),'Tarif DPD'!$H$20,AND($B66>='Tarif DPD'!$G$20,$B66<='Tarif DPD'!$G$21),'Tarif DPD'!$H$21,AND($B66>='Tarif DPD'!$G$21,$B66<='Tarif DPD'!$G$22),'Tarif DPD'!$H$22,AND($B66>='Tarif DPD'!$G$22,$B66<='Tarif DPD'!$G$23),'Tarif DPD'!$H$23,AND($B66>='Tarif DPD'!$G$23,$B66<='Tarif DPD'!$G$24),'Tarif DPD'!$H$24,AND($B66>='Tarif DPD'!$G$24,$B66<='Tarif DPD'!$G$25),'Tarif DPD'!$H$25,AND($B66>='Tarif DPD'!$G$25,$B66<='Tarif DPD'!$G$26),'Tarif DPD'!$H$26,AND($B66>='Tarif DPD'!$G$26,$B66<='Tarif DPD'!$G$27),'Tarif DPD'!$H$27,AND($B66>='Tarif DPD'!$G$27,$B66<='Tarif DPD'!$G$28),'Tarif DPD'!$H$28,AND($B66>='Tarif DPD'!$G$28,$B66<='Tarif DPD'!$G$29),'Tarif DPD'!$H$29,AND($B66>='Tarif DPD'!$G$29,$B66<='Tarif DPD'!$G$30),'Tarif DPD'!$H$30,AND($B66>='Tarif DPD'!$G$30,$B66<='Tarif DPD'!$G$31),'Tarif DPD'!$H$31,AND($B66>='Tarif DPD'!$G$31,$B66<='Tarif DPD'!$G$32),'Tarif DPD'!$H$32,AND($B66>='Tarif DPD'!$G$32,$B66<='Tarif DPD'!$G$33),'Tarif DPD'!$H$33,AND($B66>='Tarif DPD'!$G$33,$B66<='Tarif DPD'!$G$34),'Tarif DPD'!$H$34,AND($B66>='Tarif DPD'!$G$34,$B66<='Tarif DPD'!$G$35),'Tarif DPD'!$H$35,AND($B66>='Tarif DPD'!$G$35,$B66<='Tarif DPD'!$G$36),'Tarif DPD'!$H$36,AND($B66>='Tarif DPD'!$G$36,$B66<='Tarif DPD'!$G$37),'Tarif DPD'!$H$37,AND($B66>='Tarif DPD'!$G$37,$B66<='Tarif DPD'!$G$38),'Tarif DPD'!$H$38,AND($B66>='Tarif DPD'!$G$38,$B66<='Tarif DPD'!$G$39),'Tarif DPD'!$H$39,AND($B66>='Tarif DPD'!$G$39,$B66<='Tarif DPD'!$G$40),'Tarif DPD'!$H$40,AND($B66>='Tarif DPD'!$G$40,$B66<='Tarif DPD'!$G$41),'Tarif DPD'!$H$41,AND($B66>='Tarif DPD'!$G$41,$B66<='Tarif DPD'!$G$42),'Tarif DPD'!$H$42,AND($B66>='Tarif DPD'!$G$42,$B66<='Tarif DPD'!$G$43),'Tarif DPD'!$H$43,AND($B66>='Tarif DPD'!$G$43,$B66<='Tarif DPD'!$G$44),'Tarif DPD'!$H$44,AND($B66>='Tarif DPD'!$G$44,$B66<='Tarif DPD'!$G$45),'Tarif DPD'!$H$45,AND($B66>='Tarif DPD'!$G$45,$B66<='Tarif DPD'!$G$46),'Tarif DPD'!$H$46,$B66>'Tarif DPD'!$G$46,"sur devis") -> #NAME? | E66: =_xlfn.IFS(AND(B66>=0,B66<='Tarif Colissimo2'!$A$5),'Tarif Colissimo2'!$B$5,AND(B66>='Tarif Colissimo2'!$A$5,B66<='Tarif Colissimo2'!$A$6),'Tarif Colissimo2'!$B$6,AND(B66>='Tarif Colissimo2'!$A$6,B66<='Tarif Colissimo2'!$A$7),'Tarif Colissimo2'!$B$7,AND(B66>='Tarif Colissimo2'!$A$7,B66<='Tarif Colissimo2'!$A$8),'Tarif Colissimo2'!$B$8,AND(B66>='Tarif Colissimo2'!$A$8,B66<='Tarif Colissimo2'!$A$9),'Tarif Colissimo2'!$B$9,AND(B66>='Tarif Colissimo2'!$A$9,B66<='Tarif Colissimo2'!$A$10),'Tarif Colissimo2'!$B$10,AND(B66>='Tarif Colissimo2'!$A$10,B66<='Tarif Colissimo2'!$A$11),'Tarif Colissimo2'!$B$11,AND(B66>='Tarif Colissimo2'!$A$11,B66<='Tarif Colissimo2'!$A$12),'Tarif Colissimo2'!$B$12,B66>'Tarif Colissimo2'!A73,"Sur devis") -> #NAME?
A67: FR-430 | B67: 1.42 | C67: 59.99 | D67: =_xlfn.IFS(AND($B67>=0,$B67<='Tarif DPD'!$G$17),'Tarif DPD'!$H$17,AND($B67>='Tarif DPD'!$G$17,$B67<='Tarif DPD'!$G$18),'Tarif DPD'!$H$18,AND($B67>='Tarif DPD'!$G$18,$B67<='Tarif DPD'!$G$19),'Tarif DPD'!$H$19,AND($B67>='Tarif DPD'!$G$19,$B67<='Tarif DPD'!$G$20),'Tarif DPD'!$H$20,AND($B67>='Tarif DPD'!$G$20,$B67<='Tarif DPD'!$G$21),'Tarif DPD'!$H$21,AND($B67>='Tarif DPD'!$G$21,$B67<='Tarif DPD'!$G$22),'Tarif DPD'!$H$22,AND($B67>='Tarif DPD'!$G$22,$B67<='Tarif DPD'!$G$23),'Tarif DPD'!$H$23,AND($B67>='Tarif DPD'!$G$23,$B67<='Tarif DPD'!$G$24),'Tarif DPD'!$H$24,AND($B67>='Tarif DPD'!$G$24,$B67<='Tarif DPD'!$G$25),'Tarif DPD'!$H$25,AND($B67>='Tarif DPD'!$G$25,$B67<='Tarif DPD'!$G$26),'Tarif DPD'!$H$26,AND($B67>='Tarif DPD'!$G$26,$B67<='Tarif DPD'!$G$27),'Tarif DPD'!$H$27,AND($B67>='Tarif DPD'!$G$27,$B67<='Tarif DPD'!$G$28),'Tarif DPD'!$H$28,AND($B67>='Tarif DPD'!$G$28,$B67<='Tarif DPD'!$G$29),'Tarif DPD'!$H$29,AND($B67>='Tarif DPD'!$G$29,$B67<='Tarif DPD'!$G$30),'Tarif DPD'!$H$30,AND($B67>='Tarif DPD'!$G$30,$B67<='Tarif DPD'!$G$31),'Tarif DPD'!$H$31,AND($B67>='Tarif DPD'!$G$31,$B67<='Tarif DPD'!$G$32),'Tarif DPD'!$H$32,AND($B67>='Tarif DPD'!$G$32,$B67<='Tarif DPD'!$G$33),'Tarif DPD'!$H$33,AND($B67>='Tarif DPD'!$G$33,$B67<='Tarif DPD'!$G$34),'Tarif DPD'!$H$34,AND($B67>='Tarif DPD'!$G$34,$B67<='Tarif DPD'!$G$35),'Tarif DPD'!$H$35,AND($B67>='Tarif DPD'!$G$35,$B67<='Tarif DPD'!$G$36),'Tarif DPD'!$H$36,AND($B67>='Tarif DPD'!$G$36,$B67<='Tarif DPD'!$G$37),'Tarif DPD'!$H$37,AND($B67>='Tarif DPD'!$G$37,$B67<='Tarif DPD'!$G$38),'Tarif DPD'!$H$38,AND($B67>='Tarif DPD'!$G$38,$B67<='Tarif DPD'!$G$39),'Tarif DPD'!$H$39,AND($B67>='Tarif DPD'!$G$39,$B67<='Tarif DPD'!$G$40),'Tarif DPD'!$H$40,AND($B67>='Tarif DPD'!$G$40,$B67<='Tarif DPD'!$G$41),'Tarif DPD'!$H$41,AND($B67>='Tarif DPD'!$G$41,$B67<='Tarif DPD'!$G$42),'Tarif DPD'!$H$42,AND($B67>='Tarif DPD'!$G$42,$B67<='Tarif DPD'!$G$43),'Tarif DPD'!$H$43,AND($B67>='Tarif DPD'!$G$43,$B67<='Tarif DPD'!$G$44),'Tarif DPD'!$H$44,AND($B67>='Tarif DPD'!$G$44,$B67<='Tarif DPD'!$G$45),'Tarif DPD'!$H$45,AND($B67>='Tarif DPD'!$G$45,$B67<='Tarif DPD'!$G$46),'Tarif DPD'!$H$46,$B67>'Tarif DPD'!$G$46,"sur devis") -> #NAME? | E67: =_xlfn.IFS(AND(B67>=0,B67<='Tarif Colissimo2'!$A$5),'Tarif Colissimo2'!$B$5,AND(B67>='Tarif Colissimo2'!$A$5,B67<='Tarif Colissimo2'!$A$6),'Tarif Colissimo2'!$B$6,AND(B67>='Tarif Colissimo2'!$A$6,B67<='Tarif Colissimo2'!$A$7),'Tarif Colissimo2'!$B$7,AND(B67>='Tarif Colissimo2'!$A$7,B67<='Tarif Colissimo2'!$A$8),'Tarif Colissimo2'!$B$8,AND(B67>='Tarif Colissimo2'!$A$8,B67<='Tarif Colissimo2'!$A$9),'Tarif Colissimo2'!$B$9,AND(B67>='Tarif Colissimo2'!$A$9,B67<='Tarif Colissimo2'!$A$10),'Tarif Colissimo2'!$B$10,AND(B67>='Tarif Colissimo2'!$A$10,B67<='Tarif Colissimo2'!$A$11),'Tarif Colissimo2'!$B$11,AND(B67>='Tarif Colissimo2'!$A$11,B67<='Tarif Colissimo2'!$A$12),'Tarif Colissimo2'!$B$12,B67>'Tarif Colissimo2'!A74,"Sur devis") -> #NAME?
A68: FR-615 | B68: 1.3 | C68: 59.99 | D68: =_xlfn.IFS(AND($B68>=0,$B68<='Tarif DPD'!$G$17),'Tarif DPD'!$H$17,AND($B68>='Tarif DPD'!$G$17,$B68<='Tarif DPD'!$G$18),'Tarif DPD'!$H$18,AND($B68>='Tarif DPD'!$G$18,$B68<='Tarif DPD'!$G$19),'Tarif DPD'!$H$19,AND($B68>='Tarif DPD'!$G$19,$B68<='Tarif DPD'!$G$20),'Tarif DPD'!$H$20,AND($B68>='Tarif DPD'!$G$20,$B68<='Tarif DPD'!$G$21),'Tarif DPD'!$H$21,AND($B68>='Tarif DPD'!$G$21,$B68<='Tarif DPD'!$G$22),'Tarif DPD'!$H$22,AND($B68>='Tarif DPD'!$G$22,$B68<='Tarif DPD'!$G$23),'Tarif DPD'!$H$23,AND($B68>='Tarif DPD'!$G$23,$B68<='Tarif DPD'!$G$24),'Tarif DPD'!$H$24,AND($B68>='Tarif DPD'!$G$24,$B68<='Tarif DPD'!$G$25),'Tarif DPD'!$H$25,AND($B68>='Tarif DPD'!$G$25,$B68<='Tarif DPD'!$G$26),'Tarif DPD'!$H$26,AND($B68>='Tarif DPD'!$G$26,$B68<='Tarif DPD'!$G$27),'Tarif DPD'!$H$27,AND($B68>='Tarif DPD'!$G$27,$B68<='Tarif DPD'!$G$28),'Tarif DPD'!$H$28,AND($B68>='Tarif DPD'!$G$28,$B68<='Tarif DPD'!$G$29),'Tarif DPD'!$H$29,AND($B68>='Tarif DPD'!$G$29,$B68<='Tarif DPD'!$G$30),'Tarif DPD'!$H$30,AND($B68>='Tarif DPD'!$G$30,$B68<='Tarif DPD'!$G$31),'Tarif DPD'!$H$31,AND($B68>='Tarif DPD'!$G$31,$B68<='Tarif DPD'!$G$32),'Tarif DPD'!$H$32,AND($B68>='Tarif DPD'!$G$32,$B68<='Tarif DPD'!$G$33),'Tarif DPD'!$H$33,AND($B68>='Tarif DPD'!$G$33,$B68<='Tarif DPD'!$G$34),'Tarif DPD'!$H$34,AND($B68>='Tarif DPD'!$G$34,$B68<='Tarif DPD'!$G$35),'Tarif DPD'!$H$35,AND($B68>='Tarif DPD'!$G$35,$B68<='Tarif DPD'!$G$36),'Tarif DPD'!$H$36,AND($B68>='Tarif DPD'!$G$36,$B68<='Tarif DPD'!$G$37),'Tarif DPD'!$H$37,AND($B68>='Tarif DPD'!$G$37,$B68<='Tarif DPD'!$G$38),'Tarif DPD'!$H$38,AND($B68>='Tarif DPD'!$G$38,$B68<='Tarif DPD'!$G$39),'Tarif DPD'!$H$39,AND($B68>='Tarif DPD'!$G$39,$B68<='Tarif DPD'!$G$40),'Tarif DPD'!$H$40,AND($B68>='Tarif DPD'!$G$40,$B68<='Tarif DPD'!$G$41),'Tarif DPD'!$H$41,AND($B68>='Tarif DPD'!$G$41,$B68<='Tarif DPD'!$G$42),'Tarif DPD'!$H$42,AND($B68>='Tarif DPD'!$G$42,$B68<='Tarif DPD'!$G$43),'Tarif DPD'!$H$43,AND($B68>='Tarif DPD'!$G$43,$B68<='Tarif DPD'!$G$44),'Tarif DPD'!$H$44,AND($B68>='Tarif DPD'!$G$44,$B68<='Tarif DPD'!$G$45),'Tarif DPD'!$H$45,AND($B68>='Tarif DPD'!$G$45,$B68<='Tarif DPD'!$G$46),'Tarif DPD'!$H$46,$B68>'Tarif DPD'!$G$46,"sur devis") -> #NAME? | E68: =_xlfn.IFS(AND(B68>=0,B68<='Tarif Colissimo2'!$A$5),'Tarif Colissimo2'!$B$5,AND(B68>='Tarif Colissimo2'!$A$5,B68<='Tarif Colissimo2'!$A$6),'Tarif Colissimo2'!$B$6,AND(B68>='Tarif Colissimo2'!$A$6,B68<='Tarif Colissimo2'!$A$7),'Tarif Colissimo2'!$B$7,AND(B68>='Tarif Colissimo2'!$A$7,B68<='Tarif Colissimo2'!$A$8),'Tarif Colissimo2'!$B$8,AND(B68>='Tarif Colissimo2'!$A$8,B68<='Tarif Colissimo2'!$A$9),'Tarif Colissimo2'!$B$9,AND(B68>='Tarif Colissimo2'!$A$9,B68<='Tarif Colissimo2'!$A$10),'Tarif Colissimo2'!$B$10,AND(B68>='Tarif Colissimo2'!$A$10,B68<='Tarif Colissimo2'!$A$11),'Tarif Colissimo2'!$B$11,AND(B68>='Tarif Colissimo2'!$A$11,B68<='Tarif Colissimo2'!$A$12),'Tarif Colissimo2'!$B$12,B68>'Tarif Colissimo2'!A75,"Sur devis") -> #NAME?
A69: GG-120 | B69: 0.85 | C69: 29.99 | D69: =_xlfn.IFS(AND($B69>=0,$B69<='Tarif DPD'!$G$17),'Tarif DPD'!$H$17,AND($B69>='Tarif DPD'!$G$17,$B69<='Tarif DPD'!$G$18),'Tarif DPD'!$H$18,AND($B69>='Tarif DPD'!$G$18,$B69<='Tarif DPD'!$G$19),'Tarif DPD'!$H$19,AND($B69>='Tarif DPD'!$G$19,$B69<='Tarif DPD'!$G$20),'Tarif DPD'!$H$20,AND($B69>='Tarif DPD'!$G$20,$B69<='Tarif DPD'!$G$21),'Tarif DPD'!$H$21,AND($B69>='Tarif DPD'!$G$21,$B69<='Tarif DPD'!$G$22),'Tarif DPD'!$H$22,AND($B69>='Tarif DPD'!$G$22,$B69<='Tarif DPD'!$G$23),'Tarif DPD'!$H$23,AND($B69>='Tarif DPD'!$G$23,$B69<='Tarif DPD'!$G$24),'Tarif DPD'!$H$24,AND($B69>='Tarif DPD'!$G$24,$B69<='Tarif DPD'!$G$25),'Tarif DPD'!$H$25,AND($B69>='Tarif DPD'!$G$25,$B69<='Tarif DPD'!$G$26),'Tarif DPD'!$H$26,AND($B69>='Tarif DPD'!$G$26,$B69<='Tarif DPD'!$G$27),'Tarif DPD'!$H$27,AND($B69>='Tarif DPD'!$G$27,$B69<='Tarif DPD'!$G$28),'Tarif DPD'!$H$28,AND($B69>='Tarif DPD'!$G$28,$B69<='Tarif DPD'!$G$29),'Tarif DPD'!$H$29,AND($B69>='Tarif DPD'!$G$29,$B69<='Tarif DPD'!$G$30),'Tarif DPD'!$H$30,AND($B69>='Tarif DPD'!$G$30,$B69<='Tarif DPD'!$G$31),'Tarif DPD'!$H$31,AND($B69>='Tarif DPD'!$G$31,$B69<='Tarif DPD'!$G$32),'Tarif DPD'!$H$32,AND($B69>='Tarif DPD'!$G$32,$B69<='Tarif DPD'!$G$33),'Tarif DPD'!$H$33,AND($B69>='Tarif DPD'!$G$33,$B69<='Tarif DPD'!$G$34),'Tarif DPD'!$H$34,AND($B69>='Tarif DPD'!$G$34,$B69<='Tarif DPD'!$G$35),'Tarif DPD'!$H$35,AND($B69>='Tarif DPD'!$G$35,$B69<='Tarif DPD'!$G$36),'Tarif DPD'!$H$36,AND($B69>='Tarif DPD'!$G$36,$B69<='Tarif DPD'!$G$37),'Tarif DPD'!$H$37,AND($B69>='Tarif DPD'!$G$37,$B69<='Tarif DPD'!$G$38),'Tarif DPD'!$H$38,AND($B69>='Tarif DPD'!$G$38,$B69<='Tarif DPD'!$G$39),'Tarif DPD'!$H$39,AND($B69>='Tarif DPD'!$G$39,$B69<='Tarif DPD'!$G$40),'Tarif DPD'!$H$40,AND($B69>='Tarif DPD'!$G$40,$B69<='Tarif DPD'!$G$41),'Tarif DPD'!$H$41,AND($B69>='Tarif DPD'!$G$41,$B69<='Tarif DPD'!$G$42),'Tarif DPD'!$H$42,AND($B69>='Tarif DPD'!$G$42,$B69<='Tarif DPD'!$G$43),'Tarif DPD'!$H$43,AND($B69>='Tarif DPD'!$G$43,$B69<='Tarif DPD'!$G$44),'Tarif DPD'!$H$44,AND($B69>='Tarif DPD'!$G$44,$B69<='Tarif DPD'!$G$45),'Tarif DPD'!$H$45,AND($B69>='Tarif DPD'!$G$45,$B69<='Tarif DPD'!$G$46),'Tarif DPD'!$H$46,$B69>'Tarif DPD'!$G$46,"sur devis") -> #NAME? | E69: =_xlfn.IFS(AND(B69>=0,B69<='Tarif Colissimo2'!$A$5),'Tarif Colissimo2'!$B$5,AND(B69>='Tarif Colissimo2'!$A$5,B69<='Tarif Colissimo2'!$A$6),'Tarif Colissimo2'!$B$6,AND(B69>='Tarif Colissimo2'!$A$6,B69<='Tarif Colissimo2'!$A$7),'Tarif Colissimo2'!$B$7,AND(B69>='Tarif Colissimo2'!$A$7,B69<='Tarif Colissimo2'!$A$8),'Tarif Colissimo2'!$B$8,AND(B69>='Tarif Colissimo2'!$A$8,B69<='Tarif Colissimo2'!$A$9),'Tarif Colissimo2'!$B$9,AND(B69>='Tarif Colissimo2'!$A$9,B69<='Tarif Colissimo2'!$A$10),'Tarif Colissimo2'!$B$10,AND(B69>='Tarif Colissimo2'!$A$10,B69<='Tarif Colissimo2'!$A$11),'Tarif Colissimo2'!$B$11,AND(B69>='Tarif Colissimo2'!$A$11,B69<='Tarif Colissimo2'!$A$12),'Tarif Colissimo2'!$B$12,B69>'Tarif Colissimo2'!A76,"Sur devis") -> #NAME?
A70: GG-140 | B70: 0.19 | C70: 24.99 | D70: =_xlfn.IFS(AND($B70>=0,$B70<='Tarif DPD'!$G$17),'Tarif DPD'!$H$17,AND($B70>='Tarif DPD'!$G$17,$B70<='Tarif DPD'!$G$18),'Tarif DPD'!$H$18,AND($B70>='Tarif DPD'!$G$18,$B70<='Tarif DPD'!$G$19),'Tarif DPD'!$H$19,AND($B70>='Tarif DPD'!$G$19,$B70<='Tarif DPD'!$G$20),'Tarif DPD'!$H$20,AND($B70>='Tarif DPD'!$G$20,$B70<='Tarif DPD'!$G$21),'Tarif DPD'!$H$21,AND($B70>='Tarif DPD'!$G$21,$B70<='Tarif DPD'!$G$22),'Tarif DPD'!$H$22,AND($B70>='Tarif DPD'!$G$22,$B70<='Tarif DPD'!$G$23),'Tarif DPD'!$H$23,AND($B70>='Tarif DPD'!$G$23,$B70<='Tarif DPD'!$G$24),'Tarif DPD'!$H$24,AND($B70>='Tarif DPD'!$G$24,$B70<='Tarif DPD'!$G$25),'Tarif DPD'!$H$25,AND($B70>='Tarif DPD'!$G$25,$B70<='Tarif DPD'!$G$26),'Tarif DPD'!$H$26,AND($B70>='Tarif DPD'!$G$26,$B70<='Tarif DPD'!$G$27),'Tarif DPD'!$H$27,AND($B70>='Tarif DPD'!$G$27,$B70<='Tarif DPD'!$G$28),'Tarif DPD'!$H$28,AND($B70>='Tarif DPD'!$G$28,$B70<='Tarif DPD'!$G$29),'Tarif DPD'!$H$29,AND($B70>='Tarif DPD'!$G$29,$B70<='Tarif DPD'!$G$30),'Tarif DPD'!$H$30,AND($B70>='Tarif DPD'!$G$30,$B70<='Tarif DPD'!$G$31),'Tarif DPD'!$H$31,AND($B70>='Tarif DPD'!$G$31,$B70<='Tarif DPD'!$G$32),'Tarif DPD'!$H$32,AND($B70>='Tarif DPD'!$G$32,$B70<='Tarif DPD'!$G$33),'Tarif DPD'!$H$33,AND($B70>='Tarif DPD'!$G$33,$B70<='Tarif DPD'!$G$34),'Tarif DPD'!$H$34,AND($B70>='Tarif DPD'!$G$34,$B70<='Tarif DPD'!$G$35),'Tarif DPD'!$H$35,AND($B70>='Tarif DPD'!$G$35,$B70<='Tarif DPD'!$G$36),'Tarif DPD'!$H$36,AND($B70>='Tarif DPD'!$G$36,$B70<='Tarif DPD'!$G$37),'Tarif DPD'!$H$37,AND($B70>='Tarif DPD'!$G$37,$B70<='Tarif DPD'!$G$38),'Tarif DPD'!$H$38,AND($B70>='Tarif DPD'!$G$38,$B70<='Tarif DPD'!$G$39),'Tarif DPD'!$H$39,AND($B70>='Tarif DPD'!$G$39,$B70<='Tarif DPD'!$G$40),'Tarif DPD'!$H$40,AND($B70>='Tarif DPD'!$G$40,$B70<='Tarif DPD'!$G$41),'Tarif DPD'!$H$41,AND($B70>='Tarif DPD'!$G$41,$B70<='Tarif DPD'!$G$42),'Tarif DPD'!$H$42,AND($B70>='Tarif DPD'!$G$42,$B70<='Tarif DPD'!$G$43),'Tarif DPD'!$H$43,AND($B70>='Tarif DPD'!$G$43,$B70<='Tarif DPD'!$G$44),'Tarif DPD'!$H$44,AND($B70>='Tarif DPD'!$G$44,$B70<='Tarif DPD'!$G$45),'Tarif DPD'!$H$45,AND($B70>='Tarif DPD'!$G$45,$B70<='Tarif DPD'!$G$46),'Tarif DPD'!$H$46,$B70>'Tarif DPD'!$G$46,"sur devis") -> #NAME? | E70: =_xlfn.IFS(AND(B70>=0,B70<='Tarif Colissimo2'!$A$5),'Tarif Colissimo2'!$B$5,AND(B70>='Tarif Colissimo2'!$A$5,B70<='Tarif Colissimo2'!$A$6),'Tarif Colissimo2'!$B$6,AND(B70>='Tarif Colissimo2'!$A$6,B70<='Tarif Colissimo2'!$A$7),'Tarif Colissimo2'!$B$7,AND(B70>='Tarif Colissimo2'!$A$7,B70<='Tarif Colissimo2'!$A$8),'Tarif Colissimo2'!$B$8,AND(B70>='Tarif Colissimo2'!$A$8,B70<='Tarif Colissimo2'!$A$9),'Tarif Colissimo2'!$B$9,AND(B70>='Tarif Colissimo2'!$A$9,B70<='Tarif Colissimo2'!$A$10),'Tarif Colissimo2'!$B$10,AND(B70>='Tarif Colissimo2'!$A$10,B70<='Tarif Colissimo2'!$A$11),'Tarif Colissimo2'!$B$11,AND(B70>='Tarif Colissimo2'!$A$11,B70<='Tarif Colissimo2'!$A$12),'Tarif Colissimo2'!$B$12,B70>'Tarif Colissimo2'!A77,"Sur devis") -> #NAME?
A71: GG-202 | B71: 0.28 | C71: 19.99 | D71: =_xlfn.IFS(AND($B71>=0,$B71<='Tarif DPD'!$G$17),'Tarif DPD'!$H$17,AND($B71>='Tarif DPD'!$G$17,$B71<='Tarif DPD'!$G$18),'Tarif DPD'!$H$18,AND($B71>='Tarif DPD'!$G$18,$B71<='Tarif DPD'!$G$19),'Tarif DPD'!$H$19,AND($B71>='Tarif DPD'!$G$19,$B71<='Tarif DPD'!$G$20),'Tarif DPD'!$H$20,AND($B71>='Tarif DPD'!$G$20,$B71<='Tarif DPD'!$G$21),'Tarif DPD'!$H$21,AND($B71>='Tarif DPD'!$G$21,$B71<='Tarif DPD'!$G$22),'Tarif DPD'!$H$22,AND($B71>='Tarif DPD'!$G$22,$B71<='Tarif DPD'!$G$23),'Tarif DPD'!$H$23,AND($B71>='Tarif DPD'!$G$23,$B71<='Tarif DPD'!$G$24),'Tarif DPD'!$H$24,AND($B71>='Tarif DPD'!$G$24,$B71<='Tarif DPD'!$G$25),'Tarif DPD'!$H$25,AND($B71>='Tarif DPD'!$G$25,$B71<='Tarif DPD'!$G$26),'Tarif DPD'!$H$26,AND($B71>='Tarif DPD'!$G$26,$B71<='Tarif DPD'!$G$27),'Tarif DPD'!$H$27,AND($B71>='Tarif DPD'!$G$27,$B71<='Tarif DPD'!$G$28),'Tarif DPD'!$H$28,AND($B71>='Tarif DPD'!$G$28,$B71<='Tarif DPD'!$G$29),'Tarif DPD'!$H$29,AND($B71>='Tarif DPD'!$G$29,$B71<='Tarif DPD'!$G$30),'Tarif DPD'!$H$30,AND($B71>='Tarif DPD'!$G$30,$B71<='Tarif DPD'!$G$31),'Tarif DPD'!$H$31,AND($B71>='Tarif DPD'!$G$31,$B71<='Tarif DPD'!$G$32),'Tarif DPD'!$H$32,AND($B71>='Tarif DPD'!$G$32,$B71<='Tarif DPD'!$G$33),'Tarif DPD'!$H$33,AND($B71>='Tarif DPD'!$G$33,$B71<='Tarif DPD'!$G$34),'Tarif DPD'!$H$34,AND($B71>='Tarif DPD'!$G$34,$B71<='Tarif DPD'!$G$35),'Tarif DPD'!$H$35,AND($B71>='Tarif DPD'!$G$35,$B71<='Tarif DPD'!$G$36),'Tarif DPD'!$H$36,AND($B71>='Tarif DPD'!$G$36,$B71<='Tarif DPD'!$G$37),'Tarif DPD'!$H$37,AND($B71>='Tarif DPD'!$G$37,$B71<='Tarif DPD'!$G$38),'Tarif DPD'!$H$38,AND($B71>='Tarif DPD'!$G$38,$B71<='Tarif DPD'!$G$39),'Tarif DPD'!$H$39,AND($B71>='Tarif DPD'!$G$39,$B71<='Tarif DPD'!$G$40),'Tarif DPD'!$H$40,AND($B71>='Tarif DPD'!$G$40,$B71<='Tarif DPD'!$G$41),'Tarif DPD'!$H$41,AND($B71>='Tarif DPD'!$G$41,$B71<='Tarif DPD'!$G$42),'Tarif DPD'!$H$42,AND($B71>='Tarif DPD'!$G$42,$B71<='Tarif DPD'!$G$43),'Tarif DPD'!$H$43,AND($B71>='Tarif DPD'!$G$43,$B71<='Tarif DPD'!$G$44),'Tarif DPD'!$H$44,AND($B71>='Tarif DPD'!$G$44,$B71<='Tarif DPD'!$G$45),'Tarif DPD'!$H$45,AND($B71>='Tarif DPD'!$G$45,$B71<='Tarif DPD'!$G$46),'Tarif DPD'!$H$46,$B71>'Tarif DPD'!$G$46,"sur devis") -> #NAME? | E71: =_xlfn.IFS(AND(B71>=0,B71<='Tarif Colissimo2'!$A$5),'Tarif Colissimo2'!$B$5,AND(B71>='Tarif Colissimo2'!$A$5,B71<='Tarif Colissimo2'!$A$6),'Tarif Colissimo2'!$B$6,AND(B71>='Tarif Colissimo2'!$A$6,B71<='Tarif Colissimo2'!$A$7),'Tarif Colissimo2'!$B$7,AND(B71>='Tarif Colissimo2'!$A$7,B71<='Tarif Colissimo2'!$A$8),'Tarif Colissimo2'!$B$8,AND(B71>='Tarif Colissimo2'!$A$8,B71<='Tarif Colissimo2'!$A$9),'Tarif Colissimo2'!$B$9,AND(B71>='Tarif Colissimo2'!$A$9,B71<='Tarif Colissimo2'!$A$10),'Tarif Colissimo2'!$B$10,AND(B71>='Tarif Colissimo2'!$A$10,B71<='Tarif Colissimo2'!$A$11),'Tarif Colissimo2'!$B$11,AND(B71>='Tarif Colissimo2'!$A$11,B71<='Tarif Colissimo2'!$A$12),'Tarif Colissimo2'!$B$12,B71>'Tarif Colissimo2'!A78,"Sur devis") -> #NAME?
A72: GG-408 | B72: 0.32 | C72: 19.99 | D72: =_xlfn.IFS(AND($B72>=0,$B72<='Tarif DPD'!$G$17),'Tarif DPD'!$H$17,AND($B72>='Tarif DPD'!$G$17,$B72<='Tarif DPD'!$G$18),'Tarif DPD'!$H$18,AND($B72>='Tarif DPD'!$G$18,$B72<='Tarif DPD'!$G$19),'Tarif DPD'!$H$19,AND($B72>='Tarif DPD'!$G$19,$B72<='Tarif DPD'!$G$20),'Tarif DPD'!$H$20,AND($B72>='Tarif DPD'!$G$20,$B72<='Tarif DPD'!$G$21),'Tarif DPD'!$H$21,AND($B72>='Tarif DPD'!$G$21,$B72<='Tarif DPD'!$G$22),'Tarif DPD'!$H$22,AND($B72>='Tarif DPD'!$G$22,$B72<='Tarif DPD'!$G$23),'Tarif DPD'!$H$23,AND($B72>='Tarif DPD'!$G$23,$B72<='Tarif DPD'!$G$24),'Tarif DPD'!$H$24,AND($B72>='Tarif DPD'!$G$24,$B72<='Tarif DPD'!$G$25),'Tarif DPD'!$H$25,AND($B72>='Tarif DPD'!$G$25,$B72<='Tarif DPD'!$G$26),'Tarif DPD'!$H$26,AND($B72>='Tarif DPD'!$G$26,$B72<='Tarif DPD'!$G$27),'Tarif DPD'!$H$27,AND($B72>='Tarif DPD'!$G$27,$B72<='Tarif DPD'!$G$28),'Tarif DPD'!$H$28,AND($B72>='Tarif DPD'!$G$28,$B72<='Tarif DPD'!$G$29),'Tarif DPD'!$H$29,AND($B72>='Tarif DPD'!$G$29,$B72<='Tarif DPD'!$G$30),'Tarif DPD'!$H$30,AND($B72>='Tarif DPD'!$G$30,$B72<='Tarif DPD'!$G$31),'Tarif DPD'!$H$31,AND($B72>='Tarif DPD'!$G$31,$B72<='Tarif DPD'!$G$32),'Tarif DPD'!$H$32,AND($B72>='Tarif DPD'!$G$32,$B72<='Tarif DPD'!$G$33),'Tarif DPD'!$H$33,AND($B72>='Tarif DPD'!$G$33,$B72<='Tarif DPD'!$G$34),'Tarif DPD'!$H$34,AND($B72>='Tarif DPD'!$G$34,$B72<='Tarif DPD'!$G$35),'Tarif DPD'!$H$35,AND($B72>='Tarif DPD'!$G$35,$B72<='Tarif DPD'!$G$36),'Tarif DPD'!$H$36,AND($B72>='Tarif DPD'!$G$36,$B72<='Tarif DPD'!$G$37),'Tarif DPD'!$H$37,AND($B72>='Tarif DPD'!$G$37,$B72<='Tarif DPD'!$G$38),'Tarif DPD'!$H$38,AND($B72>='Tarif DPD'!$G$38,$B72<='Tarif DPD'!$G$39),'Tarif DPD'!$H$39,AND($B72>='Tarif DPD'!$G$39,$B72<='Tarif DPD'!$G$40),'Tarif DPD'!$H$40,AND($B72>='Tarif DPD'!$G$40,$B72<='Tarif DPD'!$G$41),'Tarif DPD'!$H$41,AND($B72>='Tarif DPD'!$G$41,$B72<='Tarif DPD'!$G$42),'Tarif DPD'!$H$42,AND($B72>='Tarif DPD'!$G$42,$B72<='Tarif DPD'!$G$43),'Tarif DPD'!$H$43,AND($B72>='Tarif DPD'!$G$43,$B72<='Tarif DPD'!$G$44),'Tarif DPD'!$H$44,AND($B72>='Tarif DPD'!$G$44,$B72<='Tarif DPD'!$G$45),'Tarif DPD'!$H$45,AND($B72>='Tarif DPD'!$G$45,$B72<='Tarif DPD'!$G$46),'Tarif DPD'!$H$46,$B72>'Tarif DPD'!$G$46,"sur devis") -> #NAME? | E72: =_xlfn.IFS(AND(B72>=0,B72<='Tarif Colissimo2'!$A$5),'Tarif Colissimo2'!$B$5,AND(B72>='Tarif Colissimo2'!$A$5,B72<='Tarif Colissimo2'!$A$6),'Tarif Colissimo2'!$B$6,AND(B72>='Tarif Colissimo2'!$A$6,B72<='Tarif Colissimo2'!$A$7),'Tarif Colissimo2'!$B$7,AND(B72>='Tarif Colissimo2'!$A$7,B72<='Tarif Colissimo2'!$A$8),'Tarif Colissimo2'!$B$8,AND(B72>='Tarif Colissimo2'!$A$8,B72<='Tarif Colissimo2'!$A$9),'Tarif Colissimo2'!$B$9,AND(B72>='Tarif Colissimo2'!$A$9,B72<='Tarif Colissimo2'!$A$10),'Tarif Colissimo2'!$B$10,AND(B72>='Tarif Colissimo2'!$A$10,B72<='Tarif Colissimo2'!$A$11),'Tarif Colissimo2'!$B$11,AND(B72>='Tarif Colissimo2'!$A$11,B72<='Tarif Colissimo2'!$A$12),'Tarif Colissimo2'!$B$12,B72>'Tarif Colissimo2'!A79,"Sur devis") -> #NAME?
A73: GG-410 | B73: 0.9 | C73: 29.99 | D73: =_xlfn.IFS(AND($B73>=0,$B73<='Tarif DPD'!$G$17),'Tarif DPD'!$H$17,AND($B73>='Tarif DPD'!$G$17,$B73<='Tarif DPD'!$G$18),'Tarif DPD'!$H$18,AND($B73>='Tarif DPD'!$G$18,$B73<='Tarif DPD'!$G$19),'Tarif DPD'!$H$19,AND($B73>='Tarif DPD'!$G$19,$B73<='Tarif DPD'!$G$20),'Tarif DPD'!$H$20,AND($B73>='Tarif DPD'!$G$20,$B73<='Tarif DPD'!$G$21),'Tarif DPD'!$H$21,AND($B73>='Tarif DPD'!$G$21,$B73<='Tarif DPD'!$G$22),'Tarif DPD'!$H$22,AND($B73>='Tarif DPD'!$G$22,$B73<='Tarif DPD'!$G$23),'Tarif DPD'!$H$23,AND($B73>='Tarif DPD'!$G$23,$B73<='Tarif DPD'!$G$24),'Tarif DPD'!$H$24,AND($B73>='Tarif DPD'!$G$24,$B73<='Tarif DPD'!$G$25),'Tarif DPD'!$H$25,AND($B73>='Tarif DPD'!$G$25,$B73<='Tarif DPD'!$G$26),'Tarif DPD'!$H$26,AND($B73>='Tarif DPD'!$G$26,$B73<='Tarif DPD'!$G$27),'Tarif DPD'!$H$27,AND($B73>='Tarif DPD'!$G$27,$B73<='Tarif DPD'!$G$28),'Tarif DPD'!$H$28,AND($B73>='Tarif DPD'!$G$28,$B73<='Tarif DPD'!$G$29),'Tarif DPD'!$H$29,AND($B73>='Tarif DPD'!$G$29,$B73<='Tarif DPD'!$G$30),'Tarif DPD'!$H$30,AND($B73>='Tarif DPD'!$G$30,$B73<='Tarif DPD'!$G$31),'Tarif DPD'!$H$31,AND($B73>='Tarif DPD'!$G$31,$B73<='Tarif DPD'!$G$32),'Tarif DPD'!$H$32,AND($B73>='Tarif DPD'!$G$32,$B73<='Tarif DPD'!$G$33),'Tarif DPD'!$H$33,AND($B73>='Tarif DPD'!$G$33,$B73<='Tarif DPD'!$G$34),'Tarif DPD'!$H$34,AND($B73>='Tarif DPD'!$G$34,$B73<='Tarif DPD'!$G$35),'Tarif DPD'!$H$35,AND($B73>='Tarif DPD'!$G$35,$B73<='Tarif DPD'!$G$36),'Tarif DPD'!$H$36,AND($B73>='Tarif DPD'!$G$36,$B73<='Tarif DPD'!$G$37),'Tarif DPD'!$H$37,AND($B73>='Tarif DPD'!$G$37,$B73<='Tarif DPD'!$G$38),'Tarif DPD'!$H$38,AND($B73>='Tarif DPD'!$G$38,$B73<='Tarif DPD'!$G$39),'Tarif DPD'!$H$39,AND($B73>='Tarif DPD'!$G$39,$B73<='Tarif DPD'!$G$40),'Tarif DPD'!$H$40,AND($B73>='Tarif DPD'!$G$40,$B73<='Tarif DPD'!$G$41),'Tarif DPD'!$H$41,AND($B73>='Tarif DPD'!$G$41,$B73<='Tarif DPD'!$G$42),'Tarif DPD'!$H$42,AND($B73>='Tarif DPD'!$G$42,$B73<='Tarif DPD'!$G$43),'Tarif DPD'!$H$43,AND($B73>='Tarif DPD'!$G$43,$B73<='Tarif DPD'!$G$44),'Tarif DPD'!$H$44,AND($B73>='Tarif DPD'!$G$44,$B73<='Tarif DPD'!$G$45),'Tarif DPD'!$H$45,AND($B73>='Tarif DPD'!$G$45,$B73<='Tarif DPD'!$G$46),'Tarif DPD'!$H$46,$B73>'Tarif DPD'!$G$46,"sur devis") -> #NAME? | E73: =_xlfn.IFS(AND(B73>=0,B73<='Tarif Colissimo2'!$A$5),'Tarif Colissimo2'!$B$5,AND(B73>='Tarif Colissimo2'!$A$5,B73<='Tarif Colissimo2'!$A$6),'Tarif Colissimo2'!$B$6,AND(B73>='Tarif Colissimo2'!$A$6,B73<='Tarif Colissimo2'!$A$7),'Tarif Colissimo2'!$B$7,AND(B73>='Tarif Colissimo2'!$A$7,B73<='Tarif Colissimo2'!$A$8),'Tarif Colissimo2'!$B$8,AND(B73>='Tarif Colissimo2'!$A$8,B73<='Tarif Colissimo2'!$A$9),'Tarif Colissimo2'!$B$9,AND(B73>='Tarif Colissimo2'!$A$9,B73<='Tarif Colissimo2'!$A$10),'Tarif Colissimo2'!$B$10,AND(B73>='Tarif Colissimo2'!$A$10,B73<='Tarif Colissimo2'!$A$11),'Tarif Colissimo2'!$B$11,AND(B73>='Tarif Colissimo2'!$A$11,B73<='Tarif Colissimo2'!$A$12),'Tarif Colissimo2'!$B$12,B73>'Tarif Colissimo2'!A80,"Sur devis") -> #NAME?
A74: GS35134 | C74: 12.99 | D74: =_xlfn.IFS(AND($B74>=0,$B74<='Tarif DPD'!$G$17),'Tarif DPD'!$H$17,AND($B74>='Tarif DPD'!$G$17,$B74<='Tarif DPD'!$G$18),'Tarif DPD'!$H$18,AND($B74>='Tarif DPD'!$G$18,$B74<='Tarif DPD'!$G$19),'Tarif DPD'!$H$19,AND($B74>='Tarif DPD'!$G$19,$B74<='Tarif DPD'!$G$20),'Tarif DPD'!$H$20,AND($B74>='Tarif DPD'!$G$20,$B74<='Tarif DPD'!$G$21),'Tarif DPD'!$H$21,AND($B74>='Tarif DPD'!$G$21,$B74<='Tarif DPD'!$G$22),'Tarif DPD'!$H$22,AND($B74>='Tarif DPD'!$G$22,$B74<='Tarif DPD'!$G$23),'Tarif DPD'!$H$23,AND($B74>='Tarif DPD'!$G$23,$B74<='Tarif DPD'!$G$24),'Tarif DPD'!$H$24,AND($B74>='Tarif DPD'!$G$24,$B74<='Tarif DPD'!$G$25),'Tarif DPD'!$H$25,AND($B74>='Tarif DPD'!$G$25,$B74<='Tarif DPD'!$G$26),'Tarif DPD'!$H$26,AND($B74>='Tarif DPD'!$G$26,$B74<='Tarif DPD'!$G$27),'Tarif DPD'!$H$27,AND($B74>='Tarif DPD'!$G$27,$B74<='Tarif DPD'!$G$28),'Tarif DPD'!$H$28,AND($B74>='Tarif DPD'!$G$28,$B74<='Tarif DPD'!$G$29),'Tarif DPD'!$H$29,AND($B74>='Tarif DPD'!$G$29,$B74<='Tarif DPD'!$G$30),'Tarif DPD'!$H$30,AND($B74>='Tarif DPD'!$G$30,$B74<='Tarif DPD'!$G$31),'Tarif DPD'!$H$31,AND($B74>='Tarif DPD'!$G$31,$B74<='Tarif DPD'!$G$32),'Tarif DPD'!$H$32,AND($B74>='Tarif DPD'!$G$32,$B74<='Tarif DPD'!$G$33),'Tarif DPD'!$H$33,AND($B74>='Tarif DPD'!$G$33,$B74<='Tarif DPD'!$G$34),'Tarif DPD'!$H$34,AND($B74>='Tarif DPD'!$G$34,$B74<='Tarif DPD'!$G$35),'Tarif DPD'!$H$35,AND($B74>='Tarif DPD'!$G$35,$B74<='Tarif DPD'!$G$36),'Tarif DPD'!$H$36,AND($B74>='Tarif DPD'!$G$36,$B74<='Tarif DPD'!$G$37),'Tarif DPD'!$H$37,AND($B74>='Tarif DPD'!$G$37,$B74<='Tarif DPD'!$G$38),'Tarif DPD'!$H$38,AND($B74>='Tarif DPD'!$G$38,$B74<='Tarif DPD'!$G$39),'Tarif DPD'!$H$39,AND($B74>='Tarif DPD'!$G$39,$B74<='Tarif DPD'!$G$40),'Tarif DPD'!$H$40,AND($B74>='Tarif DPD'!$G$40,$B74<='Tarif DPD'!$G$41),'Tarif DPD'!$H$41,AND($B74>='Tarif DPD'!$G$41,$B74<='Tarif DPD'!$G$42),'Tarif DPD'!$H$42,AND($B74>='Tarif DPD'!$G$42,$B74<='Tarif DPD'!$G$43),'Tarif DPD'!$H$43,AND($B74>='Tarif DPD'!$G$43,$B74<='Tarif DPD'!$G$44),'Tarif DPD'!$H$44,AND($B74>='Tarif DPD'!$G$44,$B74<='Tarif DPD'!$G$45),'Tarif DPD'!$H$45,AND($B74>='Tarif DPD'!$G$45,$B74<='Tarif DPD'!$G$46),'Tarif DPD'!$H$46,$B74>'Tarif DPD'!$G$46,"sur devis") -> #NAME? | E74: =_xlfn.IFS(AND(B74>=0,B74<='Tarif Colissimo2'!$A$5),'Tarif Colissimo2'!$B$5,AND(B74>='Tarif Colissimo2'!$A$5,B74<='Tarif Colissimo2'!$A$6),'Tarif Colissimo2'!$B$6,AND(B74>='Tarif Colissimo2'!$A$6,B74<='Tarif Colissimo2'!$A$7),'Tarif Colissimo2'!$B$7,AND(B74>='Tarif Colissimo2'!$A$7,B74<='Tarif Colissimo2'!$A$8),'Tarif Colissimo2'!$B$8,AND(B74>='Tarif Colissimo2'!$A$8,B74<='Tarif Colissimo2'!$A$9),'Tarif Colissimo2'!$B$9,AND(B74>='Tarif Colissimo2'!$A$9,B74<='Tarif Colissimo2'!$A$10),'Tarif Colissimo2'!$B$10,AND(B74>='Tarif Colissimo2'!$A$10,B74<='Tarif Colissimo2'!$A$11),'Tarif Colissimo2'!$B$11,AND(B74>='Tarif Colissimo2'!$A$11,B74<='Tarif Colissimo2'!$A$12),'Tarif Colissimo2'!$B$12,B74>'Tarif Colissimo2'!A81,"Sur devis") -> #NAME?
A75: HY-17KR-BLK | C75: 59.99 | D75: =_xlfn.IFS(AND($B75>=0,$B75<='Tarif DPD'!$G$17),'Tarif DPD'!$H$17,AND($B75>='Tarif DPD'!$G$17,$B75<='Tarif DPD'!$G$18),'Tarif DPD'!$H$18,AND($B75>='Tarif DPD'!$G$18,$B75<='Tarif DPD'!$G$19),'Tarif DPD'!$H$19,AND($B75>='Tarif DPD'!$G$19,$B75<='Tarif DPD'!$G$20),'Tarif DPD'!$H$20,AND($B75>='Tarif DPD'!$G$20,$B75<='Tarif DPD'!$G$21),'Tarif DPD'!$H$21,AND($B75>='Tarif DPD'!$G$21,$B75<='Tarif DPD'!$G$22),'Tarif DPD'!$H$22,AND($B75>='Tarif DPD'!$G$22,$B75<='Tarif DPD'!$G$23),'Tarif DPD'!$H$23,AND($B75>='Tarif DPD'!$G$23,$B75<='Tarif DPD'!$G$24),'Tarif DPD'!$H$24,AND($B75>='Tarif DPD'!$G$24,$B75<='Tarif DPD'!$G$25),'Tarif DPD'!$H$25,AND($B75>='Tarif DPD'!$G$25,$B75<='Tarif DPD'!$G$26),'Tarif DPD'!$H$26,AND($B75>='Tarif DPD'!$G$26,$B75<='Tarif DPD'!$G$27),'Tarif DPD'!$H$27,AND($B75>='Tarif DPD'!$G$27,$B75<='Tarif DPD'!$G$28),'Tarif DPD'!$H$28,AND($B75>='Tarif DPD'!$G$28,$B75<='Tarif DPD'!$G$29),'Tarif DPD'!$H$29,AND($B75>='Tarif DPD'!$G$29,$B75<='Tarif DPD'!$G$30),'Tarif DPD'!$H$30,AND($B75>='Tarif DPD'!$G$30,$B75<='Tarif DPD'!$G$31),'Tarif DPD'!$H$31,AND($B75>='Tarif DPD'!$G$31,$B75<='Tarif DPD'!$G$32),'Tarif DPD'!$H$32,AND($B75>='Tarif DPD'!$G$32,$B75<='Tarif DPD'!$G$33),'Tarif DPD'!$H$33,AND($B75>='Tarif DPD'!$G$33,$B75<='Tarif DPD'!$G$34),'Tarif DPD'!$H$34,AND($B75>='Tarif DPD'!$G$34,$B75<='Tarif DPD'!$G$35),'Tarif DPD'!$H$35,AND($B75>='Tarif DPD'!$G$35,$B75<='Tarif DPD'!$G$36),'Tarif DPD'!$H$36,AND($B75>='Tarif DPD'!$G$36,$B75<='Tarif DPD'!$G$37),'Tarif DPD'!$H$37,AND($B75>='Tarif DPD'!$G$37,$B75<='Tarif DPD'!$G$38),'Tarif DPD'!$H$38,AND($B75>='Tarif DPD'!$G$38,$B75<='Tarif DPD'!$G$39),'Tarif DPD'!$H$39,AND($B75>='Tarif DPD'!$G$39,$B75<='Tarif DPD'!$G$40),'Tarif DPD'!$H$40,AND($B75>='Tarif DPD'!$G$40,$B75<='Tarif DPD'!$G$41),'Tarif DPD'!$H$41,AND($B75>='Tarif DPD'!$G$41,$B75<='Tarif DPD'!$G$42),'Tarif DPD'!$H$42,AND($B75>='Tarif DPD'!$G$42,$B75<='Tarif DPD'!$G$43),'Tarif DPD'!$H$43,AND($B75>='Tarif DPD'!$G$43,$B75<='Tarif DPD'!$G$44),'Tarif DPD'!$H$44,AND($B75>='Tarif DPD'!$G$44,$B75<='Tarif DPD'!$G$45),'Tarif DPD'!$H$45,AND($B75>='Tarif DPD'!$G$45,$B75<='Tarif DPD'!$G$46),'Tarif DPD'!$H$46,$B75>'Tarif DPD'!$G$46,"sur devis") -> #NAME? | E75: =_xlfn.IFS(AND(B75>=0,B75<='Tarif Colissimo2'!$A$5),'Tarif Colissimo2'!$B$5,AND(B75>='Tarif Colissimo2'!$A$5,B75<='Tarif Colissimo2'!$A$6),'Tarif Colissimo2'!$B$6,AND(B75>='Tarif Colissimo2'!$A$6,B75<='Tarif Colissimo2'!$A$7),'Tarif Colissimo2'!$B$7,AND(B75>='Tarif Colissimo2'!$A$7,B75<='Tarif Colissimo2'!$A$8),'Tarif Colissimo2'!$B$8,AND(B75>='Tarif Colissimo2'!$A$8,B75<='Tarif Colissimo2'!$A$9),'Tarif Colissimo2'!$B$9,AND(B75>='Tarif Colissimo2'!$A$9,B75<='Tarif Colissimo2'!$A$10),'Tarif Colissimo2'!$B$10,AND(B75>='Tarif Colissimo2'!$A$10,B75<='Tarif Colissimo2'!$A$11),'Tarif Colissimo2'!$B$11,AND(B75>='Tarif Colissimo2'!$A$11,B75<='Tarif Colissimo2'!$A$12),'Tarif Colissimo2'!$B$12,B75>'Tarif Colissimo2'!A82,"Sur devis") -> #NAME?
A76: HY-ACAT-BLU | B76: 0.3 | C76: 12.99 | D76: =_xlfn.IFS(AND($B76>=0,$B76<='Tarif DPD'!$G$17),'Tarif DPD'!$H$17,AND($B76>='Tarif DPD'!$G$17,$B76<='Tarif DPD'!$G$18),'Tarif DPD'!$H$18,AND($B76>='Tarif DPD'!$G$18,$B76<='Tarif DPD'!$G$19),'Tarif DPD'!$H$19,AND($B76>='Tarif DPD'!$G$19,$B76<='Tarif DPD'!$G$20),'Tarif DPD'!$H$20,AND($B76>='Tarif DPD'!$G$20,$B76<='Tarif DPD'!$G$21),'Tarif DPD'!$H$21,AND($B76>='Tarif DPD'!$G$21,$B76<='Tarif DPD'!$G$22),'Tarif DPD'!$H$22,AND($B76>='Tarif DPD'!$G$22,$B76<='Tarif DPD'!$G$23),'Tarif DPD'!$H$23,AND($B76>='Tarif DPD'!$G$23,$B76<='Tarif DPD'!$G$24),'Tarif DPD'!$H$24,AND($B76>='Tarif DPD'!$G$24,$B76<='Tarif DPD'!$G$25),'Tarif DPD'!$H$25,AND($B76>='Tarif DPD'!$G$25,$B76<='Tarif DPD'!$G$26),'Tarif DPD'!$H$26,AND($B76>='Tarif DPD'!$G$26,$B76<='Tarif DPD'!$G$27),'Tarif DPD'!$H$27,AND($B76>='Tarif DPD'!$G$27,$B76<='Tarif DPD'!$G$28),'Tarif DPD'!$H$28,AND($B76>='Tarif DPD'!$G$28,$B76<='Tarif DPD'!$G$29),'Tarif DPD'!$H$29,AND($B76>='Tarif DPD'!$G$29,$B76<='Tarif DPD'!$G$30),'Tarif DPD'!$H$30,AND($B76>='Tarif DPD'!$G$30,$B76<='Tarif DPD'!$G$31),'Tarif DPD'!$H$31,AND($B76>='Tarif DPD'!$G$31,$B76<='Tarif DPD'!$G$32),'Tarif DPD'!$H$32,AND($B76>='Tarif DPD'!$G$32,$B76<='Tarif DPD'!$G$33),'Tarif DPD'!$H$33,AND($B76>='Tarif DPD'!$G$33,$B76<='Tarif DPD'!$G$34),'Tarif DPD'!$H$34,AND($B76>='Tarif DPD'!$G$34,$B76<='Tarif DPD'!$G$35),'Tarif DPD'!$H$35,AND($B76>='Tarif DPD'!$G$35,$B76<='Tarif DPD'!$G$36),'Tarif DPD'!$H$36,AND($B76>='Tarif DPD'!$G$36,$B76<='Tarif DPD'!$G$37),'Tarif DPD'!$H$37,AND($B76>='Tarif DPD'!$G$37,$B76<='Tarif DPD'!$G$38),'Tarif DPD'!$H$38,AND($B76>='Tarif DPD'!$G$38,$B76<='Tarif DPD'!$G$39),'Tarif DPD'!$H$39,AND($B76>='Tarif DPD'!$G$39,$B76<='Tarif DPD'!$G$40),'Tarif DPD'!$H$40,AND($B76>='Tarif DPD'!$G$40,$B76<='Tarif DPD'!$G$41),'Tarif DPD'!$H$41,AND($B76>='Tarif DPD'!$G$41,$B76<='Tarif DPD'!$G$42),'Tarif DPD'!$H$42,AND($B76>='Tarif DPD'!$G$42,$B76<='Tarif DPD'!$G$43),'Tarif DPD'!$H$43,AND($B76>='Tarif DPD'!$G$43,$B76<='Tarif DPD'!$G$44),'Tarif DPD'!$H$44,AND($B76>='Tarif DPD'!$G$44,$B76<='Tarif DPD'!$G$45),'Tarif DPD'!$H$45,AND($B76>='Tarif DPD'!$G$45,$B76<='Tarif DPD'!$G$46),'Tarif DPD'!$H$46,$B76>'Tarif DPD'!$G$46,"sur devis") -> #NAME? | E76: =_xlfn.IFS(AND(B76>=0,B76<='Tarif Colissimo2'!$A$5),'Tarif Colissimo2'!$B$5,AND(B76>='Tarif Colissimo2'!$A$5,B76<='Tarif Colissimo2'!$A$6),'Tarif Colissimo2'!$B$6,AND(B76>='Tarif Colissimo2'!$A$6,B76<='Tarif Colissimo2'!$A$7),'Tarif Colissimo2'!$B$7,AND(B76>='Tarif Colissimo2'!$A$7,B76<='Tarif Colissimo2'!$A$8),'Tarif Colissimo2'!$B$8,AND(B76>='Tarif Colissimo2'!$A$8,B76<='Tarif Colissimo2'!$A$9),'Tarif Colissimo2'!$B$9,AND(B76>='Tarif Colissimo2'!$A$9,B76<='Tarif Colissimo2'!$A$10),'Tarif Colissimo2'!$B$10,AND(B76>='Tarif Colissimo2'!$A$10,B76<='Tarif Colissimo2'!$A$11),'Tarif Colissimo2'!$B$11,AND(B76>='Tarif Colissimo2'!$A$11,B76<='Tarif Colissimo2'!$A$12),'Tarif Colissimo2'!$B$12,B76>'Tarif Colissimo2'!A83,"Sur devis") -> #NAME?
A77: HY-ACAT-PNK | B77: 0.3 | C77: 12.99 | D77: =_xlfn.IFS(AND($B77>=0,$B77<='Tarif DPD'!$G$17),'Tarif DPD'!$H$17,AND($B77>='Tarif DPD'!$G$17,$B77<='Tarif DPD'!$G$18),'Tarif DPD'!$H$18,AND($B77>='Tarif DPD'!$G$18,$B77<='Tarif DPD'!$G$19),'Tarif DPD'!$H$19,AND($B77>='Tarif DPD'!$G$19,$B77<='Tarif DPD'!$G$20),'Tarif DPD'!$H$20,AND($B77>='Tarif DPD'!$G$20,$B77<='Tarif DPD'!$G$21),'Tarif DPD'!$H$21,AND($B77>='Tarif DPD'!$G$21,$B77<='Tarif DPD'!$G$22),'Tarif DPD'!$H$22,AND($B77>='Tarif DPD'!$G$22,$B77<='Tarif DPD'!$G$23),'Tarif DPD'!$H$23,AND($B77>='Tarif DPD'!$G$23,$B77<='Tarif DPD'!$G$24),'Tarif DPD'!$H$24,AND($B77>='Tarif DPD'!$G$24,$B77<='Tarif DPD'!$G$25),'Tarif DPD'!$H$25,AND($B77>='Tarif DPD'!$G$25,$B77<='Tarif DPD'!$G$26),'Tarif DPD'!$H$26,AND($B77>='Tarif DPD'!$G$26,$B77<='Tarif DPD'!$G$27),'Tarif DPD'!$H$27,AND($B77>='Tarif DPD'!$G$27,$B77<='Tarif DPD'!$G$28),'Tarif DPD'!$H$28,AND($B77>='Tarif DPD'!$G$28,$B77<='Tarif DPD'!$G$29),'Tarif DPD'!$H$29,AND($B77>='Tarif DPD'!$G$29,$B77<='Tarif DPD'!$G$30),'Tarif DPD'!$H$30,AND($B77>='Tarif DPD'!$G$30,$B77<='Tarif DPD'!$G$31),'Tarif DPD'!$H$31,AND($B77>='Tarif DPD'!$G$31,$B77<='Tarif DPD'!$G$32),'Tarif DPD'!$H$32,AND($B77>='Tarif DPD'!$G$32,$B77<='Tarif DPD'!$G$33),'Tarif DPD'!$H$33,AND($B77>='Tarif DPD'!$G$33,$B77<='Tarif DPD'!$G$34),'Tarif DPD'!$H$34,AND($B77>='Tarif DPD'!$G$34,$B77<='Tarif DPD'!$G$35),'Tarif DPD'!$H$35,AND($B77>='Tarif DPD'!$G$35,$B77<='Tarif DPD'!$G$36),'Tarif DPD'!$H$36,AND($B77>='Tarif DPD'!$G$36,$B77<='Tarif DPD'!$G$37),'Tarif DPD'!$H$37,AND($B77>='Tarif DPD'!$G$37,$B77<='Tarif DPD'!$G$38),'Tarif DPD'!$H$38,AND($B77>='Tarif DPD'!$G$38,$B77<='Tarif DPD'!$G$39),'Tarif DPD'!$H$39,AND($B77>='Tarif DPD'!$G$39,$B77<='Tarif DPD'!$G$40),'Tarif DPD'!$H$40,AND($B77>='Tarif DPD'!$G$40,$B77<='Tarif DPD'!$G$41),'Tarif DPD'!$H$41,AND($B77>='Tarif DPD'!$G$41,$B77<='Tarif DPD'!$G$42),'Tarif DPD'!$H$42,AND($B77>='Tarif DPD'!$G$42,$B77<='Tarif DPD'!$G$43),'Tarif DPD'!$H$43,AND($B77>='Tarif DPD'!$G$43,$B77<='Tarif DPD'!$G$44),'Tarif DPD'!$H$44,AND($B77>='Tarif DPD'!$G$44,$B77<='Tarif DPD'!$G$45),'Tarif DPD'!$H$45,AND($B77>='Tarif DPD'!$G$45,$B77<='Tarif DPD'!$G$46),'Tarif DPD'!$H$46,$B77>'Tarif DPD'!$G$46,"sur devis") -> #NAME? | E77: =_xlfn.IFS(AND(B77>=0,B77<='Tarif Colissimo2'!$A$5),'Tarif Colissimo2'!$B$5,AND(B77>='Tarif Colissimo2'!$A$5,B77<='Tarif Colissimo2'!$A$6),'Tarif Colissimo2'!$B$6,AND(B77>='Tarif Colissimo2'!$A$6,B77<='Tarif Colissimo2'!$A$7),'Tarif Colissimo2'!$B$7,AND(B77>='Tarif Colissimo2'!$A$7,B77<='Tarif Colissimo2'!$A$8),'Tarif Colissimo2'!$B$8,AND(B77>='Tarif Colissimo2'!$A$8,B77<='Tarif Colissimo2'!$A$9),'Tarif Colissimo2'!$B$9,AND(B77>='Tarif Colissimo2'!$A$9,B77<='Tarif Colissimo2'!$A$10),'Tarif Colissimo2'!$B$10,AND(B77>='Tarif Colissimo2'!$A$10,B77<='Tarif Colissimo2'!$A$11),'Tarif Colissimo2'!$B$11,AND(B77>='Tarif Colissimo2'!$A$11,B77<='Tarif Colissimo2'!$A$12),'Tarif Colissimo2'!$B$12,B77>'Tarif Colissimo2'!A84,"Sur devis") -> #NAME?
A78: HY-AQB-BLK | B78: 1.389 | C78: 39.99 | D78: =_xlfn.IFS(AND($B78>=0,$B78<='Tarif DPD'!$G$17),'Tarif DPD'!$H$17,AND($B78>='Tarif DPD'!$G$17,$B78<='Tarif DPD'!$G$18),'Tarif DPD'!$H$18,AND($B78>='Tarif DPD'!$G$18,$B78<='Tarif DPD'!$G$19),'Tarif DPD'!$H$19,AND($B78>='Tarif DPD'!$G$19,$B78<='Tarif DPD'!$G$20),'Tarif DPD'!$H$20,AND($B78>='Tarif DPD'!$G$20,$B78<='Tarif DPD'!$G$21),'Tarif DPD'!$H$21,AND($B78>='Tarif DPD'!$G$21,$B78<='Tarif DPD'!$G$22),'Tarif DPD'!$H$22,AND($B78>='Tarif DPD'!$G$22,$B78<='Tarif DPD'!$G$23),'Tarif DPD'!$H$23,AND($B78>='Tarif DPD'!$G$23,$B78<='Tarif DPD'!$G$24),'Tarif DPD'!$H$24,AND($B78>='Tarif DPD'!$G$24,$B78<='Tarif DPD'!$G$25),'Tarif DPD'!$H$25,AND($B78>='Tarif DPD'!$G$25,$B78<='Tarif DPD'!$G$26),'Tarif DPD'!$H$26,AND($B78>='Tarif DPD'!$G$26,$B78<='Tarif DPD'!$G$27),'Tarif DPD'!$H$27,AND($B78>='Tarif DPD'!$G$27,$B78<='Tarif DPD'!$G$28),'Tarif DPD'!$H$28,AND($B78>='Tarif DPD'!$G$28,$B78<='Tarif DPD'!$G$29),'Tarif DPD'!$H$29,AND($B78>='Tarif DPD'!$G$29,$B78<='Tarif DPD'!$G$30),'Tarif DPD'!$H$30,AND($B78>='Tarif DPD'!$G$30,$B78<='Tarif DPD'!$G$31),'Tarif DPD'!$H$31,AND($B78>='Tarif DPD'!$G$31,$B78<='Tarif DPD'!$G$32),'Tarif DPD'!$H$32,AND($B78>='Tarif DPD'!$G$32,$B78<='Tarif DPD'!$G$33),'Tarif DPD'!$H$33,AND($B78>='Tarif DPD'!$G$33,$B78<='Tarif DPD'!$G$34),'Tarif DPD'!$H$34,AND($B78>='Tarif DPD'!$G$34,$B78<='Tarif DPD'!$G$35),'Tarif DPD'!$H$35,AND($B78>='Tarif DPD'!$G$35,$B78<='Tarif DPD'!$G$36),'Tarif DPD'!$H$36,AND($B78>='Tarif DPD'!$G$36,$B78<='Tarif DPD'!$G$37),'Tarif DPD'!$H$37,AND($B78>='Tarif DPD'!$G$37,$B78<='Tarif DPD'!$G$38),'Tarif DPD'!$H$38,AND($B78>='Tarif DPD'!$G$38,$B78<='Tarif DPD'!$G$39),'Tarif DPD'!$H$39,AND($B78>='Tarif DPD'!$G$39,$B78<='Tarif DPD'!$G$40),'Tarif DPD'!$H$40,AND($B78>='Tarif DPD'!$G$40,$B78<='Tarif DPD'!$G$41),'Tarif DPD'!$H$41,AND($B78>='Tarif DPD'!$G$41,$B78<='Tarif DPD'!$G$42),'Tarif DPD'!$H$42,AND($B78>='Tarif DPD'!$G$42,$B78<='Tarif DPD'!$G$43),'Tarif DPD'!$H$43,AND($B78>='Tarif DPD'!$G$43,$B78<='Tarif DPD'!$G$44),'Tarif DPD'!$H$44,AND($B78>='Tarif DPD'!$G$44,$B78<='Tarif DPD'!$G$45),'Tarif DPD'!$H$45,AND($B78>='Tarif DPD'!$G$45,$B78<='Tarif DPD'!$G$46),'Tarif DPD'!$H$46,$B78>'Tarif DPD'!$G$46,"sur devis") -> #NAME? | E78: =_xlfn.IFS(AND(B78>=0,B78<='Tarif Colissimo2'!$A$5),'Tarif Colissimo2'!$B$5,AND(B78>='Tarif Colissimo2'!$A$5,B78<='Tarif Colissimo2'!$A$6),'Tarif Colissimo2'!$B$6,AND(B78>='Tarif Colissimo2'!$A$6,B78<='Tarif Colissimo2'!$A$7),'Tarif Colissimo2'!$B$7,AND(B78>='Tarif Colissimo2'!$A$7,B78<='Tarif Colissimo2'!$A$8),'Tarif Colissimo2'!$B$8,AND(B78>='Tarif Colissimo2'!$A$8,B78<='Tarif Colissimo2'!$A$9),'Tarif Colissimo2'!$B$9,AND(B78>='Tarif Colissimo2'!$A$9,B78<='Tarif Colissimo2'!$A$10),'Tarif Colissimo2'!$B$10,AND(B78>='Tarif Colissimo2'!$A$10,B78<='Tarif Colissimo2'!$A$11),'Tarif Colissimo2'!$B$11,AND(B78>='Tarif Colissimo2'!$A$11,B78<='Tarif Colissimo2'!$A$12),'Tarif Colissimo2'!$B$12,B78>'Tarif Colissimo2'!A85,"Sur devis") -> #NAME?
A79: HY-AQDSC-BLK | B79: 0.246 | C79: 24.99 | D79: =_xlfn.IFS(AND($B79>=0,$B79<='Tarif DPD'!$G$17),'Tarif DPD'!$H$17,AND($B79>='Tarif DPD'!$G$17,$B79<='Tarif DPD'!$G$18),'Tarif DPD'!$H$18,AND($B79>='Tarif DPD'!$G$18,$B79<='Tarif DPD'!$G$19),'Tarif DPD'!$H$19,AND($B79>='Tarif DPD'!$G$19,$B79<='Tarif DPD'!$G$20),'Tarif DPD'!$H$20,AND($B79>='Tarif DPD'!$G$20,$B79<='Tarif DPD'!$G$21),'Tarif DPD'!$H$21,AND($B79>='Tarif DPD'!$G$21,$B79<='Tarif DPD'!$G$22),'Tarif DPD'!$H$22,AND($B79>='Tarif DPD'!$G$22,$B79<='Tarif DPD'!$G$23),'Tarif DPD'!$H$23,AND($B79>='Tarif DPD'!$G$23,$B79<='Tarif DPD'!$G$24),'Tarif DPD'!$H$24,AND($B79>='Tarif DPD'!$G$24,$B79<='Tarif DPD'!$G$25),'Tarif DPD'!$H$25,AND($B79>='Tarif DPD'!$G$25,$B79<='Tarif DPD'!$G$26),'Tarif DPD'!$H$26,AND($B79>='Tarif DPD'!$G$26,$B79<='Tarif DPD'!$G$27),'Tarif DPD'!$H$27,AND($B79>='Tarif DPD'!$G$27,$B79<='Tarif DPD'!$G$28),'Tarif DPD'!$H$28,AND($B79>='Tarif DPD'!$G$28,$B79<='Tarif DPD'!$G$29),'Tarif DPD'!$H$29,AND($B79>='Tarif DPD'!$G$29,$B79<='Tarif DPD'!$G$30),'Tarif DPD'!$H$30,AND($B79>='Tarif DPD'!$G$30,$B79<='Tarif DPD'!$G$31),'Tarif DPD'!$H$31,AND($B79>='Tarif DPD'!$G$31,$B79<='Tarif DPD'!$G$32),'Tarif DPD'!$H$32,AND($B79>='Tarif DPD'!$G$32,$B79<='Tarif DPD'!$G$33),'Tarif DPD'!$H$33,AND($B79>='Tarif DPD'!$G$33,$B79<='Tarif DPD'!$G$34),'Tarif DPD'!$H$34,AND($B79>='Tarif DPD'!$G$34,$B79<='Tarif DPD'!$G$35),'Tarif DPD'!$H$35,AND($B79>='Tarif DPD'!$G$35,$B79<='Tarif DPD'!$G$36),'Tarif DPD'!$H$36,AND($B79>='Tarif DPD'!$G$36,$B79<='Tarif DPD'!$G$37),'Tarif DPD'!$H$37,AND($B79>='Tarif DPD'!$G$37,$B79<='Tarif DPD'!$G$38),'Tarif DPD'!$H$38,AND($B79>='Tarif DPD'!$G$38,$B79<='Tarif DPD'!$G$39),'Tarif DPD'!$H$39,AND($B79>='Tarif DPD'!$G$39,$B79<='Tarif DPD'!$G$40),'Tarif DPD'!$H$40,AND($B79>='Tarif DPD'!$G$40,$B79<='Tarif DPD'!$G$41),'Tarif DPD'!$H$41,AND($B79>='Tarif DPD'!$G$41,$B79<='Tarif DPD'!$G$42),'Tarif DPD'!$H$42,AND($B79>='Tarif DPD'!$G$42,$B79<='Tarif DPD'!$G$43),'Tarif DPD'!$H$43,AND($B79>='Tarif DPD'!$G$43,$B79<='Tarif DPD'!$G$44),'Tarif DPD'!$H$44,AND($B79>='Tarif DPD'!$G$44,$B79<='Tarif DPD'!$G$45),'Tarif DPD'!$H$45,AND($B79>='Tarif DPD'!$G$45,$B79<='Tarif DPD'!$G$46),'Tarif DPD'!$H$46,$B79>'Tarif DPD'!$G$46,"sur devis") -> #NAME? | E79: =_xlfn.IFS(AND(B79>=0,B79<='Tarif Colissimo2'!$A$5),'Tarif Colissimo2'!$B$5,AND(B79>='Tarif Colissimo2'!$A$5,B79<='Tarif Colissimo2'!$A$6),'Tarif Colissimo2'!$B$6,AND(B79>='Tarif Colissimo2'!$A$6,B79<='Tarif Colissimo2'!$A$7),'Tarif Colissimo2'!$B$7,AND(B79>='Tarif Colissimo2'!$A$7,B79<='Tarif Colissimo2'!$A$8),'Tarif Colissimo2'!$B$8,AND(B79>='Tarif Colissimo2'!$A$8,B79<='Tarif Colissimo2'!$A$9),'Tarif Colissimo2'!$B$9,AND(B79>='Tarif Colissimo2'!$A$9,B79<='Tarif Colissimo2'!$A$10),'Tarif Colissimo2'!$B$10,AND(B79>='Tarif Colissimo2'!$A$10,B79<='Tarif Colissimo2'!$A$11),'Tarif Colissimo2'!$B$11,AND(B79>='Tarif Colissimo2'!$A$11,B79<='Tarif Colissimo2'!$A$12),'Tarif Colissimo2'!$B$12,B79>'Tarif Colissimo2'!A86,"Sur devis") -> #NAME?
A80: HY-BMBX-BLK | B80: 2.212 | C80: 39.99 | D80: =_xlfn.IFS(AND($B80>=0,$B80<='Tarif DPD'!$G$17),'Tarif DPD'!$H$17,AND($B80>='Tarif DPD'!$G$17,$B80<='Tarif DPD'!$G$18),'Tarif DPD'!$H$18,AND($B80>='Tarif DPD'!$G$18,$B80<='Tarif DPD'!$G$19),'Tarif DPD'!$H$19,AND($B80>='Tarif DPD'!$G$19,$B80<='Tarif DPD'!$G$20),'Tarif DPD'!$H$20,AND($B80>='Tarif DPD'!$G$20,$B80<='Tarif DPD'!$G$21),'Tarif DPD'!$H$21,AND($B80>='Tarif DPD'!$G$21,$B80<='Tarif DPD'!$G$22),'Tarif DPD'!$H$22,AND($B80>='Tarif DPD'!$G$22,$B80<='Tarif DPD'!$G$23),'Tarif DPD'!$H$23,AND($B80>='Tarif DPD'!$G$23,$B80<='Tarif DPD'!$G$24),'Tarif DPD'!$H$24,AND($B80>='Tarif DPD'!$G$24,$B80<='Tarif DPD'!$G$25),'Tarif DPD'!$H$25,AND($B80>='Tarif DPD'!$G$25,$B80<='Tarif DPD'!$G$26),'Tarif DPD'!$H$26,AND($B80>='Tarif DPD'!$G$26,$B80<='Tarif DPD'!$G$27),'Tarif DPD'!$H$27,AND($B80>='Tarif DPD'!$G$27,$B80<='Tarif DPD'!$G$28),'Tarif DPD'!$H$28,AND($B80>='Tarif DPD'!$G$28,$B80<='Tarif DPD'!$G$29),'Tarif DPD'!$H$29,AND($B80>='Tarif DPD'!$G$29,$B80<='Tarif DPD'!$G$30),'Tarif DPD'!$H$30,AND($B80>='Tarif DPD'!$G$30,$B80<='Tarif DPD'!$G$31),'Tarif DPD'!$H$31,AND($B80>='Tarif DPD'!$G$31,$B80<='Tarif DPD'!$G$32),'Tarif DPD'!$H$32,AND($B80>='Tarif DPD'!$G$32,$B80<='Tarif DPD'!$G$33),'Tarif DPD'!$H$33,AND($B80>='Tarif DPD'!$G$33,$B80<='Tarif DPD'!$G$34),'Tarif DPD'!$H$34,AND($B80>='Tarif DPD'!$G$34,$B80<='Tarif DPD'!$G$35),'Tarif DPD'!$H$35,AND($B80>='Tarif DPD'!$G$35,$B80<='Tarif DPD'!$G$36),'Tarif DPD'!$H$36,AND($B80>='Tarif DPD'!$G$36,$B80<='Tarif DPD'!$G$37),'Tarif DPD'!$H$37,AND($B80>='Tarif DPD'!$G$37,$B80<='Tarif DPD'!$G$38),'Tarif DPD'!$H$38,AND($B80>='Tarif DPD'!$G$38,$B80<='Tarif DPD'!$G$39),'Tarif DPD'!$H$39,AND($B80>='Tarif DPD'!$G$39,$B80<='Tarif DPD'!$G$40),'Tarif DPD'!$H$40,AND($B80>='Tarif DPD'!$G$40,$B80<='Tarif DPD'!$G$41),'Tarif DPD'!$H$41,AND($B80>='Tarif DPD'!$G$41,$B80<='Tarif DPD'!$G$42),'Tarif DPD'!$H$42,AND($B80>='Tarif DPD'!$G$42,$B80<='Tarif DPD'!$G$43),'Tarif DPD'!$H$43,AND($B80>='Tarif DPD'!$G$43,$B80<='Tarif DPD'!$G$44),'Tarif DPD'!$H$44,AND($B80>='Tarif DPD'!$G$44,$B80<='Tarif DPD'!$G$45),'Tarif DPD'!$H$45,AND($B80>='Tarif DPD'!$G$45,$B80<='Tarif DPD'!$G$46),'Tarif DPD'!$H$46,$B80>'Tarif DPD'!$G$46,"sur devis") -> #NAME? | E80: =_xlfn.IFS(AND(B80>=0,B80<='Tarif Colissimo2'!$A$5),'Tarif Colissimo2'!$B$5,AND(B80>='Tarif Colissimo2'!$A$5,B80<='Tarif Colissimo2'!$A$6),'Tarif Colissimo2'!$B$6,AND(B80>='Tarif Colissimo2'!$A$6,B80<='Tarif Colissimo2'!$A$7),'Tarif Colissimo2'!$B$7,AND(B80>='Tarif Colissimo2'!$A$7,B80<='Tarif Colissimo2'!$A$8),'Tarif Colissimo2'!$B$8,AND(B80>='Tarif Colissimo2'!$A$8,B80<='Tarif Colissimo2'!$A$9),'Tarif Colissimo2'!$B$9,AND(B80>='Tarif Colissimo2'!$A$9,B80<='Tarif Colissimo2'!$A$10),'Tarif Colissimo2'!$B$10,AND(B80>='Tarif Colissimo2'!$A$10,B80<='Tarif Colissimo2'!$A$11),'Tarif Colissimo2'!$B$11,AND(B80>='Tarif Colissimo2'!$A$11,B80<='Tarif Colissimo2'!$A$12),'Tarif Colissimo2'!$B$12,B80>'Tarif Colissimo2'!A87,"Sur devis") -> #NAME?
A81: HY-EU-PCH-BLK | C81: 39.99 | D81: =_xlfn.IFS(AND($B81>=0,$B81<='Tarif DPD'!$G$17),'Tarif DPD'!$H$17,AND($B81>='Tarif DPD'!$G$17,$B81<='Tarif DPD'!$G$18),'Tarif DPD'!$H$18,AND($B81>='Tarif DPD'!$G$18,$B81<='Tarif DPD'!$G$19),'Tarif DPD'!$H$19,AND($B81>='Tarif DPD'!$G$19,$B81<='Tarif DPD'!$G$20),'Tarif DPD'!$H$20,AND($B81>='Tarif DPD'!$G$20,$B81<='Tarif DPD'!$G$21),'Tarif DPD'!$H$21,AND($B81>='Tarif DPD'!$G$21,$B81<='Tarif DPD'!$G$22),'Tarif DPD'!$H$22,AND($B81>='Tarif DPD'!$G$22,$B81<='Tarif DPD'!$G$23),'Tarif DPD'!$H$23,AND($B81>='Tarif DPD'!$G$23,$B81<='Tarif DPD'!$G$24),'Tarif DPD'!$H$24,AND($B81>='Tarif DPD'!$G$24,$B81<='Tarif DPD'!$G$25),'Tarif DPD'!$H$25,AND($B81>='Tarif DPD'!$G$25,$B81<='Tarif DPD'!$G$26),'Tarif DPD'!$H$26,AND($B81>='Tarif DPD'!$G$26,$B81<='Tarif DPD'!$G$27),'Tarif DPD'!$H$27,AND($B81>='Tarif DPD'!$G$27,$B81<='Tarif DPD'!$G$28),'Tarif DPD'!$H$28,AND($B81>='Tarif DPD'!$G$28,$B81<='Tarif DPD'!$G$29),'Tarif DPD'!$H$29,AND($B81>='Tarif DPD'!$G$29,$B81<='Tarif DPD'!$G$30),'Tarif DPD'!$H$30,AND($B81>='Tarif DPD'!$G$30,$B81<='Tarif DPD'!$G$31),'Tarif DPD'!$H$31,AND($B81>='Tarif DPD'!$G$31,$B81<='Tarif DPD'!$G$32),'Tarif DPD'!$H$32,AND($B81>='Tarif DPD'!$G$32,$B81<='Tarif DPD'!$G$33),'Tarif DPD'!$H$33,AND($B81>='Tarif DPD'!$G$33,$B81<='Tarif DPD'!$G$34),'Tarif DPD'!$H$34,AND($B81>='Tarif DPD'!$G$34,$B81<='Tarif DPD'!$G$35),'Tarif DPD'!$H$35,AND($B81>='Tarif DPD'!$G$35,$B81<='Tarif DPD'!$G$36),'Tarif DPD'!$H$36,AND($B81>='Tarif DPD'!$G$36,$B81<='Tarif DPD'!$G$37),'Tarif DPD'!$H$37,AND($B81>='Tarif DPD'!$G$37,$B81<='Tarif DPD'!$G$38),'Tarif DPD'!$H$38,AND($B81>='Tarif DPD'!$G$38,$B81<='Tarif DPD'!$G$39),'Tarif DPD'!$H$39,AND($B81>='Tarif DPD'!$G$39,$B81<='Tarif DPD'!$G$40),'Tarif DPD'!$H$40,AND($B81>='Tarif DPD'!$G$40,$B81<='Tarif DPD'!$G$41),'Tarif DPD'!$H$41,AND($B81>='Tarif DPD'!$G$41,$B81<='Tarif DPD'!$G$42),'Tarif DPD'!$H$42,AND($B81>='Tarif DPD'!$G$42,$B81<='Tarif DPD'!$G$43),'Tarif DPD'!$H$43,AND($B81>='Tarif DPD'!$G$43,$B81<='Tarif DPD'!$G$44),'Tarif DPD'!$H$44,AND($B81>='Tarif DPD'!$G$44,$B81<='Tarif DPD'!$G$45),'Tarif DPD'!$H$45,AND($B81>='Tarif DPD'!$G$45,$B81<='Tarif DPD'!$G$46),'Tarif DPD'!$H$46,$B81>'Tarif DPD'!$G$46,"sur devis") -> #NAME? | E81: =_xlfn.IFS(AND(B81>=0,B81<='Tarif Colissimo2'!$A$5),'Tarif Colissimo2'!$B$5,AND(B81>='Tarif Colissimo2'!$A$5,B81<='Tarif Colissimo2'!$A$6),'Tarif Colissimo2'!$B$6,AND(B81>='Tarif Colissimo2'!$A$6,B81<='Tarif Colissimo2'!$A$7),'Tarif Colissimo2'!$B$7,AND(B81>='Tarif Colissimo2'!$A$7,B81<='Tarif Colissimo2'!$A$8),'Tarif Colissimo2'!$B$8,AND(B81>='Tarif Colissimo2'!$A$8,B81<='Tarif Colissimo2'!$A$9),'Tarif Colissimo2'!$B$9,AND(B81>='Tarif Colissimo2'!$A$9,B81<='Tarif Colissimo2'!$A$10),'Tarif Colissimo2'!$B$10,AND(B81>='Tarif Colissimo2'!$A$10,B81<='Tarif Colissimo2'!$A$11),'Tarif Colissimo2'!$B$11,AND(B81>='Tarif Colissimo2'!$A$11,B81<='Tarif Colissimo2'!$A$12),'Tarif Colissimo2'!$B$12,B81>'Tarif Colissimo2'!A88,"Sur devis") -> #NAME?
A82: HY-EU-PCH-WHT | C82: 39.99 | D82: =_xlfn.IFS(AND($B82>=0,$B82<='Tarif DPD'!$G$17),'Tarif DPD'!$H$17,AND($B82>='Tarif DPD'!$G$17,$B82<='Tarif DPD'!$G$18),'Tarif DPD'!$H$18,AND($B82>='Tarif DPD'!$G$18,$B82<='Tarif DPD'!$G$19),'Tarif DPD'!$H$19,AND($B82>='Tarif DPD'!$G$19,$B82<='Tarif DPD'!$G$20),'Tarif DPD'!$H$20,AND($B82>='Tarif DPD'!$G$20,$B82<='Tarif DPD'!$G$21),'Tarif DPD'!$H$21,AND($B82>='Tarif DPD'!$G$21,$B82<='Tarif DPD'!$G$22),'Tarif DPD'!$H$22,AND($B82>='Tarif DPD'!$G$22,$B82<='Tarif DPD'!$G$23),'Tarif DPD'!$H$23,AND($B82>='Tarif DPD'!$G$23,$B82<='Tarif DPD'!$G$24),'Tarif DPD'!$H$24,AND($B82>='Tarif DPD'!$G$24,$B82<='Tarif DPD'!$G$25),'Tarif DPD'!$H$25,AND($B82>='Tarif DPD'!$G$25,$B82<='Tarif DPD'!$G$26),'Tarif DPD'!$H$26,AND($B82>='Tarif DPD'!$G$26,$B82<='Tarif DPD'!$G$27),'Tarif DPD'!$H$27,AND($B82>='Tarif DPD'!$G$27,$B82<='Tarif DPD'!$G$28),'Tarif DPD'!$H$28,AND($B82>='Tarif DPD'!$G$28,$B82<='Tarif DPD'!$G$29),'Tarif DPD'!$H$29,AND($B82>='Tarif DPD'!$G$29,$B82<='Tarif DPD'!$G$30),'Tarif DPD'!$H$30,AND($B82>='Tarif DPD'!$G$30,$B82<='Tarif DPD'!$G$31),'Tarif DPD'!$H$31,AND($B82>='Tarif DPD'!$G$31,$B82<='Tarif DPD'!$G$32),'Tarif DPD'!$H$32,AND($B82>='Tarif DPD'!$G$32,$B82<='Tarif DPD'!$G$33),'Tarif DPD'!$H$33,AND($B82>='Tarif DPD'!$G$33,$B82<='Tarif DPD'!$G$34),'Tarif DPD'!$H$34,AND($B82>='Tarif DPD'!$G$34,$B82<='Tarif DPD'!$G$35),'Tarif DPD'!$H$35,AND($B82>='Tarif DPD'!$G$35,$B82<='Tarif DPD'!$G$36),'Tarif DPD'!$H$36,AND($B82>='Tarif DPD'!$G$36,$B82<='Tarif DPD'!$G$37),'Tarif DPD'!$H$37,AND($B82>='Tarif DPD'!$G$37,$B82<='Tarif DPD'!$G$38),'Tarif DPD'!$H$38,AND($B82>='Tarif DPD'!$G$38,$B82<='Tarif DPD'!$G$39),'Tarif DPD'!$H$39,AND($B82>='Tarif DPD'!$G$39,$B82<='Tarif DPD'!$G$40),'Tarif DPD'!$H$40,AND($B82>='Tarif DPD'!$G$40,$B82<='Tarif DPD'!$G$41),'Tarif DPD'!$H$41,AND($B82>='Tarif DPD'!$G$41,$B82<='Tarif DPD'!$G$42),'Tarif DPD'!$H$42,AND($B82>='Tarif DPD'!$G$42,$B82<='Tarif DPD'!$G$43),'Tarif DPD'!$H$43,AND($B82>='Tarif DPD'!$G$43,$B82<='Tarif DPD'!$G$44),'Tarif DPD'!$H$44,AND($B82>='Tarif DPD'!$G$44,$B82<='Tarif DPD'!$G$45),'Tarif DPD'!$H$45,AND($B82>='Tarif DPD'!$G$45,$B82<='Tarif DPD'!$G$46),'Tarif DPD'!$H$46,$B82>'Tarif DPD'!$G$46,"sur devis") -> #NAME? | E82: =_xlfn.IFS(AND(B82>=0,B82<='Tarif Colissimo2'!$A$5),'Tarif Colissimo2'!$B$5,AND(B82>='Tarif Colissimo2'!$A$5,B82<='Tarif Colissimo2'!$A$6),'Tarif Colissimo2'!$B$6,AND(B82>='Tarif Colissimo2'!$A$6,B82<='Tarif Colissimo2'!$A$7),'Tarif Colissimo2'!$B$7,AND(B82>='Tarif Colissimo2'!$A$7,B82<='Tarif Colissimo2'!$A$8),'Tarif Colissimo2'!$B$8,AND(B82>='Tarif Colissimo2'!$A$8,B82<='Tarif Colissimo2'!$A$9),'Tarif Colissimo2'!$B$9,AND(B82>='Tarif Colissimo2'!$A$9,B82<='Tarif Colissimo2'!$A$10),'Tarif Colissimo2'!$B$10,AND(B82>='Tarif Colissimo2'!$A$10,B82<='Tarif Colissimo2'!$A$11),'Tarif Colissimo2'!$B$11,AND(B82>='Tarif Colissimo2'!$A$11,B82<='Tarif Colissimo2'!$A$12),'Tarif Colissimo2'!$B$12,B82>'Tarif Colissimo2'!A89,"Sur devis") -> #NAME?
